Workbook

Sheet PROPOSED BUDGET SUMMARY F.i
A3: SAFANA LOCAL GOVERNMENT COUNCIL – 2026 PROPOSED BUDGET SUMMARY
E4: ='CHAIR OVERHEAD COST F.xi'!F4 BUDGET SUMMARY 'CHAIR OVERHEAD COST F.xi'!F1 -> #NAME?
B5: Item | C5: 2025 Revised Budget N | D5: 2025 Budget Performance N | E5: 2026 Proposed Budget N
A7: A | B7: Opening Balance | C7: ='CONS. MASTER B. SUMMARY F.ii'!C6 -> 469598399 | E7: ='CONS. MASTER B. SUMMARY F.ii'!E6 -> 2.4525581e+08
A8: B | B8: Recurrent Revenue | C8: =SUM(C9:C10) -> 7.5538692e+09 | D8: =SUM(D9:D10) -> 5.8865778e+09 | E8: =SUM(E9:E10) -> 8.3801566e+09 | F8: =D8/C8*100 -> 77.927982
B9: 1100 -LOCAL GOVERNMENT SHARE OF FAAC | C9: ='SUMMARY OF REVENUE F.iii'!C6 -> 7.4952339e+09 | D9: ='SUMMARY OF REVENUE F.iii'!D6 -> 5.8673004e+09 | E9: ='SUMMARY OF REVENUE F.iii'!E6 -> 8.2791643e+09 | F9: =D9/C9*100 -> 78.280418
B10: 1200-INDEPENDENT REVENUE | C10: ='SUMMARY OF REVENUE F.iii'!C16 -> 58635334 | D10: ='SUMMARY OF REVENUE F.iii'!D16 -> 19277440 | E10: ='SUMMARY OF REVENUE F.iii'!E16 -> 100992369 | F10: =D10/C10*100 -> 32.876832
A12: D | B12: Recurrent Expenditure | C12: =SUM(C13:C14) -> 4.7395612e+09 | D12: =SUM(D13:D14) -> 3.9897444e+09 | E12: =SUM(E13:E14) -> 4.9450334e+09 | F12: =D12/C12*100 -> 84.179616
B13: 2100 - PERSONNEL COST | C13: ='CONS. MASTER B. SUMMARY F.ii'!C19 -> 2396888174 | D13: ='CONS. MASTER B. SUMMARY F.ii'!D19 -> 2.3539358e+09 | E13: ='CONS. MASTER B. SUMMARY F.ii'!E19 -> 3.0258226e+09 | F13: =D13/C13*100 -> 98.207996
B14: 2200 - OTHER RECURRENT COST | C14: ='CONS. MASTER B. SUMMARY F.ii'!C20 -> 2.342673e+09 | D14: ='CONS. MASTER B. SUMMARY F.ii'!D20 -> 1.6358086e+09 | E14: ='CONS. MASTER B. SUMMARY F.ii'!E20 -> 1.9192107e+09 | F14: =D14/C14*100 -> 69.826585
B16: Transfer to Capital Account
A18: C | B18: Capital Receipts | C18: =SUM(C19:C20) -> 0 | D18: =SUM(D19:D20) -> 0 | E18: =SUM(E19:E20) -> 0 | F18: =D18/C18*100 -> #DIV/0!
B19: 1300 - AID AND GRANTS | C19: ='SUMMARY OF REVENUE F.iii'!C118 -> 0 | D19: ='SUMMARY OF REVENUE F.iii'!D118 -> 0 | E19: ='SUMMARY OF REVENUE F.iii'!E118 -> 0 | F19: =D19/C19*100 -> #DIV/0!
B20: 1400- OTHER CAPITAL RECEIPTS | C20: ='CONS. MASTER B. SUMMARY F.ii'!C11 -> 0 | D20: ='CONS. MASTER B. SUMMARY F.ii'!D11 -> 0 | E20: ='CONS. MASTER B. SUMMARY F.ii'!E11 -> 0
A22: E | B22: 3200 - ASSETS (CAPITAL EXPENDITURE) | C22: ='CONS. MASTER B. SUMMARY F.ii'!C27 -> 3.4342924e+09 | D22: ='CONS. MASTER B. SUMMARY F.ii'!D27 -> 1.8837903e+09 | E22: ='CONS. MASTER B. SUMMARY F.ii'!E27 -> 3.6803791e+09 | F22: =D22/C22*100 -> 54.852356
A24: F | B24: Total Revenue | C24: =C7+C8+C18 -> 8.0234676e+09 | D24: =D7+D8+D18 -> 5.8865778e+09 | E24: =E7+E8+E18 -> 8.6254124e+09 | F24: =D24/C24*100 -> 73.367005
A25: G | B25: Total Expenditure | C25: =C12+C22 -> 8.1738536e+09 | D25: =D12+D22 -> 5.8735347e+09 | E25: =E12+E22 -> 8.6254124e+09 | F25: =D25/C25*100 -> 71.857596
B26: Budget Surplus /(Deficit) =A+B+C-D-E | E26: =E7+E8+E18-E12-E22 -> 0

Sheet CONS. MASTER B. SUMMARY F.ii
A2: KATSINA STATE MINISTRY FOR LOCAL GOVERNMENT AND EMIRATE AFFAIRS F.ii
A3: SAFANA LOCAL GOVERNMENT COUNCIL – 2026 CONSOLIDATED MASTER BUDGET SUMMARY
A5: S/N | B5: DETAILS | C5: 2025 Revised Budget N | D5: 2025 Budget Performance N | E5: 2026 Proposed Budget N
A6: 1 | B6: OPENING BALANCE | C6: 469598399 | E6: 2.4525581e+08
A7: 2 | B7: RECEIPTS:
A8: 3 | B8: LG SHARE OF FAAC | C8: ='SUMMARY OF REVENUE F.iii'!C6 -> 7.4952339e+09 | D8: ='SUMMARY OF REVENUE F.iii'!D6 -> 5.8673004e+09 | E8: ='SUMMARY OF REVENUE F.iii'!E6 -> 8.2791643e+09
A9: 4 | B9: INDEPENDENT REVENUE | C9: ='SUMMARY OF REVENUE F.iii'!C16 -> 58635334 | D9: ='SUMMARY OF REVENUE F.iii'!D16 -> 19277440 | E9: ='SUMMARY OF REVENUE F.iii'!E16 -> 100992369
A10: 5 | B10: AID & GRANTS | C10: ='SUMMARY OF REVENUE F.iii'!C118 -> 0 | D10: ='SUMMARY OF REVENUE F.iii'!D118 -> 0 | E10: ='SUMMARY OF REVENUE F.iii'!E118 -> 0
A11: 6 | B11: OTHER CAPITAL RECEIPTS | C11: ='SUMMARY OF REVENUE F.iii'!C128 -> 0 | D11: ='SUMMARY OF REVENUE F.iii'!D128 -> 0 | E11: ='SUMMARY OF REVENUE F.iii'!E128 -> 0
A12: 7 | B12: TOTAL CURRENT YEAR RECEIPTS | C12: =SUM(C8:C11) -> 7.5538692e+09 | D12: =SUM(D8:D11) -> 5.8865778e+09 | E12: =SUM(E8:E11) -> 8.3801566e+09
A13: 8 | B13: TOTAL PROJECTED FUNDS AVAILABLE | C13: =C6+C12 -> 8.0234676e+09 | D13: =D6+D12 -> 5.8865778e+09 | E13: =E6+E12 -> 8.6254124e+09
A14: 9 | B14: EXPENDITURE:
A15: 10 | B15: A: RECURRENT DEBT
A16: 11 | B16: LOANS REPAYMENT | C16: 0 | D16: 0 | E16: 0
A17: 12 | B17: TOTAL RECURRENT DEBT | C17: =C16 -> 0 | D17: =D16 -> 0 | E17: =E16 -> 0
A18: 13 | B18: B: RECURRENT EXPENDITURE - NON-DEBT
A19: 14 | B19: PERSONNEL COSTS | C19: ='SUMMARY OF EXP F.iv'!C7 -> 2396888174 | D19: ='SUMMARY OF EXP F.iv'!D7 -> 2.3539358e+09 | E19: ='SUMMARY OF EXP F.iv'!E7 -> 3.0258226e+09
A20: 15 | B20: OVERHEAD COSTS | C20: ='SUMMARY OF EXP F.iv'!C25 -> 2.342673e+09 | D20: ='SUMMARY OF EXP F.iv'!D25 -> 1.6358086e+09 | E20: ='SUMMARY OF EXP F.iv'!E25 -> 1.9192107e+09
A21: 16 | B21: TOTAL RECURRENT NON-DEBT | C21: =SUM(C19:C20) -> 4.7395612e+09 | D21: =SUM(D19:D20) -> 3.9897444e+09 | E21: =SUM(E19:E20) -> 4.9450334e+09
A22: 17 | B22: TOTAL RECURRENT EXPENDITURE | C22: =C17+C21 -> 4.7395612e+09 | D22: =D17+D21 -> 3.9897444e+09 | E22: =E17+E21 -> 4.9450334e+09
A23: 18 | B23: C: CAPITAL EXPENDITURE BY SECTORS
A24: 19 | B24: ADMINISTRATION SECTOR | C24: ='PMD CAPITAL EXP F.xii'!D6 -> 8.487496e+08 | D24: ='PMD CAPITAL EXP F.xii'!E6 -> 595191800 | E24: ='PMD CAPITAL EXP F.xii'!F6 -> 5.3069055e+08
A25: 20 | B25: ECONOMIC SECTOR | C25: ='AGRIC CAPITAL EXP F.xii'!D6+'FINANCE CAPITAL EXP F.xii'!D6+'WORKS CAPITAL EXP F.xii'!D6 -> 1392900000 | D25: ='AGRIC CAPITAL EXP F.xii'!E6+'FINANCE CAPITAL EXP F.xii'!E6+'WORKS CAPITAL EXP F.xii'!E6 -> 6.1490579e+08 | E25: ='AGRIC CAPITAL EXP F.xii'!F6+'FINANCE CAPITAL EXP F.xii'!F6+'WORKS CAPITAL EXP F.xii'!F6 -> 2.4376885e+09
A26: 21 | B26: SOCIAL SECTOR | C26: ='ESD CAPITAL EXP F.xii'!D6+'PHC CAPITAL EXP F.xii'!D6+'WATSAN CAPITAL EXP F.xii'!D6 -> 1.1926428e+09 | D26: ='ESD CAPITAL EXP F.xii'!E6+'PHC CAPITAL EXP F.xii'!E6+'WATSAN CAPITAL EXP F.xii'!E6 -> 6.7369271e+08 | E26: ='ESD CAPITAL EXP F.xii'!F6+'PHC CAPITAL EXP F.xii'!F6+'WATSAN CAPITAL EXP F.xii'!F6 -> 712000000
A27: 22 | B27: TOTAL CAPITAL EXPENDITURE | C27: =SUM(C24:C26) -> 3.4342924e+09 | D27: =SUM(D24:D26) -> 1.8837903e+09 | E27: =SUM(E24:E26) -> 3.6803791e+09
A28: 23 | B28: TOTAL EXPENDITURE (BUDGET SIZE) | C28: =C22+C27 -> 8.1738536e+09 | D28: =D22+D27 -> 5.8735347e+09 | E28: =E22+E27 -> 8.6254124e+09
A29: 24 | B29: BUDGET SURPLUS/(DEFICIT) | C29: =C13-C28 -> -150385952 | E29: =E13-E28 -> 0
A30: 25 | B30: FINANCE DEFICIT BY:
A31: 26 | B31: INTERNAL LOANS/BORROWINGS
A32: 27 | B32: TOTAL LOANS | C32: =C31 -> 0 | E32: =E31 -> 0
A33: 28 | B33: CLOSING BALANCE | C33: =C13+C32-C28 -> -150385952 | E33: =E13+E32-E28 -> 0

Sheet SUMMARY OF REVENUE F.iii
A1: KATSINA STATE MINISTRY FOR LOCAL GOVERNMENT AND EMIRATE AFFAIRS F.iii
A2: SAFANA LOCAL GOVERNMENT COUNCIL – 2026 BUDGET - SUMMARY OF REVENUE
A4: Code | B4: Economic | C4: 2025 Revised Budget N | D4: 2025 Budget Performance N | E4: 2026 Proposed Budget N
A5: 1 | B5: REVENUE | C5: =C6+C16+C118+C128 -> 7.5538692e+09 | D5: =D6+D16+D118+D128 -> 5.8865778e+09 | E5: =E6+E16+E118+E128 -> 8.3801566e+09
A6: 11 | B6: GOVERNMENT SHARE OF FAAC | C6: =C7 -> 7.4952339e+09 | D6: =D7 -> 5.8673004e+09 | E6: =E7 -> 8.2791643e+09
A7: 1101 | B7: GOVERNMENT SHARE OF FAAC | C7: =C8+C11+C13 -> 7.4952339e+09 | D7: =D8+D11+D13 -> 5.8673004e+09 | E7: =E8+E11+E13 -> 8.2791643e+09
A8: 110101 | B8: LG GOVERNMENT SHARE OF STATUTORY REVENUE | C8: =SUM(C9:C10) -> 5.1673299e+09 | D8: =SUM(D9:D10) -> 3047927607 | E8: =SUM(E9:E10) -> 5.1778542e+09
A9: 11010101 | B9: STATUTORY ALLOCATION: FAAC | C9: 5.1673299e+09 | D9: 3047927607 | E9: 5.1129105e+09
A10: 11010101 | B10: STATUTORY ALLOCATION: STATE IGR | E10: 64943691
A11: 110102 | B11: LG GOVERNMENT SHARE OF VAT | C11: =C12 -> 2327904023 | D11: =D12 -> 2.8193728e+09 | E11: =E12 -> 3.1013101e+09
A12: 11010201 | B12: LG SHARE OF VAT | C12: 2327904023 | D12: 2.8193728e+09 | E12: 3.1013101e+09
A13: 110103 | B13: LG GOVERNMENT SHARE OF OTHER REVENUE | C13: =SUM(C14:C15) -> 0 | D13: =SUM(D14:D15) -> 0 | E13: =SUM(E14:E15) -> 0
A14: 11010301 | B14: EXCESS CRUDE
A15: 11010304 | B15: LG SPECIAL ALLOCATIONS
A16: 12 | B16: INDEPENDENT REVENUE | C16: =C17+C23 -> 58635334 | D16: =D17+D23 -> 19277440 | E16: =E17+E23 -> 100992369
A17: 1201 | B17: TAX REVENUE | C17: =C18 -> 0 | D17: =D18 -> 0 | E17: =E18 -> 0
A18: 120103 | B18: OTHER TAXES | C18: =SUM(C19:C22) -> 0 | D18: =SUM(D19:D22) -> 0 | E18: =SUM(E19:E22) -> 0
A19: 12010301 | B19: STAMP DUTY
A20: 12010303 | B20: DEVELOPMENT TAX/LEVY
A21: 12010305 | B21: LIVESTOCK TAX
A22: 12010306 | B22: OTHER SERVICE TAXES
A23: 12020000 | B23: NON-TAX REVENUE | C23: =C24+C53+C79+C81+C95+C105+C109+C111+C113+C116 -> 58635334 | D23: =D24+D53+D79+D81+D95+D105+D109+D111+D113+D116 -> 19277440 | E23: =E24+E53+E79+E81+E95+E105+E109+E111+E113+E116 -> 100992369
A24: 12020100 | B24: LICENCES – GENERAL | C24: =SUM(C25:C52) -> 1658050 | D24: =SUM(D25:D52) -> 1350 | E24: =SUM(E25:E52) -> 520500
A25: 12020105 | B25: RADIO/TELEVISION STATION LICENCES
A26: 12020109 | B26: REGISTATION OF VOLUNTARY ORGANIZATIONS | C26: 550000 | E26: 150000
A27: 12020111 | B27: BAKE HOUSE LICENCE | C27: 220000 | E27: 35000
A28: 12020113 | B28: BRICKMAKING, ETC LICENCE | C28: 110000 | E28: 110000
A29: 12020114 | B29: CART LICENCES
A30: 12020115 | B30: DANE GUN LICENCES
A31: 12020116 | B31: CATTLE DEALER LICENCES | C31: 200000 | E31: 200000
A32: 12020117 | B32: DRIED FISH & MEAT LICENCES
A33: 12020118 | B33: PET (DOG) LICENCES
A34: 12020119 | B34: FISHING PERMITS
A35: 12020120 | B35: HAWKER'S PERMITS | C35: 220000
A36: 12020121 | B36: HUNTING PERMITS
A37: 12020122 | B37: PRODUCE BUYING LICENCES | C37: 24750
A38: 12020124 | B38: ABBATOIR/SLAUGHTER LICENSES | C38: 217800 | D38: 1350
A39: 12020126 | B39: TRACTOR HIRING SERVICES
A40: 12020128 | B40: BOREHOLE DRILLING LICENCES
A41: 12020129 | B41: POOL BETTING & CASINO LICENCES/GAMING
A42: 12020130 | B42: CINEMATOGRAPH LICENCES | C42: 110000 | E42: 20000
A43: 12020132 | B43: MOTOR VEHICLE LICENCES
A44: 12020134 | B44: PATENT MEDICINE & DRUG STORES LICENCES
A45: 12020135 | B45: PRIVATE SCHOOLS LICENCES
A46: 12020136 | B46: HEALTH FACILITIES LICENCES
A47: 12020137 | B47: TRADE PERMIT LICENCES
A48: 12020138 | B48: FORESTRY/TIMBER LICENCE | C48: 5500 | E48: 5500
A49: 12020141 | B49: TRICYCLE DEALERSHIP LICENCES
A50: 12020142 | B50: MOTORCYCLE DEALERSHIP LICENCES
A51: 12020143 | B51: HIDES AND SKIN LICENCES
A52: 12020145 | B52: RENEWAL OF LICENCES
A53: 12020400 | B53: FEES – GENERAL | C53: =SUM(C54:C78) -> 15079220 | D53: =SUM(D54:D78) -> 10638280 | E53: =SUM(E54:E78) -> 54749795
A54: 12020409 | B54: WEIGHTAND MEASURE FEES
A55: 12020417 | B55: CONTRACTOR REGISTRATION FEES
A56: 12020419 | B56: ATTESTATION OF BACHELORHOOD FEES
A57: 12020427 | B57: TENDER FEES
A58: 12020428 | B58: FIRE SAFETY CERTIFICATE FEES
A59: 12020430 | B59: PROFESSIONAL REGISTRATION FEES
A60: 12020436 | B60: BILL BOARD ADVERTISEMENT FEES | E60: 50000
A61: 12020438 | B61: SURVEY/ PLANNING/ BUILDING FEES | E61: 150000
A62: 12020441 | B62: LABORATORY FEES
A63: 12020442 | B63: ASSOCIATION FEES
A64: 12020443 | B64: BIRTH AND DEATH REGISTRATION FEE | C64: 220000 | E64: 120000
A65: 12020445 | B65: CHANGE OF OWNERSHIP FEES
A66: 12020446 | B66: AGRICULTURAL/VETINARY SERVICES FEES
A67: 12020447 | B67: LAND USE FEES | C67: 3784000 | E67: 200000
A68: 12020448 | B68: DEVELOPMENT LEVIES
A69: 12020449 | B69: BUSINESS/TRADE OPERATING FEES | C69: 545220 | D69: 614475 | E69: 100000
A70: 12020450 | B70: INSPECTION FEES
A71: 12020451 | B71: TIMBER AND FOREST FALLING FEE | C71: 50000 | E71: 20000
A72: 12020453 | B72: APPLICATIONS FEES
A73: 12020463 | B73: HOSPITAL SERVICE REGISTRATION FEES
A74: 12020464 | B74: HOSPITAL SERVICE CHARGES
A75: 12020465 | B75: SPORTS/RECREATIONAL FACILITIES FEES
A76: 12020466 | B76: INDIGENSHIP REGISTRATION FEES | C76: 450000 | D76: 450000 | E76: 650000
A77: 12020470 | B77: FARMLAND REGISTRATION FEES
A78: 12020480 | B78: PROCESSING FEE | C78: 10030000 | D78: 9573805.5 | E78: 53459795
A79: 12020500 | B79: FINES – GENERAL | C79: =C80 -> 0 | D79: =D80 -> 0 | E79: =E80 -> 0
A80: 12020501 | B80: FINES/PENALTIES
A81: 12020600 | B81: SALES – GENERAL | C81: =SUM(C82:C94) -> 24906074 | D81: =SUM(D82:D94) -> 90000 | E81: =SUM(E82:E94) -> 34722074
A82: 12020601 | B82: SALES OF JOURNAL & PUBLICATIONS
A83: 12020602 | B83: SALES OF BOOKS
A84: 12020603 | B84: SALES OF ID CARDS
A85: 12020604 | B85: SALES OF STORES/SCRAPS/UNSERVICABLE ITEMS | C85: 44000 | E85: 1000000
A86: 12020608 | B86: SALES OF IMPROVED SEEDS/CHEMICAL
A87: 12020609 | B87: PROCEEDS FROM SALES OF FARM PRODUCE
A88: 12020611 | B88: PROCEEDS FROM SALES OF GOVT. VEHICLES
A89: 12020612 | B89: PROCEEDS FROM SALES OF DRUGS AND MEDICATIONS | E89: 9000000
A90: 12020614 | B90: PROCEEDS FROM SALES OF GOVT. BUILDING | C90: 24812074 | D90: 90000 | E90: 24722074
A91: 12020615 | B91: SALES OF UNIFORMS
A92: 12020616 | B92: SALES OF FORMS
A93: 12020617 | B93: SALES OF PLAN PHOSTAT PRINT/MAP | C93: 50000
A94: 12020618 | B94: SALES OF REAGENTS & CHEMICALS
A95: 12020700 | B95: EARNINGS – GENERAL | C95: =SUM(C96:C104) -> 9773000 | D95: =SUM(D96:D104) -> 8509500 | E95: =SUM(E96:E104) -> 10750000
A96: 12020701 | B96: EARNINGS FROM CONSULTANCY SERVICES
A97: 12020702 | B97: EARNINGS FROM LABORATORY SERVICES
A98: 12020703 | B98: EARNINGS FROM HIRE OF PLANTS & EQUIPMENT | C98: 7500000 | D98: 7671000 | E98: 8250000
A99: 12020704 | B99: EARNINGS FROM THE USE OF GOVT. VEHICLES | C99: 2240000 | D99: 825000 | E99: 2350000
A100: 12020705 | B100: EARNINGS FROM THE USE OF GOVT. HALLS/OTHERS
A101: 12020707 | B101: EARNINGS FROM MEDICAL SERVICES
...

Sheet SUMMARY OF EXP F.iv
A1: b
A2: SAFANA LOCAL GOVERNMENT COUNCIL – 2026 BUDGET - SUMMARY OF EXPENDITURE
A4: Code | B4: Economic | C4: 2025 Revised Budget N | D4: 2025 Budget Performance N | E4: 2026 Proposed Budget N
B5: Total Expenditure | C5: =C6+C118 -> 8.1738536e+09 | D5: =D6+D118 -> 5.8735347e+09 | E5: =E6+E118 -> 8.6254124e+09
A6: 2 | B6: EXPENDITURES | C6: =C7+C25 -> 4.7395612e+09 | D6: =D7+D25 -> 3.9897444e+09 | E6: =E7+E25 -> 4.9450334e+09
A7: 21 | B7: PERSONNEL COST | C7: =C8+C13+C20 -> 2396888174 | D7: =D8+D13+D20 -> 2.3539358e+09 | E7: =E8+E13+E20 -> 3.0258226e+09
A8: 2101 | B8: SALARY | C8: =C9 -> 1912295458 | D8: =D9 -> 1876529958 | E8: =E9 -> 2.0079514e+09
A9: 210101 | B9: SALARIES AND WAGES | C9: =SUM(C10:C12) -> 1912295458 | D9: =SUM(D10:D12) -> 1876529958 | E9: =SUM(E10:E12) -> 2.0079514e+09
A10: 21010101 | B10: SALARY | C10: ='CHAIR PERSONNEL COST F.x'!C10+'SLT PERSONNEL COST F.x'!C10+'COUNCIL PERSONNEL COST F.x'!C10+'PMD PERSONNEL COST F.x'!C10+'AGRIC PERSONNEL COST F.x'!C10+'FINANCE PERSONNEL COST F.x'!C10+'WORKS PERSONNEL COST F.x'!C10+'ESD PERSONNEL COST F.x'!C10+'ESD PERSONNEL COST F.x'!C11+'PHC PERSONNEL COST F.x'!C10+'WATSAN PERSONNEL COST F.x'!C10+'TRADITIONAL PERSONNEL COST F.x'!C10 -> 1834557563 | D10: ='CHAIR PERSONNEL COST F.x'!D10+'SLT PERSONNEL COST F.x'!D10+'COUNCIL PERSONNEL COST F.x'!D10+'PMD PERSONNEL COST F.x'!D10+'AGRIC PERSONNEL COST F.x'!D10+'FINANCE PERSONNEL COST F.x'!D10+'WORKS PERSONNEL COST F.x'!D10+'ESD PERSONNEL COST F.x'!D10+'ESD PERSONNEL COST F.x'!D11+'PHC PERSONNEL COST F.x'!D10+'WATSAN PERSONNEL COST F.x'!D10+'TRADITIONAL PERSONNEL COST F.x'!D10 -> 1798792063 | E10: ='CHAIR PERSONNEL COST F.x'!E10+'SLT PERSONNEL COST F.x'!E10+'COUNCIL PERSONNEL COST F.x'!E10+'PMD PERSONNEL COST F.x'!E10+'AGRIC PERSONNEL COST F.x'!E10+'FINANCE PERSONNEL COST F.x'!E10+'WORKS PERSONNEL COST F.x'!E10+'ESD PERSONNEL COST F.x'!E10+'ESD PERSONNEL COST F.x'!E11+'PHC PERSONNEL COST F.x'!E10+'WATSAN PERSONNEL COST F.x'!E10+'TRADITIONAL PERSONNEL COST F.x'!E10 -> 1.9302135e+09
A11: 21010102 | B11: OVER TIME PAYMENTS | C11: ='CHAIR PERSONNEL COST F.x'!C11+'SLT PERSONNEL COST F.x'!C11+'COUNCIL PERSONNEL COST F.x'!C11+'PMD PERSONNEL COST F.x'!C11+'AGRIC PERSONNEL COST F.x'!C11+'FINANCE PERSONNEL COST F.x'!C11+'WORKS PERSONNEL COST F.x'!C11+'ESD PERSONNEL COST F.x'!C12+'PHC PERSONNEL COST F.x'!C11+'WATSAN PERSONNEL COST F.x'!C11+'TRADITIONAL PERSONNEL COST F.x'!C11 -> 0 | D11: ='CHAIR PERSONNEL COST F.x'!D11+'SLT PERSONNEL COST F.x'!D11+'COUNCIL PERSONNEL COST F.x'!D11+'PMD PERSONNEL COST F.x'!D11+'AGRIC PERSONNEL COST F.x'!D11+'FINANCE PERSONNEL COST F.x'!D11+'WORKS PERSONNEL COST F.x'!D11+'ESD PERSONNEL COST F.x'!D12+'PHC PERSONNEL COST F.x'!D11+'WATSAN PERSONNEL COST F.x'!D11+'TRADITIONAL PERSONNEL COST F.x'!D11 -> 0 | E11: ='CHAIR PERSONNEL COST F.x'!E11+'SLT PERSONNEL COST F.x'!E11+'COUNCIL PERSONNEL COST F.x'!E11+'PMD PERSONNEL COST F.x'!E11+'AGRIC PERSONNEL COST F.x'!E11+'FINANCE PERSONNEL COST F.x'!E11+'WORKS PERSONNEL COST F.x'!E11+'ESD PERSONNEL COST F.x'!E12+'PHC PERSONNEL COST F.x'!E11+'WATSAN PERSONNEL COST F.x'!E11+'TRADITIONAL PERSONNEL COST F.x'!E11 -> 0
A12: 21010103 | B12: CONSOLIDATED REVENUE FUND CHARGE- SALARIES | C12: ='CHAIR PERSONNEL COST F.x'!C12+'SLT PERSONNEL COST F.x'!C12+'COUNCIL PERSONNEL COST F.x'!C12+'PMD PERSONNEL COST F.x'!C12+'AGRIC PERSONNEL COST F.x'!C12+'FINANCE PERSONNEL COST F.x'!C12+'WORKS PERSONNEL COST F.x'!C12+'ESD PERSONNEL COST F.x'!C13+'PHC PERSONNEL COST F.x'!C12+'WATSAN PERSONNEL COST F.x'!C12+'TRADITIONAL PERSONNEL COST F.x'!C12 -> 77737895 | D12: ='CHAIR PERSONNEL COST F.x'!D12+'SLT PERSONNEL COST F.x'!D12+'COUNCIL PERSONNEL COST F.x'!D12+'PMD PERSONNEL COST F.x'!D12+'AGRIC PERSONNEL COST F.x'!D12+'FINANCE PERSONNEL COST F.x'!D12+'WORKS PERSONNEL COST F.x'!D12+'ESD PERSONNEL COST F.x'!D13+'PHC PERSONNEL COST F.x'!D12+'WATSAN PERSONNEL COST F.x'!D12+'TRADITIONAL PERSONNEL COST F.x'!D12 -> 77737895 | E12: ='CHAIR PERSONNEL COST F.x'!E12+'SLT PERSONNEL COST F.x'!E12+'COUNCIL PERSONNEL COST F.x'!E12+'PMD PERSONNEL COST F.x'!E12+'AGRIC PERSONNEL COST F.x'!E12+'FINANCE PERSONNEL COST F.x'!E12+'WORKS PERSONNEL COST F.x'!E12+'ESD PERSONNEL COST F.x'!E13+'PHC PERSONNEL COST F.x'!E12+'WATSAN PERSONNEL COST F.x'!E12+'TRADITIONAL PERSONNEL COST F.x'!E12 -> 77737895
A13: 2102 | B13: ALLOWANCES AND SOCIAL CONTRIBUTION | C13: =C14+C18 -> 56385952 | D13: =D14+D18 -> 55666352 | E13: =E14+E18 -> 1.16464e+08
A14: 210201 | B14: ALLOWANCES | C14: =SUM(C15:C17) -> 56385952 | D14: =SUM(D15:D17) -> 55666352 | E14: =SUM(E15:E17) -> 1.16464e+08
A15: 21020104 | B15: FURNITURE ALLOWANCE | C15: ='CHAIR PERSONNEL COST F.x'!C15+'SLT PERSONNEL COST F.x'!C15+'COUNCIL PERSONNEL COST F.x'!C15+'PMD PERSONNEL COST F.x'!C15+'AGRIC PERSONNEL COST F.x'!C15+'FINANCE PERSONNEL COST F.x'!C15+'WORKS PERSONNEL COST F.x'!C15+'ESD PERSONNEL COST F.x'!C16+'PHC PERSONNEL COST F.x'!C15+'WATSAN PERSONNEL COST F.x'!C15+'TRADITIONAL PERSONNEL COST F.x'!C15 -> 25385952 | D15: ='CHAIR PERSONNEL COST F.x'!D15+'SLT PERSONNEL COST F.x'!D15+'COUNCIL PERSONNEL COST F.x'!D15+'PMD PERSONNEL COST F.x'!D15+'AGRIC PERSONNEL COST F.x'!D15+'FINANCE PERSONNEL COST F.x'!D15+'WORKS PERSONNEL COST F.x'!D15+'ESD PERSONNEL COST F.x'!D16+'PHC PERSONNEL COST F.x'!D15+'WATSAN PERSONNEL COST F.x'!D15+'TRADITIONAL PERSONNEL COST F.x'!D15 -> 24666352 | E15: ='CHAIR PERSONNEL COST F.x'!E15+'SLT PERSONNEL COST F.x'!E15+'COUNCIL PERSONNEL COST F.x'!E15+'PMD PERSONNEL COST F.x'!E15+'AGRIC PERSONNEL COST F.x'!E15+'FINANCE PERSONNEL COST F.x'!E15+'WORKS PERSONNEL COST F.x'!E15+'ESD PERSONNEL COST F.x'!E16+'PHC PERSONNEL COST F.x'!E15+'WATSAN PERSONNEL COST F.x'!E15+'TRADITIONAL PERSONNEL COST F.x'!E15 -> 0
A16: 21020108 | B16: SEVERANCE ALLOWANCE | C16: ='CHAIR PERSONNEL COST F.x'!C16+'SLT PERSONNEL COST F.x'!C16+'COUNCIL PERSONNEL COST F.x'!C16+'PMD PERSONNEL COST F.x'!C16+'AGRIC PERSONNEL COST F.x'!C16+'FINANCE PERSONNEL COST F.x'!C16+'WORKS PERSONNEL COST F.x'!C16+'ESD PERSONNEL COST F.x'!C17+'PHC PERSONNEL COST F.x'!C16+'WATSAN PERSONNEL COST F.x'!C16+'TRADITIONAL PERSONNEL COST F.x'!C16 -> 0 | D16: ='CHAIR PERSONNEL COST F.x'!D16+'SLT PERSONNEL COST F.x'!D16+'COUNCIL PERSONNEL COST F.x'!D16+'PMD PERSONNEL COST F.x'!D16+'AGRIC PERSONNEL COST F.x'!D16+'FINANCE PERSONNEL COST F.x'!D16+'WORKS PERSONNEL COST F.x'!D16+'ESD PERSONNEL COST F.x'!D17+'PHC PERSONNEL COST F.x'!D16+'WATSAN PERSONNEL COST F.x'!D16+'TRADITIONAL PERSONNEL COST F.x'!D16 -> 0 | E16: ='CHAIR PERSONNEL COST F.x'!E16+'SLT PERSONNEL COST F.x'!E16+'COUNCIL PERSONNEL COST F.x'!E16+'PMD PERSONNEL COST F.x'!E16+'AGRIC PERSONNEL COST F.x'!E16+'FINANCE PERSONNEL COST F.x'!E16+'WORKS PERSONNEL COST F.x'!E16+'ESD PERSONNEL COST F.x'!E17+'PHC PERSONNEL COST F.x'!E16+'WATSAN PERSONNEL COST F.x'!E16+'TRADITIONAL PERSONNEL COST F.x'!E16 -> 0
A17: 21020109 | B17: OTHER ALLOWANCES | C17: ='CHAIR PERSONNEL COST F.x'!C17+'SLT PERSONNEL COST F.x'!C17+'COUNCIL PERSONNEL COST F.x'!C17+'PMD PERSONNEL COST F.x'!C17+'AGRIC PERSONNEL COST F.x'!C17+'FINANCE PERSONNEL COST F.x'!C17+'WORKS PERSONNEL COST F.x'!C17+'ESD PERSONNEL COST F.x'!C18+'PHC PERSONNEL COST F.x'!C17+'WATSAN PERSONNEL COST F.x'!C17+'TRADITIONAL PERSONNEL COST F.x'!C17 -> 31000000 | D17: ='CHAIR PERSONNEL COST F.x'!D17+'SLT PERSONNEL COST F.x'!D17+'COUNCIL PERSONNEL COST F.x'!D17+'PMD PERSONNEL COST F.x'!D17+'AGRIC PERSONNEL COST F.x'!D17+'FINANCE PERSONNEL COST F.x'!D17+'WORKS PERSONNEL COST F.x'!D17+'ESD PERSONNEL COST F.x'!D18+'PHC PERSONNEL COST F.x'!D17+'WATSAN PERSONNEL COST F.x'!D17+'TRADITIONAL PERSONNEL COST F.x'!D17 -> 31000000 | E17: ='CHAIR PERSONNEL COST F.x'!E17+'SLT PERSONNEL COST F.x'!E17+'COUNCIL PERSONNEL COST F.x'!E17+'PMD PERSONNEL COST F.x'!E17+'AGRIC PERSONNEL COST F.x'!E17+'FINANCE PERSONNEL COST F.x'!E17+'WORKS PERSONNEL COST F.x'!E17+'ESD PERSONNEL COST F.x'!E18+'PHC PERSONNEL COST F.x'!E17+'WATSAN PERSONNEL COST F.x'!E17+'TRADITIONAL PERSONNEL COST F.x'!E17 -> 1.16464e+08
A18: 210202 | B18: SOCIAL CONTRIBUTIONS | C18: =C19 -> 0 | D18: =D19 -> 0 | E18: =E19 -> 0
A19: 21020207 | B19: CONTRIBUTION BY LGAs | C19: ='CHAIR PERSONNEL COST F.x'!C19+'SLT PERSONNEL COST F.x'!C19+'COUNCIL PERSONNEL COST F.x'!C19+'PMD PERSONNEL COST F.x'!C19+'AGRIC PERSONNEL COST F.x'!C19+'FINANCE PERSONNEL COST F.x'!C19+'WORKS PERSONNEL COST F.x'!C19+'ESD PERSONNEL COST F.x'!C20+'PHC PERSONNEL COST F.x'!C19+'WATSAN PERSONNEL COST F.x'!C19+'TRADITIONAL PERSONNEL COST F.x'!C19 -> 0 | D19: ='CHAIR PERSONNEL COST F.x'!D19+'SLT PERSONNEL COST F.x'!D19+'COUNCIL PERSONNEL COST F.x'!D19+'PMD PERSONNEL COST F.x'!D19+'AGRIC PERSONNEL COST F.x'!D19+'FINANCE PERSONNEL COST F.x'!D19+'WORKS PERSONNEL COST F.x'!D19+'ESD PERSONNEL COST F.x'!D20+'PHC PERSONNEL COST F.x'!D19+'WATSAN PERSONNEL COST F.x'!D19+'TRADITIONAL PERSONNEL COST F.x'!D19 -> 0 | E19: ='CHAIR PERSONNEL COST F.x'!E19+'SLT PERSONNEL COST F.x'!E19+'COUNCIL PERSONNEL COST F.x'!E19+'PMD PERSONNEL COST F.x'!E19+'AGRIC PERSONNEL COST F.x'!E19+'FINANCE PERSONNEL COST F.x'!E19+'WORKS PERSONNEL COST F.x'!E19+'ESD PERSONNEL COST F.x'!E20+'PHC PERSONNEL COST F.x'!E19+'WATSAN PERSONNEL COST F.x'!E19+'TRADITIONAL PERSONNEL COST F.x'!E19 -> 0
A20: 210301 | B20: SOCIAL BENEFITS | C20: =SUM(C21:C23) -> 428206764 | D20: =SUM(D21:D23) -> 421739529 | E20: =SUM(E21:E23) -> 9.0140726e+08
A21: 21030101 | B21: GRATUITY | C21: ='CHAIR PERSONNEL COST F.x'!C21+'SLT PERSONNEL COST F.x'!C21+'COUNCIL PERSONNEL COST F.x'!C21+'PMD PERSONNEL COST F.x'!C21+'AGRIC PERSONNEL COST F.x'!C21+'FINANCE PERSONNEL COST F.x'!C21+'WORKS PERSONNEL COST F.x'!C21+'ESD PERSONNEL COST F.x'!C22+'PHC PERSONNEL COST F.x'!C21+'WATSAN PERSONNEL COST F.x'!C21+'TRADITIONAL PERSONNEL COST F.x'!C21 -> 20000000 | D21: ='CHAIR PERSONNEL COST F.x'!D21+'SLT PERSONNEL COST F.x'!D21+'COUNCIL PERSONNEL COST F.x'!D21+'PMD PERSONNEL COST F.x'!D21+'AGRIC PERSONNEL COST F.x'!D21+'FINANCE PERSONNEL COST F.x'!D21+'WORKS PERSONNEL COST F.x'!D21+'ESD PERSONNEL COST F.x'!D22+'PHC PERSONNEL COST F.x'!D21+'WATSAN PERSONNEL COST F.x'!D21+'TRADITIONAL PERSONNEL COST F.x'!D21 -> 19898765 | E21: ='CHAIR PERSONNEL COST F.x'!E21+'SLT PERSONNEL COST F.x'!E21+'COUNCIL PERSONNEL COST F.x'!E21+'PMD PERSONNEL COST F.x'!E21+'AGRIC PERSONNEL COST F.x'!E21+'FINANCE PERSONNEL COST F.x'!E21+'WORKS PERSONNEL COST F.x'!E21+'ESD PERSONNEL COST F.x'!E22+'PHC PERSONNEL COST F.x'!E21+'WATSAN PERSONNEL COST F.x'!E21+'TRADITIONAL PERSONNEL COST F.x'!E21 -> 350000000
A22: 21030102 | B22: PENSION | C22: ='CHAIR PERSONNEL COST F.x'!C22+'SLT PERSONNEL COST F.x'!C22+'COUNCIL PERSONNEL COST F.x'!C22+'PMD PERSONNEL COST F.x'!C22+'AGRIC PERSONNEL COST F.x'!C22+'FINANCE PERSONNEL COST F.x'!C22+'WORKS PERSONNEL COST F.x'!C22+'ESD PERSONNEL COST F.x'!C23+'PHC PERSONNEL COST F.x'!C22+'WATSAN PERSONNEL COST F.x'!C22+'TRADITIONAL PERSONNEL COST F.x'!C22 -> 408206764 | D22: ='CHAIR PERSONNEL COST F.x'!D22+'SLT PERSONNEL COST F.x'!D22+'COUNCIL PERSONNEL COST F.x'!D22+'PMD PERSONNEL COST F.x'!D22+'AGRIC PERSONNEL COST F.x'!D22+'FINANCE PERSONNEL COST F.x'!D22+'WORKS PERSONNEL COST F.x'!D22+'ESD PERSONNEL COST F.x'!D23+'PHC PERSONNEL COST F.x'!D22+'WATSAN PERSONNEL COST F.x'!D22+'TRADITIONAL PERSONNEL COST F.x'!D22 -> 401840764 | E22: ='CHAIR PERSONNEL COST F.x'!E22+'SLT PERSONNEL COST F.x'!E22+'COUNCIL PERSONNEL COST F.x'!E22+'PMD PERSONNEL COST F.x'!E22+'AGRIC PERSONNEL COST F.x'!E22+'FINANCE PERSONNEL COST F.x'!E22+'WORKS PERSONNEL COST F.x'!E22+'ESD PERSONNEL COST F.x'!E23+'PHC PERSONNEL COST F.x'!E22+'WATSAN PERSONNEL COST F.x'!E22+'TRADITIONAL PERSONNEL COST F.x'!E22 -> 5.2826809e+08
A23: 21030104 | B23: OTHER BENEFITS | C23: ='CHAIR PERSONNEL COST F.x'!C23+'SLT PERSONNEL COST F.x'!C23+'COUNCIL PERSONNEL COST F.x'!C23+'PMD PERSONNEL COST F.x'!C23+'AGRIC PERSONNEL COST F.x'!C23+'FINANCE PERSONNEL COST F.x'!C27+'WORKS PERSONNEL COST F.x'!C23+'ESD PERSONNEL COST F.x'!C24+'PHC PERSONNEL COST F.x'!C23+'WATSAN PERSONNEL COST F.x'!C23+'TRADITIONAL PERSONNEL COST F.x'!C23 -> 0 | D23: ='CHAIR PERSONNEL COST F.x'!D23+'SLT PERSONNEL COST F.x'!D23+'COUNCIL PERSONNEL COST F.x'!D23+'PMD PERSONNEL COST F.x'!D23+'AGRIC PERSONNEL COST F.x'!D23+'FINANCE PERSONNEL COST F.x'!D27+'WORKS PERSONNEL COST F.x'!D23+'ESD PERSONNEL COST F.x'!D24+'PHC PERSONNEL COST F.x'!D23+'WATSAN PERSONNEL COST F.x'!D23+'TRADITIONAL PERSONNEL COST F.x'!D23 -> 0 | E23: ='CHAIR PERSONNEL COST F.x'!E23+'SLT PERSONNEL COST F.x'!E23+'COUNCIL PERSONNEL COST F.x'!E23+'PMD PERSONNEL COST F.x'!E23+'AGRIC PERSONNEL COST F.x'!E23+'FINANCE PERSONNEL COST F.x'!E27+'WORKS PERSONNEL COST F.x'!E23+'ESD PERSONNEL COST F.x'!E24+'PHC PERSONNEL COST F.x'!E23+'WATSAN PERSONNEL COST F.x'!E23+'TRADITIONAL PERSONNEL COST F.x'!E23 -> 23139165
A25: 22 | B25: OTHER RECURRENT COSTS | C25: =C26+C103+C107+C112 -> 2.342673e+09 | D25: =D26+D103+D107+D112 -> 1.6358086e+09 | E25: =E26+E103+E107+E112 -> 1.9192107e+09
A26: 2202 | B26: OVERHEAD COST | C26: =C27+C32+C40+C54+C63+C66+C72+C81+C85+C88 -> 1909553759 | D26: =D27+D32+D40+D54+D63+D66+D72+D81+D85+D88 -> 1.2272132e+09 | E26: =E27+E32+E40+E54+E63+E66+E72+E81+E85+E88 -> 1.3792738e+09
A27: 220201 | B27: TRAVEL & TRANSPORT – GENERAL | C27: =SUM(C28:C31) -> 53037200 | D27: =SUM(D28:D31) -> 32278949 | E27: =SUM(E28:E31) -> 45500000
A28: 22020101 | B28: LOCAL TRAVEL & TRANSPORT: TRAINING | C28: ='CHAIR OVERHEAD COST F.xi'!C10+'SLT OVERHEAD COST F.xi'!C10+'COUNCIL OVERHEAD COST F.xi'!C10+'PMD OVERHEAD COST F.xi'!C10+'AGRIC OVERHEAD COST F.xi'!C10+'FINANCE OVERHEAD COST F.xi'!C10+'WORKS OVERHEAD COST F.xi'!C10+'ESD OVERHEAD COST F.xi'!C10+'PHC OVERHEAD COST F.xi'!C10+'WATSAN OVERHEAD COST F.xi'!C10+'TRADITIONAL OVERHEAD COST F.xi'!C10 -> 2035000 | D28: ='CHAIR OVERHEAD COST F.xi'!D10+'SLT OVERHEAD COST F.xi'!D10+'COUNCIL OVERHEAD COST F.xi'!D10+'PMD OVERHEAD COST F.xi'!D10+'AGRIC OVERHEAD COST F.xi'!D10+'FINANCE OVERHEAD COST F.xi'!D10+'WORKS OVERHEAD COST F.xi'!D10+'ESD OVERHEAD COST F.xi'!D10+'PHC OVERHEAD COST F.xi'!D10+'WATSAN OVERHEAD COST F.xi'!D10+'TRADITIONAL OVERHEAD COST F.xi'!D10 -> 1743000 | E28: ='CHAIR OVERHEAD COST F.xi'!E10+'SLT OVERHEAD COST F.xi'!E10+'COUNCIL OVERHEAD COST F.xi'!E10+'PMD OVERHEAD COST F.xi'!E10+'AGRIC OVERHEAD COST F.xi'!E10+'FINANCE OVERHEAD COST F.xi'!E10+'WORKS OVERHEAD COST F.xi'!E10+'ESD OVERHEAD COST F.xi'!E10+'PHC OVERHEAD COST F.xi'!E10+'WATSAN OVERHEAD COST F.xi'!E10+'TRADITIONAL OVERHEAD COST F.xi'!E10 -> 3200000
A29: 22020102 | B29: LOCAL TRAVEL & TRANSPORT: OTHERS | C29: ='CHAIR OVERHEAD COST F.xi'!C11+'SLT OVERHEAD COST F.xi'!C11+'COUNCIL OVERHEAD COST F.xi'!C11+'PMD OVERHEAD COST F.xi'!C11+'AGRIC OVERHEAD COST F.xi'!C11+'FINANCE OVERHEAD COST F.xi'!C11+'WORKS OVERHEAD COST F.xi'!C11+'ESD OVERHEAD COST F.xi'!C11+'PHC OVERHEAD COST F.xi'!C11+'WATSAN OVERHEAD COST F.xi'!C11+'TRADITIONAL OVERHEAD COST F.xi'!C11 -> 51002200 | D29: ='CHAIR OVERHEAD COST F.xi'!D11+'SLT OVERHEAD COST F.xi'!D11+'COUNCIL OVERHEAD COST F.xi'!D11+'PMD OVERHEAD COST F.xi'!D11+'AGRIC OVERHEAD COST F.xi'!D11+'FINANCE OVERHEAD COST F.xi'!D11+'WORKS OVERHEAD COST F.xi'!D11+'ESD OVERHEAD COST F.xi'!D11+'PHC OVERHEAD COST F.xi'!D11+'WATSAN OVERHEAD COST F.xi'!D11+'TRADITIONAL OVERHEAD COST F.xi'!D11 -> 30535949 | E29: ='CHAIR OVERHEAD COST F.xi'!E11+'SLT OVERHEAD COST F.xi'!E11+'COUNCIL OVERHEAD COST F.xi'!E11+'PMD OVERHEAD COST F.xi'!E11+'AGRIC OVERHEAD COST F.xi'!E11+'FINANCE OVERHEAD COST F.xi'!E11+'WORKS OVERHEAD COST F.xi'!E11+'ESD OVERHEAD COST F.xi'!E11+'PHC OVERHEAD COST F.xi'!E11+'WATSAN OVERHEAD COST F.xi'!E11+'TRADITIONAL OVERHEAD COST F.xi'!E11 -> 42300000
A30: 22020103 | B30: INTERNATIONAL TRAVEL & TRANSPORT: TRAINING | C30: ='CHAIR OVERHEAD COST F.xi'!C12+'SLT OVERHEAD COST F.xi'!C12+'COUNCIL OVERHEAD COST F.xi'!C12+'PMD OVERHEAD COST F.xi'!C12+'AGRIC OVERHEAD COST F.xi'!C12+'FINANCE OVERHEAD COST F.xi'!C12+'WORKS OVERHEAD COST F.xi'!C12+'ESD OVERHEAD COST F.xi'!C12+'PHC OVERHEAD COST F.xi'!C12+'WATSAN OVERHEAD COST F.xi'!C12+'TRADITIONAL OVERHEAD COST F.xi'!C12 -> 0 | D30: ='CHAIR OVERHEAD COST F.xi'!D12+'SLT OVERHEAD COST F.xi'!D12+'COUNCIL OVERHEAD COST F.xi'!D12+'PMD OVERHEAD COST F.xi'!D12+'AGRIC OVERHEAD COST F.xi'!D12+'FINANCE OVERHEAD COST F.xi'!D12+'WORKS OVERHEAD COST F.xi'!D12+'ESD OVERHEAD COST F.xi'!D12+'PHC OVERHEAD COST F.xi'!D12+'WATSAN OVERHEAD COST F.xi'!D12+'TRADITIONAL OVERHEAD COST F.xi'!D12 -> 0 | E30: ='CHAIR OVERHEAD COST F.xi'!E12+'SLT OVERHEAD COST F.xi'!E12+'COUNCIL OVERHEAD COST F.xi'!E12+'PMD OVERHEAD COST F.xi'!E12+'AGRIC OVERHEAD COST F.xi'!E12+'FINANCE OVERHEAD COST F.xi'!E12+'WORKS OVERHEAD COST F.xi'!E12+'ESD OVERHEAD COST F.xi'!E12+'PHC OVERHEAD COST F.xi'!E12+'WATSAN OVERHEAD COST F.xi'!E12+'TRADITIONAL OVERHEAD COST F.xi'!E12 -> 0
A31: 22020104 | B31: INTERNATIONAL TRAVEL & TRANSPORT: OTHERS | C31: ='CHAIR OVERHEAD COST F.xi'!C13+'SLT OVERHEAD COST F.xi'!C13+'COUNCIL OVERHEAD COST F.xi'!C13+'PMD OVERHEAD COST F.xi'!C13+'AGRIC OVERHEAD COST F.xi'!C13+'FINANCE OVERHEAD COST F.xi'!C13+'WORKS OVERHEAD COST F.xi'!C13+'ESD OVERHEAD COST F.xi'!C13+'PHC OVERHEAD COST F.xi'!C13+'WATSAN OVERHEAD COST F.xi'!C13+'TRADITIONAL OVERHEAD COST F.xi'!C13 -> 0 | D31: ='CHAIR OVERHEAD COST F.xi'!D13+'SLT OVERHEAD COST F.xi'!D13+'COUNCIL OVERHEAD COST F.xi'!D13+'PMD OVERHEAD COST F.xi'!D13+'AGRIC OVERHEAD COST F.xi'!D13+'FINANCE OVERHEAD COST F.xi'!D13+'WORKS OVERHEAD COST F.xi'!D13+'ESD OVERHEAD COST F.xi'!D13+'PHC OVERHEAD COST F.xi'!D13+'WATSAN OVERHEAD COST F.xi'!D13+'TRADITIONAL OVERHEAD COST F.xi'!D13 -> 0 | E31: ='CHAIR OVERHEAD COST F.xi'!E13+'SLT OVERHEAD COST F.xi'!E13+'COUNCIL OVERHEAD COST F.xi'!E13+'PMD OVERHEAD COST F.xi'!E13+'AGRIC OVERHEAD COST F.xi'!E13+'FINANCE OVERHEAD COST F.xi'!E13+'WORKS OVERHEAD COST F.xi'!E13+'ESD OVERHEAD COST F.xi'!E13+'PHC OVERHEAD COST F.xi'!E13+'WATSAN OVERHEAD COST F.xi'!E13+'TRADITIONAL OVERHEAD COST F.xi'!E13 -> 0
A32: 220202 | B32: UTILITIES – GENERAL | C32: =SUM(C33:C39) -> 2250000 | D32: =SUM(D33:D39) -> 1065000 | E32: =SUM(E33:E39) -> 5200000
A33: 22020201 | B33: ELECTRICITY CHARGES | C33: ='CHAIR OVERHEAD COST F.xi'!C15+'SLT OVERHEAD COST F.xi'!C15+'COUNCIL OVERHEAD COST F.xi'!C15+'PMD OVERHEAD COST F.xi'!C15+'AGRIC OVERHEAD COST F.xi'!C15+'FINANCE OVERHEAD COST F.xi'!C15+'WORKS OVERHEAD COST F.xi'!C15+'ESD OVERHEAD COST F.xi'!C15+'PHC OVERHEAD COST F.xi'!C15+'WATSAN OVERHEAD COST F.xi'!C15+'TRADITIONAL OVERHEAD COST F.xi'!C15 -> 2250000 | D33: ='CHAIR OVERHEAD COST F.xi'!D15+'SLT OVERHEAD COST F.xi'!D15+'COUNCIL OVERHEAD COST F.xi'!D15+'PMD OVERHEAD COST F.xi'!D15+'AGRIC OVERHEAD COST F.xi'!D15+'FINANCE OVERHEAD COST F.xi'!D15+'WORKS OVERHEAD COST F.xi'!D15+'ESD OVERHEAD COST F.xi'!D15+'PHC OVERHEAD COST F.xi'!D15+'WATSAN OVERHEAD COST F.xi'!D15+'TRADITIONAL OVERHEAD COST F.xi'!D15 -> 1065000 | E33: ='CHAIR OVERHEAD COST F.xi'!E15+'SLT OVERHEAD COST F.xi'!E15+'COUNCIL OVERHEAD COST F.xi'!E15+'PMD OVERHEAD COST F.xi'!E15+'AGRIC OVERHEAD COST F.xi'!E15+'FINANCE OVERHEAD COST F.xi'!E15+'WORKS OVERHEAD COST F.xi'!E15+'ESD OVERHEAD COST F.xi'!E15+'PHC OVERHEAD COST F.xi'!E15+'WATSAN OVERHEAD COST F.xi'!E15+'TRADITIONAL OVERHEAD COST F.xi'!E15 -> 1500000
A34: 22020202 | B34: TELEPHONE CHARGES | C34: ='CHAIR OVERHEAD COST F.xi'!C16+'SLT OVERHEAD COST F.xi'!C16+'COUNCIL OVERHEAD COST F.xi'!C16+'PMD OVERHEAD COST F.xi'!C16+'AGRIC OVERHEAD COST F.xi'!C16+'FINANCE OVERHEAD COST F.xi'!C16+'WORKS OVERHEAD COST F.xi'!C16+'ESD OVERHEAD COST F.xi'!C16+'PHC OVERHEAD COST F.xi'!C16+'WATSAN OVERHEAD COST F.xi'!C16+'TRADITIONAL OVERHEAD COST F.xi'!C16 -> 0 | D34: ='CHAIR OVERHEAD COST F.xi'!D16+'SLT OVERHEAD COST F.xi'!D16+'COUNCIL OVERHEAD COST F.xi'!D16+'PMD OVERHEAD COST F.xi'!D16+'AGRIC OVERHEAD COST F.xi'!D16+'FINANCE OVERHEAD COST F.xi'!D16+'WORKS OVERHEAD COST F.xi'!D16+'ESD OVERHEAD COST F.xi'!D16+'PHC OVERHEAD COST F.xi'!D16+'WATSAN OVERHEAD COST F.xi'!D16+'TRADITIONAL OVERHEAD COST F.xi'!D16 -> 0 | E34: ='CHAIR OVERHEAD COST F.xi'!E16+'SLT OVERHEAD COST F.xi'!E16+'COUNCIL OVERHEAD COST F.xi'!E16+'PMD OVERHEAD COST F.xi'!E16+'AGRIC OVERHEAD COST F.xi'!E16+'FINANCE OVERHEAD COST F.xi'!E16+'WORKS OVERHEAD COST F.xi'!E16+'ESD OVERHEAD COST F.xi'!E16+'PHC OVERHEAD COST F.xi'!E16+'WATSAN OVERHEAD COST F.xi'!E16+'TRADITIONAL OVERHEAD COST F.xi'!E16 -> 0
A35: 22020203 | B35: INTERNET ACCESS CHARGES | C35: ='CHAIR OVERHEAD COST F.xi'!C17+'SLT OVERHEAD COST F.xi'!C17+'COUNCIL OVERHEAD COST F.xi'!C17+'PMD OVERHEAD COST F.xi'!C17+'AGRIC OVERHEAD COST F.xi'!C17+'FINANCE OVERHEAD COST F.xi'!C17+'WORKS OVERHEAD COST F.xi'!C17+'ESD OVERHEAD COST F.xi'!C17+'PHC OVERHEAD COST F.xi'!C17+'WATSAN OVERHEAD COST F.xi'!C17+'TRADITIONAL OVERHEAD COST F.xi'!C17 -> 0 | D35: ='CHAIR OVERHEAD COST F.xi'!D17+'SLT OVERHEAD COST F.xi'!D17+'COUNCIL OVERHEAD COST F.xi'!D17+'PMD OVERHEAD COST F.xi'!D17+'AGRIC OVERHEAD COST F.xi'!D17+'FINANCE OVERHEAD COST F.xi'!D17+'WORKS OVERHEAD COST F.xi'!D17+'ESD OVERHEAD COST F.xi'!D17+'PHC OVERHEAD COST F.xi'!D17+'WATSAN OVERHEAD COST F.xi'!D17+'TRADITIONAL OVERHEAD COST F.xi'!D17 -> 0 | E35: ='CHAIR OVERHEAD COST F.xi'!E17+'SLT OVERHEAD COST F.xi'!E17+'COUNCIL OVERHEAD COST F.xi'!E17+'PMD OVERHEAD COST F.xi'!E17+'AGRIC OVERHEAD COST F.xi'!E17+'FINANCE OVERHEAD COST F.xi'!E17+'WORKS OVERHEAD COST F.xi'!E17+'ESD OVERHEAD COST F.xi'!E17+'PHC OVERHEAD COST F.xi'!E17+'WATSAN OVERHEAD COST F.xi'!E17+'TRADITIONAL OVERHEAD COST F.xi'!E17 -> 2500000
A36: 22020204 | B36: DSTV SUBSCRIPTION CHARGES | C36: ='CHAIR OVERHEAD COST F.xi'!C18+'SLT OVERHEAD COST F.xi'!C18+'COUNCIL OVERHEAD COST F.xi'!C18+'PMD OVERHEAD COST F.xi'!C18+'AGRIC OVERHEAD COST F.xi'!C18+'FINANCE OVERHEAD COST F.xi'!C18+'WORKS OVERHEAD COST F.xi'!C18+'ESD OVERHEAD COST F.xi'!C18+'PHC OVERHEAD COST F.xi'!C18+'WATSAN OVERHEAD COST F.xi'!C18+'TRADITIONAL OVERHEAD COST F.xi'!C18 -> 0 | D36: ='CHAIR OVERHEAD COST F.xi'!D18+'SLT OVERHEAD COST F.xi'!D18+'COUNCIL OVERHEAD COST F.xi'!D18+'PMD OVERHEAD COST F.xi'!D18+'AGRIC OVERHEAD COST F.xi'!D18+'FINANCE OVERHEAD COST F.xi'!D18+'WORKS OVERHEAD COST F.xi'!D18+'ESD OVERHEAD COST F.xi'!D18+'PHC OVERHEAD COST F.xi'!D18+'WATSAN OVERHEAD COST F.xi'!D18+'TRADITIONAL OVERHEAD COST F.xi'!D18 -> 0 | E36: ='CHAIR OVERHEAD COST F.xi'!E18+'SLT OVERHEAD COST F.xi'!E18+'COUNCIL OVERHEAD COST F.xi'!E18+'PMD OVERHEAD COST F.xi'!E18+'AGRIC OVERHEAD COST F.xi'!E18+'FINANCE OVERHEAD COST F.xi'!E18+'WORKS OVERHEAD COST F.xi'!E18+'ESD OVERHEAD COST F.xi'!E18+'PHC OVERHEAD COST F.xi'!E18+'WATSAN OVERHEAD COST F.xi'!E18+'TRADITIONAL OVERHEAD COST F.xi'!E18 -> 1200000
A37: 22020205 | B37: WATER RATES | C37: ='CHAIR OVERHEAD COST F.xi'!C19+'SLT OVERHEAD COST F.xi'!C19+'COUNCIL OVERHEAD COST F.xi'!C19+'PMD OVERHEAD COST F.xi'!C19+'AGRIC OVERHEAD COST F.xi'!C19+'FINANCE OVERHEAD COST F.xi'!C19+'WORKS OVERHEAD COST F.xi'!C19+'ESD OVERHEAD COST F.xi'!C19+'PHC OVERHEAD COST F.xi'!C19+'WATSAN OVERHEAD COST F.xi'!C19+'TRADITIONAL OVERHEAD COST F.xi'!C19 -> 0 | D37: ='CHAIR OVERHEAD COST F.xi'!D19+'SLT OVERHEAD COST F.xi'!D19+'COUNCIL OVERHEAD COST F.xi'!D19+'PMD OVERHEAD COST F.xi'!D19+'AGRIC OVERHEAD COST F.xi'!D19+'FINANCE OVERHEAD COST F.xi'!D19+'WORKS OVERHEAD COST F.xi'!D19+'ESD OVERHEAD COST F.xi'!D19+'PHC OVERHEAD COST F.xi'!D19+'WATSAN OVERHEAD COST F.xi'!D19+'TRADITIONAL OVERHEAD COST F.xi'!D19 -> 0 | E37: ='CHAIR OVERHEAD COST F.xi'!E19+'SLT OVERHEAD COST F.xi'!E19+'COUNCIL OVERHEAD COST F.xi'!E19+'PMD OVERHEAD COST F.xi'!E19+'AGRIC OVERHEAD COST F.xi'!E19+'FINANCE OVERHEAD COST F.xi'!E19+'WORKS OVERHEAD COST F.xi'!E19+'ESD OVERHEAD COST F.xi'!E19+'PHC OVERHEAD COST F.xi'!E19+'WATSAN OVERHEAD COST F.xi'!E19+'TRADITIONAL OVERHEAD COST F.xi'!E19 -> 0
A38: 22020206 | B38: SEWAGE CHARGES | C38: ='CHAIR OVERHEAD COST F.xi'!C20+'SLT OVERHEAD COST F.xi'!C20+'COUNCIL OVERHEAD COST F.xi'!C20+'PMD OVERHEAD COST F.xi'!C20+'AGRIC OVERHEAD COST F.xi'!C20+'FINANCE OVERHEAD COST F.xi'!C20+'WORKS OVERHEAD COST F.xi'!C20+'ESD OVERHEAD COST F.xi'!C20+'PHC OVERHEAD COST F.xi'!C20+'WATSAN OVERHEAD COST F.xi'!C20+'TRADITIONAL OVERHEAD COST F.xi'!C20 -> 0 | D38: ='CHAIR OVERHEAD COST F.xi'!D20+'SLT OVERHEAD COST F.xi'!D20+'COUNCIL OVERHEAD COST F.xi'!D20+'PMD OVERHEAD COST F.xi'!D20+'AGRIC OVERHEAD COST F.xi'!D20+'FINANCE OVERHEAD COST F.xi'!D20+'WORKS OVERHEAD COST F.xi'!D20+'ESD OVERHEAD COST F.xi'!D20+'PHC OVERHEAD COST F.xi'!D20+'WATSAN OVERHEAD COST F.xi'!D20+'TRADITIONAL OVERHEAD COST F.xi'!D20 -> 0 | E38: ='CHAIR OVERHEAD COST F.xi'!E20+'SLT OVERHEAD COST F.xi'!E20+'COUNCIL OVERHEAD COST F.xi'!E20+'PMD OVERHEAD COST F.xi'!E20+'AGRIC OVERHEAD COST F.xi'!E20+'FINANCE OVERHEAD COST F.xi'!E20+'WORKS OVERHEAD COST F.xi'!E20+'ESD OVERHEAD COST F.xi'!E20+'PHC OVERHEAD COST F.xi'!E20+'WATSAN OVERHEAD COST F.xi'!E20+'TRADITIONAL OVERHEAD COST F.xi'!E20 -> 0
A39: 22020210 | B39: SOFTWARE CHARGES/ LICENCE RENEWAL | C39: ='CHAIR OVERHEAD COST F.xi'!C21+'SLT OVERHEAD COST F.xi'!C21+'COUNCIL OVERHEAD COST F.xi'!C21+'PMD OVERHEAD COST F.xi'!C21+'AGRIC OVERHEAD COST F.xi'!C21+'FINANCE OVERHEAD COST F.xi'!C21+'WORKS OVERHEAD COST F.xi'!C21+'ESD OVERHEAD COST F.xi'!C21+'PHC OVERHEAD COST F.xi'!C21+'WATSAN OVERHEAD COST F.xi'!C21+'TRADITIONAL OVERHEAD COST F.xi'!C21 -> 0 | D39: ='CHAIR OVERHEAD COST F.xi'!D21+'SLT OVERHEAD COST F.xi'!D21+'COUNCIL OVERHEAD COST F.xi'!D21+'PMD OVERHEAD COST F.xi'!D21+'AGRIC OVERHEAD COST F.xi'!D21+'FINANCE OVERHEAD COST F.xi'!D21+'WORKS OVERHEAD COST F.xi'!D21+'ESD OVERHEAD COST F.xi'!D21+'PHC OVERHEAD COST F.xi'!D21+'WATSAN OVERHEAD COST F.xi'!D21+'TRADITIONAL OVERHEAD COST F.xi'!D21 -> 0 | E39: ='CHAIR OVERHEAD COST F.xi'!E21+'SLT OVERHEAD COST F.xi'!E21+'COUNCIL OVERHEAD COST F.xi'!E21+'PMD OVERHEAD COST F.xi'!E21+'AGRIC OVERHEAD COST F.xi'!E21+'FINANCE OVERHEAD COST F.xi'!E21+'WORKS OVERHEAD COST F.xi'!E21+'ESD OVERHEAD COST F.xi'!E21+'PHC OVERHEAD COST F.xi'!E21+'WATSAN OVERHEAD COST F.xi'!E21+'TRADITIONAL OVERHEAD COST F.xi'!E21 -> 0
A40: 220203 | B40: MATERIALS & SUPPLIES – GENERAL | C40: =SUM(C41:C53) -> 255025040 | D40: =SUM(D41:D53) -> 1.3902866e+08 | E40: =SUM(E41:E53) -> 339186040
A41: 22020301 | B41: OFFICE STATIONERIES/CONSUMABLES | C41: ='CHAIR OVERHEAD COST F.xi'!C23+'SLT OVERHEAD COST F.xi'!C23+'COUNCIL OVERHEAD COST F.xi'!C23+'PMD OVERHEAD COST F.xi'!C23+'AGRIC OVERHEAD COST F.xi'!C23+'FINANCE OVERHEAD COST F.xi'!C23+'WORKS OVERHEAD COST F.xi'!C23+'ESD OVERHEAD COST F.xi'!C23+'PHC OVERHEAD COST F.xi'!C23+'WATSAN OVERHEAD COST F.xi'!C23+'TRADITIONAL OVERHEAD COST F.xi'!C23 -> 17270000 | D41: ='CHAIR OVERHEAD COST F.xi'!D23+'SLT OVERHEAD COST F.xi'!D23+'COUNCIL OVERHEAD COST F.xi'!D23+'PMD OVERHEAD COST F.xi'!D23+'AGRIC OVERHEAD COST F.xi'!D23+'FINANCE OVERHEAD COST F.xi'!D23+'WORKS OVERHEAD COST F.xi'!D23+'ESD OVERHEAD COST F.xi'!D23+'PHC OVERHEAD COST F.xi'!D23+'WATSAN OVERHEAD COST F.xi'!D23+'TRADITIONAL OVERHEAD COST F.xi'!D23 -> 14017479 | E41: ='CHAIR OVERHEAD COST F.xi'!E23+'SLT OVERHEAD COST F.xi'!E23+'COUNCIL OVERHEAD COST F.xi'!E23+'PMD OVERHEAD COST F.xi'!E23+'AGRIC OVERHEAD COST F.xi'!E23+'FINANCE OVERHEAD COST F.xi'!E23+'WORKS OVERHEAD COST F.xi'!E23+'ESD OVERHEAD COST F.xi'!E23+'PHC OVERHEAD COST F.xi'!E23+'WATSAN OVERHEAD COST F.xi'!E23+'TRADITIONAL OVERHEAD COST F.xi'!E23 -> 18020000
A42: 22020302 | B42: BOOKS | C42: ='CHAIR OVERHEAD COST F.xi'!C24+'SLT OVERHEAD COST F.xi'!C24+'COUNCIL OVERHEAD COST F.xi'!C24+'PMD OVERHEAD COST F.xi'!C24+'AGRIC OVERHEAD COST F.xi'!C24+'FINANCE OVERHEAD COST F.xi'!C24+'WORKS OVERHEAD COST F.xi'!C24+'ESD OVERHEAD COST F.xi'!C24+'PHC OVERHEAD COST F.xi'!C24+'WATSAN OVERHEAD COST F.xi'!C24+'TRADITIONAL OVERHEAD COST F.xi'!C24 -> 0 | D42: ='CHAIR OVERHEAD COST F.xi'!D24+'SLT OVERHEAD COST F.xi'!D24+'COUNCIL OVERHEAD COST F.xi'!D24+'PMD OVERHEAD COST F.xi'!D24+'AGRIC OVERHEAD COST F.xi'!D24+'FINANCE OVERHEAD COST F.xi'!D24+'WORKS OVERHEAD COST F.xi'!D24+'ESD OVERHEAD COST F.xi'!D24+'PHC OVERHEAD COST F.xi'!D24+'WATSAN OVERHEAD COST F.xi'!D24+'TRADITIONAL OVERHEAD COST F.xi'!D24 -> 0 | E42: ='CHAIR OVERHEAD COST F.xi'!E24+'SLT OVERHEAD COST F.xi'!E24+'COUNCIL OVERHEAD COST F.xi'!E24+'PMD OVERHEAD COST F.xi'!E24+'AGRIC OVERHEAD COST F.xi'!E24+'FINANCE OVERHEAD COST F.xi'!E24+'WORKS OVERHEAD COST F.xi'!E24+'ESD OVERHEAD COST F.xi'!E24+'PHC OVERHEAD COST F.xi'!E24+'WATSAN OVERHEAD COST F.xi'!E24+'TRADITIONAL OVERHEAD COST F.xi'!E24 -> 0
A43: 22020303 | B43: NEWSPAPERS | C43: ='CHAIR OVERHEAD COST F.xi'!C25+'SLT OVERHEAD COST F.xi'!C25+'COUNCIL OVERHEAD COST F.xi'!C25+'PMD OVERHEAD COST F.xi'!C25+'AGRIC OVERHEAD COST F.xi'!C25+'FINANCE OVERHEAD COST F.xi'!C25+'WORKS OVERHEAD COST F.xi'!C25+'ESD OVERHEAD COST F.xi'!C25+'PHC OVERHEAD COST F.xi'!C25+'WATSAN OVERHEAD COST F.xi'!C25+'TRADITIONAL OVERHEAD COST F.xi'!C25 -> 0 | D43: ='CHAIR OVERHEAD COST F.xi'!D25+'SLT OVERHEAD COST F.xi'!D25+'COUNCIL OVERHEAD COST F.xi'!D25+'PMD OVERHEAD COST F.xi'!D25+'AGRIC OVERHEAD COST F.xi'!D25+'FINANCE OVERHEAD COST F.xi'!D25+'WORKS OVERHEAD COST F.xi'!D25+'ESD OVERHEAD COST F.xi'!D25+'PHC OVERHEAD COST F.xi'!D25+'WATSAN OVERHEAD COST F.xi'!D25+'TRADITIONAL OVERHEAD COST F.xi'!D25 -> 0 | E43: ='CHAIR OVERHEAD COST F.xi'!E25+'SLT OVERHEAD COST F.xi'!E25+'COUNCIL OVERHEAD COST F.xi'!E25+'PMD OVERHEAD COST F.xi'!E25+'AGRIC OVERHEAD COST F.xi'!E25+'FINANCE OVERHEAD COST F.xi'!E25+'WORKS OVERHEAD COST F.xi'!E25+'ESD OVERHEAD COST F.xi'!E25+'PHC OVERHEAD COST F.xi'!E25+'WATSAN OVERHEAD COST F.xi'!E25+'TRADITIONAL OVERHEAD COST F.xi'!E25 -> 0
A44: 22020304 | B44: MAGAZINES & PERIODICALS | C44: ='CHAIR OVERHEAD COST F.xi'!C26+'SLT OVERHEAD COST F.xi'!C26+'COUNCIL OVERHEAD COST F.xi'!C26+'PMD OVERHEAD COST F.xi'!C26+'AGRIC OVERHEAD COST F.xi'!C26+'FINANCE OVERHEAD COST F.xi'!C26+'WORKS OVERHEAD COST F.xi'!C26+'ESD OVERHEAD COST F.xi'!C26+'PHC OVERHEAD COST F.xi'!C26+'WATSAN OVERHEAD COST F.xi'!C26+'TRADITIONAL OVERHEAD COST F.xi'!C26 -> 0 | D44: ='CHAIR OVERHEAD COST F.xi'!D26+'SLT OVERHEAD COST F.xi'!D26+'COUNCIL OVERHEAD COST F.xi'!D26+'PMD OVERHEAD COST F.xi'!D26+'AGRIC OVERHEAD COST F.xi'!D26+'FINANCE OVERHEAD COST F.xi'!D26+'WORKS OVERHEAD COST F.xi'!D26+'ESD OVERHEAD COST F.xi'!D26+'PHC OVERHEAD COST F.xi'!D26+'WATSAN OVERHEAD COST F.xi'!D26+'TRADITIONAL OVERHEAD COST F.xi'!D26 -> 0 | E44: ='CHAIR OVERHEAD COST F.xi'!E26+'SLT OVERHEAD COST F.xi'!E26+'COUNCIL OVERHEAD COST F.xi'!E26+'PMD OVERHEAD COST F.xi'!E26+'AGRIC OVERHEAD COST F.xi'!E26+'FINANCE OVERHEAD COST F.xi'!E26+'WORKS OVERHEAD COST F.xi'!E26+'ESD OVERHEAD COST F.xi'!E26+'PHC OVERHEAD COST F.xi'!E26+'WATSAN OVERHEAD COST F.xi'!E26+'TRADITIONAL OVERHEAD COST F.xi'!E26 -> 0
A45: 22020305 | B45: PRINTING OF NON-SECURITY DOCUMENTS | C45: ='CHAIR OVERHEAD COST F.xi'!C27+'SLT OVERHEAD COST F.xi'!C27+'COUNCIL OVERHEAD COST F.xi'!C27+'PMD OVERHEAD COST F.xi'!C27+'AGRIC OVERHEAD COST F.xi'!C27+'FINANCE OVERHEAD COST F.xi'!C27+'WORKS OVERHEAD COST F.xi'!C27+'ESD OVERHEAD COST F.xi'!C27+'PHC OVERHEAD COST F.xi'!C27+'WATSAN OVERHEAD COST F.xi'!C27+'TRADITIONAL OVERHEAD COST F.xi'!C27 -> 0 | D45: ='CHAIR OVERHEAD COST F.xi'!D27+'SLT OVERHEAD COST F.xi'!D27+'COUNCIL OVERHEAD COST F.xi'!D27+'PMD OVERHEAD COST F.xi'!D27+'AGRIC OVERHEAD COST F.xi'!D27+'FINANCE OVERHEAD COST F.xi'!D27+'WORKS OVERHEAD COST F.xi'!D27+'ESD OVERHEAD COST F.xi'!D27+'PHC OVERHEAD COST F.xi'!D27+'WATSAN OVERHEAD COST F.xi'!D27+'TRADITIONAL OVERHEAD COST F.xi'!D27 -> 0 | E45: ='CHAIR OVERHEAD COST F.xi'!E27+'SLT OVERHEAD COST F.xi'!E27+'COUNCIL OVERHEAD COST F.xi'!E27+'PMD OVERHEAD COST F.xi'!E27+'AGRIC OVERHEAD COST F.xi'!E27+'FINANCE OVERHEAD COST F.xi'!E27+'WORKS OVERHEAD COST F.xi'!E27+'ESD OVERHEAD COST F.xi'!E27+'PHC OVERHEAD COST F.xi'!E27+'WATSAN OVERHEAD COST F.xi'!E27+'TRADITIONAL OVERHEAD COST F.xi'!E27 -> 0
A46: 22020306 | B46: PRINTING OF SECURITY DOCUMENTS | C46: ='CHAIR OVERHEAD COST F.xi'!C28+'SLT OVERHEAD COST F.xi'!C28+'COUNCIL OVERHEAD COST F.xi'!C28+'PMD OVERHEAD COST F.xi'!C28+'AGRIC OVERHEAD COST F.xi'!C28+'FINANCE OVERHEAD COST F.xi'!C28+'WORKS OVERHEAD COST F.xi'!C28+'ESD OVERHEAD COST F.xi'!C28+'PHC OVERHEAD COST F.xi'!C28+'WATSAN OVERHEAD COST F.xi'!C28+'TRADITIONAL OVERHEAD COST F.xi'!C28 -> 0 | D46: ='CHAIR OVERHEAD COST F.xi'!D28+'SLT OVERHEAD COST F.xi'!D28+'COUNCIL OVERHEAD COST F.xi'!D28+'PMD OVERHEAD COST F.xi'!D28+'AGRIC OVERHEAD COST F.xi'!D28+'FINANCE OVERHEAD COST F.xi'!D28+'WORKS OVERHEAD COST F.xi'!D28+'ESD OVERHEAD COST F.xi'!D28+'PHC OVERHEAD COST F.xi'!D28+'WATSAN OVERHEAD COST F.xi'!D28+'TRADITIONAL OVERHEAD COST F.xi'!D28 -> 0 | E46: ='CHAIR OVERHEAD COST F.xi'!E28+'SLT OVERHEAD COST F.xi'!E28+'COUNCIL OVERHEAD COST F.xi'!E28+'PMD OVERHEAD COST F.xi'!E28+'AGRIC OVERHEAD COST F.xi'!E28+'FINANCE OVERHEAD COST F.xi'!E28+'WORKS OVERHEAD COST F.xi'!E28+'ESD OVERHEAD COST F.xi'!E28+'PHC OVERHEAD COST F.xi'!E28+'WATSAN OVERHEAD COST F.xi'!E28+'TRADITIONAL OVERHEAD COST F.xi'!E28 -> 0
A47: 22020307 | B47: DRUGS/LABORATORY/MEDICAL SUPPLIES | C47: ='CHAIR OVERHEAD COST F.xi'!C29+'SLT OVERHEAD COST F.xi'!C29+'COUNCIL OVERHEAD COST F.xi'!C29+'PMD OVERHEAD COST F.xi'!C29+'AGRIC OVERHEAD COST F.xi'!C29+'FINANCE OVERHEAD COST F.xi'!C29+'WORKS OVERHEAD COST F.xi'!C29+'ESD OVERHEAD COST F.xi'!C29+'PHC OVERHEAD COST F.xi'!C29+'WATSAN OVERHEAD COST F.xi'!C29+'TRADITIONAL OVERHEAD COST F.xi'!C29 -> 92100000 | D47: ='CHAIR OVERHEAD COST F.xi'!D29+'SLT OVERHEAD COST F.xi'!D29+'COUNCIL OVERHEAD COST F.xi'!D29+'PMD OVERHEAD COST F.xi'!D29+'AGRIC OVERHEAD COST F.xi'!D29+'FINANCE OVERHEAD COST F.xi'!D29+'WORKS OVERHEAD COST F.xi'!D29+'ESD OVERHEAD COST F.xi'!D29+'PHC OVERHEAD COST F.xi'!D29+'WATSAN OVERHEAD COST F.xi'!D29+'TRADITIONAL OVERHEAD COST F.xi'!D29 -> 55450000 | E47: ='CHAIR OVERHEAD COST F.xi'!E29+'SLT OVERHEAD COST F.xi'!E29+'COUNCIL OVERHEAD COST F.xi'!E29+'PMD OVERHEAD COST F.xi'!E29+'AGRIC OVERHEAD COST F.xi'!E29+'FINANCE OVERHEAD COST F.xi'!E29+'WORKS OVERHEAD COST F.xi'!E29+'ESD OVERHEAD COST F.xi'!E29+'PHC OVERHEAD COST F.xi'!E29+'WATSAN OVERHEAD COST F.xi'!E29+'TRADITIONAL OVERHEAD COST F.xi'!E29 -> 117600000
A48: 22020308 | B48: FIELD & CAMPING MATERIALS SUPPLIES | C48: ='CHAIR OVERHEAD COST F.xi'!C30+'SLT OVERHEAD COST F.xi'!C30+'COUNCIL OVERHEAD COST F.xi'!C30+'PMD OVERHEAD COST F.xi'!C30+'AGRIC OVERHEAD COST F.xi'!C30+'FINANCE OVERHEAD COST F.xi'!C30+'WORKS OVERHEAD COST F.xi'!C30+'ESD OVERHEAD COST F.xi'!C30+'PHC OVERHEAD COST F.xi'!C30+'WATSAN OVERHEAD COST F.xi'!C30+'TRADITIONAL OVERHEAD COST F.xi'!C30 -> 0 | D48: ='CHAIR OVERHEAD COST F.xi'!D30+'SLT OVERHEAD COST F.xi'!D30+'COUNCIL OVERHEAD COST F.xi'!D30+'PMD OVERHEAD COST F.xi'!D30+'AGRIC OVERHEAD COST F.xi'!D30+'FINANCE OVERHEAD COST F.xi'!D30+'WORKS OVERHEAD COST F.xi'!D30+'ESD OVERHEAD COST F.xi'!D30+'PHC OVERHEAD COST F.xi'!D30+'WATSAN OVERHEAD COST F.xi'!D30+'TRADITIONAL OVERHEAD COST F.xi'!D30 -> 0 | E48: ='CHAIR OVERHEAD COST F.xi'!E30+'SLT OVERHEAD COST F.xi'!E30+'COUNCIL OVERHEAD COST F.xi'!E30+'PMD OVERHEAD COST F.xi'!E30+'AGRIC OVERHEAD COST F.xi'!E30+'FINANCE OVERHEAD COST F.xi'!E30+'WORKS OVERHEAD COST F.xi'!E30+'ESD OVERHEAD COST F.xi'!E30+'PHC OVERHEAD COST F.xi'!E30+'WATSAN OVERHEAD COST F.xi'!E30+'TRADITIONAL OVERHEAD COST F.xi'!E30 -> 0
A49: 22020309 | B49: UNIFORMS/ROBES & OTHER CLOTHING | C49: ='CHAIR OVERHEAD COST F.xi'!C31+'SLT OVERHEAD COST F.xi'!C31+'COUNCIL OVERHEAD COST F.xi'!C31+'PMD OVERHEAD COST F.xi'!C31+'AGRIC OVERHEAD COST F.xi'!C31+'FINANCE OVERHEAD COST F.xi'!C31+'WORKS OVERHEAD COST F.xi'!C31+'ESD OVERHEAD COST F.xi'!C31+'PHC OVERHEAD COST F.xi'!C31+'WATSAN OVERHEAD COST F.xi'!C31+'TRADITIONAL OVERHEAD COST F.xi'!C31 -> 0 | D49: ='CHAIR OVERHEAD COST F.xi'!D31+'SLT OVERHEAD COST F.xi'!D31+'COUNCIL OVERHEAD COST F.xi'!D31+'PMD OVERHEAD COST F.xi'!D31+'AGRIC OVERHEAD COST F.xi'!D31+'FINANCE OVERHEAD COST F.xi'!D31+'WORKS OVERHEAD COST F.xi'!D31+'ESD OVERHEAD COST F.xi'!D31+'PHC OVERHEAD COST F.xi'!D31+'WATSAN OVERHEAD COST F.xi'!D31+'TRADITIONAL OVERHEAD COST F.xi'!D31 -> 0 | E49: ='CHAIR OVERHEAD COST F.xi'!E31+'SLT OVERHEAD COST F.xi'!E31+'COUNCIL OVERHEAD COST F.xi'!E31+'PMD OVERHEAD COST F.xi'!E31+'AGRIC OVERHEAD COST F.xi'!E31+'FINANCE OVERHEAD COST F.xi'!E31+'WORKS OVERHEAD COST F.xi'!E31+'ESD OVERHEAD COST F.xi'!E31+'PHC OVERHEAD COST F.xi'!E31+'WATSAN OVERHEAD COST F.xi'!E31+'TRADITIONAL OVERHEAD COST F.xi'!E31 -> 0
A50: 22020310 | B50: TEACHING AIDS / INSTRUCTION MATERIALS | C50: ='CHAIR OVERHEAD COST F.xi'!C32+'SLT OVERHEAD COST F.xi'!C32+'COUNCIL OVERHEAD COST F.xi'!C32+'PMD OVERHEAD COST F.xi'!C32+'AGRIC OVERHEAD COST F.xi'!C32+'FINANCE OVERHEAD COST F.xi'!C32+'WORKS OVERHEAD COST F.xi'!C32+'ESD OVERHEAD COST F.xi'!C32+'PHC OVERHEAD COST F.xi'!C32+'WATSAN OVERHEAD COST F.xi'!C32+'TRADITIONAL OVERHEAD COST F.xi'!C32 -> 0 | D50: ='CHAIR OVERHEAD COST F.xi'!D32+'SLT OVERHEAD COST F.xi'!D32+'COUNCIL OVERHEAD COST F.xi'!D32+'PMD OVERHEAD COST F.xi'!D32+'AGRIC OVERHEAD COST F.xi'!D32+'FINANCE OVERHEAD COST F.xi'!D32+'WORKS OVERHEAD COST F.xi'!D32+'ESD OVERHEAD COST F.xi'!D32+'PHC OVERHEAD COST F.xi'!D32+'WATSAN OVERHEAD COST F.xi'!D32+'TRADITIONAL OVERHEAD COST F.xi'!D32 -> 0 | E50: ='CHAIR OVERHEAD COST F.xi'!E32+'SLT OVERHEAD COST F.xi'!E32+'COUNCIL OVERHEAD COST F.xi'!E32+'PMD OVERHEAD COST F.xi'!E32+'AGRIC OVERHEAD COST F.xi'!E32+'FINANCE OVERHEAD COST F.xi'!E32+'WORKS OVERHEAD COST F.xi'!E32+'ESD OVERHEAD COST F.xi'!E32+'PHC OVERHEAD COST F.xi'!E32+'WATSAN OVERHEAD COST F.xi'!E32+'TRADITIONAL OVERHEAD COST F.xi'!E32 -> 0
A51: 22020311 | B51: FOOD STUFF / CATERING MATERIALS SUPPLIES | C51: ='CHAIR OVERHEAD COST F.xi'!C33+'SLT OVERHEAD COST F.xi'!C33+'COUNCIL OVERHEAD COST F.xi'!C33+'PMD OVERHEAD COST F.xi'!C33+'AGRIC OVERHEAD COST F.xi'!C33+'FINANCE OVERHEAD COST F.xi'!C33+'WORKS OVERHEAD COST F.xi'!C33+'ESD OVERHEAD COST F.xi'!C33+'PHC OVERHEAD COST F.xi'!C33+'WATSAN OVERHEAD COST F.xi'!C33+'TRADITIONAL OVERHEAD COST F.xi'!C33 -> 145655040 | D51: ='CHAIR OVERHEAD COST F.xi'!D33+'SLT OVERHEAD COST F.xi'!D33+'COUNCIL OVERHEAD COST F.xi'!D33+'PMD OVERHEAD COST F.xi'!D33+'AGRIC OVERHEAD COST F.xi'!D33+'FINANCE OVERHEAD COST F.xi'!D33+'WORKS OVERHEAD COST F.xi'!D33+'ESD OVERHEAD COST F.xi'!D33+'PHC OVERHEAD COST F.xi'!D33+'WATSAN OVERHEAD COST F.xi'!D33+'TRADITIONAL OVERHEAD COST F.xi'!D33 -> 69561176 | E51: ='CHAIR OVERHEAD COST F.xi'!E33+'SLT OVERHEAD COST F.xi'!E33+'COUNCIL OVERHEAD COST F.xi'!E33+'PMD OVERHEAD COST F.xi'!E33+'AGRIC OVERHEAD COST F.xi'!E33+'FINANCE OVERHEAD COST F.xi'!E33+'WORKS OVERHEAD COST F.xi'!E33+'ESD OVERHEAD COST F.xi'!E33+'PHC OVERHEAD COST F.xi'!E33+'WATSAN OVERHEAD COST F.xi'!E33+'TRADITIONAL OVERHEAD COST F.xi'!E33 -> 203566040
A52: 22020312 | B52: PRODUCTION OF FINANCIAL STATEMENTS | C52: ='CHAIR OVERHEAD COST F.xi'!C34+'SLT OVERHEAD COST F.xi'!C34+'COUNCIL OVERHEAD COST F.xi'!C34+'PMD OVERHEAD COST F.xi'!C34+'AGRIC OVERHEAD COST F.xi'!C34+'FINANCE OVERHEAD COST F.xi'!C34+'WORKS OVERHEAD COST F.xi'!C34+'ESD OVERHEAD COST F.xi'!C34+'PHC OVERHEAD COST F.xi'!C34+'WATSAN OVERHEAD COST F.xi'!C34+'TRADITIONAL OVERHEAD COST F.xi'!C34 -> 0 | D52: ='CHAIR OVERHEAD COST F.xi'!D34+'SLT OVERHEAD COST F.xi'!D34+'COUNCIL OVERHEAD COST F.xi'!D34+'PMD OVERHEAD COST F.xi'!D34+'AGRIC OVERHEAD COST F.xi'!D34+'FINANCE OVERHEAD COST F.xi'!D34+'WORKS OVERHEAD COST F.xi'!D34+'ESD OVERHEAD COST F.xi'!D34+'PHC OVERHEAD COST F.xi'!D34+'WATSAN OVERHEAD COST F.xi'!D34+'TRADITIONAL OVERHEAD COST F.xi'!D34 -> 0 | E52: ='CHAIR OVERHEAD COST F.xi'!E34+'SLT OVERHEAD COST F.xi'!E34+'COUNCIL OVERHEAD COST F.xi'!E34+'PMD OVERHEAD COST F.xi'!E34+'AGRIC OVERHEAD COST F.xi'!E34+'FINANCE OVERHEAD COST F.xi'!E34+'WORKS OVERHEAD COST F.xi'!E34+'ESD OVERHEAD COST F.xi'!E34+'PHC OVERHEAD COST F.xi'!E34+'WATSAN OVERHEAD COST F.xi'!E34+'TRADITIONAL OVERHEAD COST F.xi'!E34 -> 0
A53: 22020313 | B53: PRODUCTION OF REPORTS TO PUBLIC | C53: ='CHAIR OVERHEAD COST F.xi'!C35+'SLT OVERHEAD COST F.xi'!C35+'COUNCIL OVERHEAD COST F.xi'!C35+'PMD OVERHEAD COST F.xi'!C35+'AGRIC OVERHEAD COST F.xi'!C35+'FINANCE OVERHEAD COST F.xi'!C35+'WORKS OVERHEAD COST F.xi'!C35+'ESD OVERHEAD COST F.xi'!C35+'PHC OVERHEAD COST F.xi'!C35+'WATSAN OVERHEAD COST F.xi'!C35+'TRADITIONAL OVERHEAD COST F.xi'!C35 -> 0 | D53: ='CHAIR OVERHEAD COST F.xi'!D35+'SLT OVERHEAD COST F.xi'!D35+'COUNCIL OVERHEAD COST F.xi'!D35+'PMD OVERHEAD COST F.xi'!D35+'AGRIC OVERHEAD COST F.xi'!D35+'FINANCE OVERHEAD COST F.xi'!D35+'WORKS OVERHEAD COST F.xi'!D35+'ESD OVERHEAD COST F.xi'!D35+'PHC OVERHEAD COST F.xi'!D35+'WATSAN OVERHEAD COST F.xi'!D35+'TRADITIONAL OVERHEAD COST F.xi'!D35 -> 0 | E53: ='CHAIR OVERHEAD COST F.xi'!E35+'SLT OVERHEAD COST F.xi'!E35+'COUNCIL OVERHEAD COST F.xi'!E35+'PMD OVERHEAD COST F.xi'!E35+'AGRIC OVERHEAD COST F.xi'!E35+'FINANCE OVERHEAD COST F.xi'!E35+'WORKS OVERHEAD COST F.xi'!E35+'ESD OVERHEAD COST F.xi'!E35+'PHC OVERHEAD COST F.xi'!E35+'WATSAN OVERHEAD COST F.xi'!E35+'TRADITIONAL OVERHEAD COST F.xi'!E35 -> 0
A54: 220204 | B54: MAINTENANCE SERVICES – GENERAL | C54: =SUM(C55:C62) -> 108524383 | D54: =SUM(D55:D62) -> 68541328 | E54: =SUM(E55:E62) -> 1.0011472e+08
A55: 22020401 | B55: MAINTENANCE OF MOTOR VEHICLE | C55: ='CHAIR OVERHEAD COST F.xi'!C37+'SLT OVERHEAD COST F.xi'!C37+'COUNCIL OVERHEAD COST F.xi'!C37+'PMD OVERHEAD COST F.xi'!C37+'AGRIC OVERHEAD COST F.xi'!C37+'FINANCE OVERHEAD COST F.xi'!C37+'WORKS OVERHEAD COST F.xi'!C37+'ESD OVERHEAD COST F.xi'!C37+'PHC OVERHEAD COST F.xi'!C37+'WATSAN OVERHEAD COST F.xi'!C37+'TRADITIONAL OVERHEAD COST F.xi'!C37 -> 41361700 | D55: ='CHAIR OVERHEAD COST F.xi'!D37+'SLT OVERHEAD COST F.xi'!D37+'COUNCIL OVERHEAD COST F.xi'!D37+'PMD OVERHEAD COST F.xi'!D37+'AGRIC OVERHEAD COST F.xi'!D37+'FINANCE OVERHEAD COST F.xi'!D37+'WORKS OVERHEAD COST F.xi'!D37+'ESD OVERHEAD COST F.xi'!D37+'PHC OVERHEAD COST F.xi'!D37+'WATSAN OVERHEAD COST F.xi'!D37+'TRADITIONAL OVERHEAD COST F.xi'!D37 -> 23955028 | E55: ='CHAIR OVERHEAD COST F.xi'!E37+'SLT OVERHEAD COST F.xi'!E37+'COUNCIL OVERHEAD COST F.xi'!E37+'PMD OVERHEAD COST F.xi'!E37+'AGRIC OVERHEAD COST F.xi'!E37+'FINANCE OVERHEAD COST F.xi'!E37+'WORKS OVERHEAD COST F.xi'!E37+'ESD OVERHEAD COST F.xi'!E37+'PHC OVERHEAD COST F.xi'!E37+'WATSAN OVERHEAD COST F.xi'!E37+'TRADITIONAL OVERHEAD COST F.xi'!E37 -> 36029700
A56: 22020402 | B56: MAINTENANCE OF OFFICE FURNITURE | C56: ='CHAIR OVERHEAD COST F.xi'!C38+'SLT OVERHEAD COST F.xi'!C38+'COUNCIL OVERHEAD COST F.xi'!C38+'PMD OVERHEAD COST F.xi'!C38+'AGRIC OVERHEAD COST F.xi'!C38+'FINANCE OVERHEAD COST F.xi'!C38+'WORKS OVERHEAD COST F.xi'!C38+'ESD OVERHEAD COST F.xi'!C38+'PHC OVERHEAD COST F.xi'!C38+'WATSAN OVERHEAD COST F.xi'!C38+'TRADITIONAL OVERHEAD COST F.xi'!C38 -> 16562683 | D56: ='CHAIR OVERHEAD COST F.xi'!D38+'SLT OVERHEAD COST F.xi'!D38+'COUNCIL OVERHEAD COST F.xi'!D38+'PMD OVERHEAD COST F.xi'!D38+'AGRIC OVERHEAD COST F.xi'!D38+'FINANCE OVERHEAD COST F.xi'!D38+'WORKS OVERHEAD COST F.xi'!D38+'ESD OVERHEAD COST F.xi'!D38+'PHC OVERHEAD COST F.xi'!D38+'WATSAN OVERHEAD COST F.xi'!D38+'TRADITIONAL OVERHEAD COST F.xi'!D38 -> 8470000 | E56: ='CHAIR OVERHEAD COST F.xi'!E38+'SLT OVERHEAD COST F.xi'!E38+'COUNCIL OVERHEAD COST F.xi'!E38+'PMD OVERHEAD COST F.xi'!E38+'AGRIC OVERHEAD COST F.xi'!E38+'FINANCE OVERHEAD COST F.xi'!E38+'WORKS OVERHEAD COST F.xi'!E38+'ESD OVERHEAD COST F.xi'!E38+'PHC OVERHEAD COST F.xi'!E38+'WATSAN OVERHEAD COST F.xi'!E38+'TRADITIONAL OVERHEAD COST F.xi'!E38 -> 10020000
A57: 22020403 | B57: MAINTENANCE OF OFFICE BUILDING / RESIDENTIAL QTRS | C57: ='CHAIR OVERHEAD COST F.xi'!C39+'SLT OVERHEAD COST F.xi'!C39+'COUNCIL OVERHEAD COST F.xi'!C39+'PMD OVERHEAD COST F.xi'!C39+'AGRIC OVERHEAD COST F.xi'!C39+'FINANCE OVERHEAD COST F.xi'!C39+'WORKS OVERHEAD COST F.xi'!C39+'ESD OVERHEAD COST F.xi'!C39+'PHC OVERHEAD COST F.xi'!C39+'WATSAN OVERHEAD COST F.xi'!C39+'TRADITIONAL OVERHEAD COST F.xi'!C39 -> 0 | D57: ='CHAIR OVERHEAD COST F.xi'!D39+'SLT OVERHEAD COST F.xi'!D39+'COUNCIL OVERHEAD COST F.xi'!D39+'PMD OVERHEAD COST F.xi'!D39+'AGRIC OVERHEAD COST F.xi'!D39+'FINANCE OVERHEAD COST F.xi'!D39+'WORKS OVERHEAD COST F.xi'!D39+'ESD OVERHEAD COST F.xi'!D39+'PHC OVERHEAD COST F.xi'!D39+'WATSAN OVERHEAD COST F.xi'!D39+'TRADITIONAL OVERHEAD COST F.xi'!D39 -> 0 | E57: ='CHAIR OVERHEAD COST F.xi'!E39+'SLT OVERHEAD COST F.xi'!E39+'COUNCIL OVERHEAD COST F.xi'!E39+'PMD OVERHEAD COST F.xi'!E39+'AGRIC OVERHEAD COST F.xi'!E39+'FINANCE OVERHEAD COST F.xi'!E39+'WORKS OVERHEAD COST F.xi'!E39+'ESD OVERHEAD COST F.xi'!E39+'PHC OVERHEAD COST F.xi'!E39+'WATSAN OVERHEAD COST F.xi'!E39+'TRADITIONAL OVERHEAD COST F.xi'!E39 -> 0
A58: 22020404 | B58: MAINTENANCE OF OFFICE / IT EQUIPMENTS | C58: ='CHAIR OVERHEAD COST F.xi'!C40+'SLT OVERHEAD COST F.xi'!C40+'COUNCIL OVERHEAD COST F.xi'!C40+'PMD OVERHEAD COST F.xi'!C40+'AGRIC OVERHEAD COST F.xi'!C40+'FINANCE OVERHEAD COST F.xi'!C40+'WORKS OVERHEAD COST F.xi'!C40+'ESD OVERHEAD COST F.xi'!C40+'PHC OVERHEAD COST F.xi'!C40+'WATSAN OVERHEAD COST F.xi'!C40+'TRADITIONAL OVERHEAD COST F.xi'!C40 -> 1650000 | D58: ='CHAIR OVERHEAD COST F.xi'!D40+'SLT OVERHEAD COST F.xi'!D40+'COUNCIL OVERHEAD COST F.xi'!D40+'PMD OVERHEAD COST F.xi'!D40+'AGRIC OVERHEAD COST F.xi'!D40+'FINANCE OVERHEAD COST F.xi'!D40+'WORKS OVERHEAD COST F.xi'!D40+'ESD OVERHEAD COST F.xi'!D40+'PHC OVERHEAD COST F.xi'!D40+'WATSAN OVERHEAD COST F.xi'!D40+'TRADITIONAL OVERHEAD COST F.xi'!D40 -> 650000 | E58: ='CHAIR OVERHEAD COST F.xi'!E40+'SLT OVERHEAD COST F.xi'!E40+'COUNCIL OVERHEAD COST F.xi'!E40+'PMD OVERHEAD COST F.xi'!E40+'AGRIC OVERHEAD COST F.xi'!E40+'FINANCE OVERHEAD COST F.xi'!E40+'WORKS OVERHEAD COST F.xi'!E40+'ESD OVERHEAD COST F.xi'!E40+'PHC OVERHEAD COST F.xi'!E40+'WATSAN OVERHEAD COST F.xi'!E40+'TRADITIONAL OVERHEAD COST F.xi'!E40 -> 3500000
A59: 22020405 | B59: MAINTENANCE OF PLANTS/GENERATORS | C59: ='CHAIR OVERHEAD COST F.xi'!C41+'SLT OVERHEAD COST F.xi'!C41+'COUNCIL OVERHEAD COST F.xi'!C41+'PMD OVERHEAD COST F.xi'!C41+'AGRIC OVERHEAD COST F.xi'!C41+'FINANCE OVERHEAD COST F.xi'!C41+'WORKS OVERHEAD COST F.xi'!C41+'ESD OVERHEAD COST F.xi'!C41+'PHC OVERHEAD COST F.xi'!C41+'WATSAN OVERHEAD COST F.xi'!C41+'TRADITIONAL OVERHEAD COST F.xi'!C41 -> 29700000 | D59: ='CHAIR OVERHEAD COST F.xi'!D41+'SLT OVERHEAD COST F.xi'!D41+'COUNCIL OVERHEAD COST F.xi'!D41+'PMD OVERHEAD COST F.xi'!D41+'AGRIC OVERHEAD COST F.xi'!D41+'FINANCE OVERHEAD COST F.xi'!D41+'WORKS OVERHEAD COST F.xi'!D41+'ESD OVERHEAD COST F.xi'!D41+'PHC OVERHEAD COST F.xi'!D41+'WATSAN OVERHEAD COST F.xi'!D41+'TRADITIONAL OVERHEAD COST F.xi'!D41 -> 19000000 | E59: ='CHAIR OVERHEAD COST F.xi'!E41+'SLT OVERHEAD COST F.xi'!E41+'COUNCIL OVERHEAD COST F.xi'!E41+'PMD OVERHEAD COST F.xi'!E41+'AGRIC OVERHEAD COST F.xi'!E41+'FINANCE OVERHEAD COST F.xi'!E41+'WORKS OVERHEAD COST F.xi'!E41+'ESD OVERHEAD COST F.xi'!E41+'PHC OVERHEAD COST F.xi'!E41+'WATSAN OVERHEAD COST F.xi'!E41+'TRADITIONAL OVERHEAD COST F.xi'!E41 -> 28415017
A60: 22020406 | B60: OTHER MAINTENANCE SERVICES | C60: ='CHAIR OVERHEAD COST F.xi'!C42+'SLT OVERHEAD COST F.xi'!C42+'COUNCIL OVERHEAD COST F.xi'!C42+'PMD OVERHEAD COST F.xi'!C42+'AGRIC OVERHEAD COST F.xi'!C42+'FINANCE OVERHEAD COST F.xi'!C42+'WORKS OVERHEAD COST F.xi'!C42+'ESD OVERHEAD COST F.xi'!C42+'PHC OVERHEAD COST F.xi'!C42+'WATSAN OVERHEAD COST F.xi'!C42+'TRADITIONAL OVERHEAD COST F.xi'!C42 -> 19250000 | D60: ='CHAIR OVERHEAD COST F.xi'!D42+'SLT OVERHEAD COST F.xi'!D42+'COUNCIL OVERHEAD COST F.xi'!D42+'PMD OVERHEAD COST F.xi'!D42+'AGRIC OVERHEAD COST F.xi'!D42+'FINANCE OVERHEAD COST F.xi'!D42+'WORKS OVERHEAD COST F.xi'!D42+'ESD OVERHEAD COST F.xi'!D42+'PHC OVERHEAD COST F.xi'!D42+'WATSAN OVERHEAD COST F.xi'!D42+'TRADITIONAL OVERHEAD COST F.xi'!D42 -> 16466300 | E60: ='CHAIR OVERHEAD COST F.xi'!E42+'SLT OVERHEAD COST F.xi'!E42+'COUNCIL OVERHEAD COST F.xi'!E42+'PMD OVERHEAD COST F.xi'!E42+'AGRIC OVERHEAD COST F.xi'!E42+'FINANCE OVERHEAD COST F.xi'!E42+'WORKS OVERHEAD COST F.xi'!E42+'ESD OVERHEAD COST F.xi'!E42+'PHC OVERHEAD COST F.xi'!E42+'WATSAN OVERHEAD COST F.xi'!E42+'TRADITIONAL OVERHEAD COST F.xi'!E42 -> 22150000
A61: 22020410 | B61: MAINTENANCE OF STREET LIGHTINGS | C61: ='CHAIR OVERHEAD COST F.xi'!C43+'SLT OVERHEAD COST F.xi'!C43+'COUNCIL OVERHEAD COST F.xi'!C43+'PMD OVERHEAD COST F.xi'!C43+'AGRIC OVERHEAD COST F.xi'!C43+'FINANCE OVERHEAD COST F.xi'!C43+'WORKS OVERHEAD COST F.xi'!C43+'ESD OVERHEAD COST F.xi'!C43+'PHC OVERHEAD COST F.xi'!C43+'WATSAN OVERHEAD COST F.xi'!C43+'TRADITIONAL OVERHEAD COST F.xi'!C43 -> 0 | D61: ='CHAIR OVERHEAD COST F.xi'!D43+'SLT OVERHEAD COST F.xi'!D43+'COUNCIL OVERHEAD COST F.xi'!D43+'PMD OVERHEAD COST F.xi'!D43+'AGRIC OVERHEAD COST F.xi'!D43+'FINANCE OVERHEAD COST F.xi'!D43+'WORKS OVERHEAD COST F.xi'!D43+'ESD OVERHEAD COST F.xi'!D43+'PHC OVERHEAD COST F.xi'!D43+'WATSAN OVERHEAD COST F.xi'!D43+'TRADITIONAL OVERHEAD COST F.xi'!D43 -> 0 | E61: ='CHAIR OVERHEAD COST F.xi'!E43+'SLT OVERHEAD COST F.xi'!E43+'COUNCIL OVERHEAD COST F.xi'!E43+'PMD OVERHEAD COST F.xi'!E43+'AGRIC OVERHEAD COST F.xi'!E43+'FINANCE OVERHEAD COST F.xi'!E43+'WORKS OVERHEAD COST F.xi'!E43+'ESD OVERHEAD COST F.xi'!E43+'PHC OVERHEAD COST F.xi'!E43+'WATSAN OVERHEAD COST F.xi'!E43+'TRADITIONAL OVERHEAD COST F.xi'!E43 -> 0
A62: 22020411 | B62: MAINTENANCE OF COMMUNICATION EQUIPMENT | C62: ='CHAIR OVERHEAD COST F.xi'!C44+'SLT OVERHEAD COST F.xi'!C44+'COUNCIL OVERHEAD COST F.xi'!C44+'PMD OVERHEAD COST F.xi'!C44+'AGRIC OVERHEAD COST F.xi'!C44+'FINANCE OVERHEAD COST F.xi'!C44+'WORKS OVERHEAD COST F.xi'!C44+'ESD OVERHEAD COST F.xi'!C44+'PHC OVERHEAD COST F.xi'!C44+'WATSAN OVERHEAD COST F.xi'!C44+'TRADITIONAL OVERHEAD COST F.xi'!C44 -> 0 | D62: ='CHAIR OVERHEAD COST F.xi'!D44+'SLT OVERHEAD COST F.xi'!D44+'COUNCIL OVERHEAD COST F.xi'!D44+'PMD OVERHEAD COST F.xi'!D44+'AGRIC OVERHEAD COST F.xi'!D44+'FINANCE OVERHEAD COST F.xi'!D44+'WORKS OVERHEAD COST F.xi'!D44+'ESD OVERHEAD COST F.xi'!D44+'PHC OVERHEAD COST F.xi'!D44+'WATSAN OVERHEAD COST F.xi'!D44+'TRADITIONAL OVERHEAD COST F.xi'!D44 -> 0 | E62: ='CHAIR OVERHEAD COST F.xi'!E44+'SLT OVERHEAD COST F.xi'!E44+'COUNCIL OVERHEAD COST F.xi'!E44+'PMD OVERHEAD COST F.xi'!E44+'AGRIC OVERHEAD COST F.xi'!E44+'FINANCE OVERHEAD COST F.xi'!E44+'WORKS OVERHEAD COST F.xi'!E44+'ESD OVERHEAD COST F.xi'!E44+'PHC OVERHEAD COST F.xi'!E44+'WATSAN OVERHEAD COST F.xi'!E44+'TRADITIONAL OVERHEAD COST F.xi'!E44 -> 0
A63: 220205 | B63: TRAINING – GENERAL | C63: =SUM(C64:C65) -> 100220000 | D63: =SUM(D64:D65) -> 52078538 | E63: =SUM(E64:E65) -> 118000000
A64: 22020501 | B64: LOCAL TRAINING | C64: ='CHAIR OVERHEAD COST F.xi'!C46+'SLT OVERHEAD COST F.xi'!C46+'COUNCIL OVERHEAD COST F.xi'!C46+'PMD OVERHEAD COST F.xi'!C46+'AGRIC OVERHEAD COST F.xi'!C46+'FINANCE OVERHEAD COST F.xi'!C46+'WORKS OVERHEAD COST F.xi'!C46+'ESD OVERHEAD COST F.xi'!C46+'PHC OVERHEAD COST F.xi'!C46+'WATSAN OVERHEAD COST F.xi'!C46+'TRADITIONAL OVERHEAD COST F.xi'!C46 -> 100220000 | D64: ='CHAIR OVERHEAD COST F.xi'!D46+'SLT OVERHEAD COST F.xi'!D46+'COUNCIL OVERHEAD COST F.xi'!D46+'PMD OVERHEAD COST F.xi'!D46+'AGRIC OVERHEAD COST F.xi'!D46+'FINANCE OVERHEAD COST F.xi'!D46+'WORKS OVERHEAD COST F.xi'!D46+'ESD OVERHEAD COST F.xi'!D46+'PHC OVERHEAD COST F.xi'!D46+'WATSAN OVERHEAD COST F.xi'!D46+'TRADITIONAL OVERHEAD COST F.xi'!D46 -> 52078538 | E64: ='CHAIR OVERHEAD COST F.xi'!E46+'SLT OVERHEAD COST F.xi'!E46+'COUNCIL OVERHEAD COST F.xi'!E46+'PMD OVERHEAD COST F.xi'!E46+'AGRIC OVERHEAD COST F.xi'!E46+'FINANCE OVERHEAD COST F.xi'!E46+'WORKS OVERHEAD COST F.xi'!E46+'ESD OVERHEAD COST F.xi'!E46+'PHC OVERHEAD COST F.xi'!E46+'WATSAN OVERHEAD COST F.xi'!E46+'TRADITIONAL OVERHEAD COST F.xi'!E46 -> 68000000
A65: 22020502 | B65: INTERNATIONAL TRAINING | C65: ='CHAIR OVERHEAD COST F.xi'!C47+'SLT OVERHEAD COST F.xi'!C47+'COUNCIL OVERHEAD COST F.xi'!C47+'PMD OVERHEAD COST F.xi'!C47+'AGRIC OVERHEAD COST F.xi'!C47+'FINANCE OVERHEAD COST F.xi'!C47+'WORKS OVERHEAD COST F.xi'!C47+'ESD OVERHEAD COST F.xi'!C47+'PHC OVERHEAD COST F.xi'!C47+'WATSAN OVERHEAD COST F.xi'!C47+'TRADITIONAL OVERHEAD COST F.xi'!C47 -> 0 | D65: ='CHAIR OVERHEAD COST F.xi'!D47+'SLT OVERHEAD COST F.xi'!D47+'COUNCIL OVERHEAD COST F.xi'!D47+'PMD OVERHEAD COST F.xi'!D47+'AGRIC OVERHEAD COST F.xi'!D47+'FINANCE OVERHEAD COST F.xi'!D47+'WORKS OVERHEAD COST F.xi'!D47+'ESD OVERHEAD COST F.xi'!D47+'PHC OVERHEAD COST F.xi'!D47+'WATSAN OVERHEAD COST F.xi'!D47+'TRADITIONAL OVERHEAD COST F.xi'!D47 -> 0 | E65: ='CHAIR OVERHEAD COST F.xi'!E47+'SLT OVERHEAD COST F.xi'!E47+'COUNCIL OVERHEAD COST F.xi'!E47+'PMD OVERHEAD COST F.xi'!E47+'AGRIC OVERHEAD COST F.xi'!E47+'FINANCE OVERHEAD COST F.xi'!E47+'WORKS OVERHEAD COST F.xi'!E47+'ESD OVERHEAD COST F.xi'!E47+'PHC OVERHEAD COST F.xi'!E47+'WATSAN OVERHEAD COST F.xi'!E47+'TRADITIONAL OVERHEAD COST F.xi'!E47 -> 50000000
A66: 220206 | B66: OTHER SERVICES – GENERAL | C66: =SUM(C67:C71) -> 750454936 | D66: =SUM(D67:D71) -> 4.711256e+08 | E66: =SUM(E67:E71) -> 305312781
A67: 22020601 | B67: SECURITY SERVICES | C67: ='CHAIR OVERHEAD COST F.xi'!C49+'SLT OVERHEAD COST F.xi'!C49+'COUNCIL OVERHEAD COST F.xi'!C49+'PMD OVERHEAD COST F.xi'!C49+'AGRIC OVERHEAD COST F.xi'!C49+'FINANCE OVERHEAD COST F.xi'!C49+'WORKS OVERHEAD COST F.xi'!C49+'ESD OVERHEAD COST F.xi'!C49+'PHC OVERHEAD COST F.xi'!C49+'WATSAN OVERHEAD COST F.xi'!C49+'TRADITIONAL OVERHEAD COST F.xi'!C49 -> 724884936 | D67: ='CHAIR OVERHEAD COST F.xi'!D49+'SLT OVERHEAD COST F.xi'!D49+'COUNCIL OVERHEAD COST F.xi'!D49+'PMD OVERHEAD COST F.xi'!D49+'AGRIC OVERHEAD COST F.xi'!D49+'FINANCE OVERHEAD COST F.xi'!D49+'WORKS OVERHEAD COST F.xi'!D49+'ESD OVERHEAD COST F.xi'!D49+'PHC OVERHEAD COST F.xi'!D49+'WATSAN OVERHEAD COST F.xi'!D49+'TRADITIONAL OVERHEAD COST F.xi'!D49 -> 4.501256e+08 | E67: ='CHAIR OVERHEAD COST F.xi'!E49+'SLT OVERHEAD COST F.xi'!E49+'COUNCIL OVERHEAD COST F.xi'!E49+'PMD OVERHEAD COST F.xi'!E49+'AGRIC OVERHEAD COST F.xi'!E49+'FINANCE OVERHEAD COST F.xi'!E49+'WORKS OVERHEAD COST F.xi'!E49+'ESD OVERHEAD COST F.xi'!E49+'PHC OVERHEAD COST F.xi'!E49+'WATSAN OVERHEAD COST F.xi'!E49+'TRADITIONAL OVERHEAD COST F.xi'!E49 -> 287992781
A68: 22020602 | B68: OFFICE RENT | C68: ='CHAIR OVERHEAD COST F.xi'!C50+'SLT OVERHEAD COST F.xi'!C50+'COUNCIL OVERHEAD COST F.xi'!C50+'PMD OVERHEAD COST F.xi'!C50+'AGRIC OVERHEAD COST F.xi'!C50+'FINANCE OVERHEAD COST F.xi'!C50+'WORKS OVERHEAD COST F.xi'!C50+'ESD OVERHEAD COST F.xi'!C50+'PHC OVERHEAD COST F.xi'!C50+'WATSAN OVERHEAD COST F.xi'!C50+'TRADITIONAL OVERHEAD COST F.xi'!C50 -> 0 | D68: ='CHAIR OVERHEAD COST F.xi'!D50+'SLT OVERHEAD COST F.xi'!D50+'COUNCIL OVERHEAD COST F.xi'!D50+'PMD OVERHEAD COST F.xi'!D50+'AGRIC OVERHEAD COST F.xi'!D50+'FINANCE OVERHEAD COST F.xi'!D50+'WORKS OVERHEAD COST F.xi'!D50+'ESD OVERHEAD COST F.xi'!D50+'PHC OVERHEAD COST F.xi'!D50+'WATSAN OVERHEAD COST F.xi'!D50+'TRADITIONAL OVERHEAD COST F.xi'!D50 -> 0 | E68: ='CHAIR OVERHEAD COST F.xi'!E50+'SLT OVERHEAD COST F.xi'!E50+'COUNCIL OVERHEAD COST F.xi'!E50+'PMD OVERHEAD COST F.xi'!E50+'AGRIC OVERHEAD COST F.xi'!E50+'FINANCE OVERHEAD COST F.xi'!E50+'WORKS OVERHEAD COST F.xi'!E50+'ESD OVERHEAD COST F.xi'!E50+'PHC OVERHEAD COST F.xi'!E50+'WATSAN OVERHEAD COST F.xi'!E50+'TRADITIONAL OVERHEAD COST F.xi'!E50 -> 0
A69: 22020603 | B69: RESIDENTIAL RENT | C69: ='CHAIR OVERHEAD COST F.xi'!C51+'SLT OVERHEAD COST F.xi'!C51+'COUNCIL OVERHEAD COST F.xi'!C51+'PMD OVERHEAD COST F.xi'!C51+'AGRIC OVERHEAD COST F.xi'!C51+'FINANCE OVERHEAD COST F.xi'!C51+'WORKS OVERHEAD COST F.xi'!C51+'ESD OVERHEAD COST F.xi'!C51+'PHC OVERHEAD COST F.xi'!C51+'WATSAN OVERHEAD COST F.xi'!C51+'TRADITIONAL OVERHEAD COST F.xi'!C51 -> 1320000 | D69: ='CHAIR OVERHEAD COST F.xi'!D51+'SLT OVERHEAD COST F.xi'!D51+'COUNCIL OVERHEAD COST F.xi'!D51+'PMD OVERHEAD COST F.xi'!D51+'AGRIC OVERHEAD COST F.xi'!D51+'FINANCE OVERHEAD COST F.xi'!D51+'WORKS OVERHEAD COST F.xi'!D51+'ESD OVERHEAD COST F.xi'!D51+'PHC OVERHEAD COST F.xi'!D51+'WATSAN OVERHEAD COST F.xi'!D51+'TRADITIONAL OVERHEAD COST F.xi'!D51 -> 0 | E69: ='CHAIR OVERHEAD COST F.xi'!E51+'SLT OVERHEAD COST F.xi'!E51+'COUNCIL OVERHEAD COST F.xi'!E51+'PMD OVERHEAD COST F.xi'!E51+'AGRIC OVERHEAD COST F.xi'!E51+'FINANCE OVERHEAD COST F.xi'!E51+'WORKS OVERHEAD COST F.xi'!E51+'ESD OVERHEAD COST F.xi'!E51+'PHC OVERHEAD COST F.xi'!E51+'WATSAN OVERHEAD COST F.xi'!E51+'TRADITIONAL OVERHEAD COST F.xi'!E51 -> 1320000
A70: 22020604 | B70: SECURITY VOTE (INCLUDING OPERATIONS) | C70: ='CHAIR OVERHEAD COST F.xi'!C52+'SLT OVERHEAD COST F.xi'!C52+'COUNCIL OVERHEAD COST F.xi'!C52+'PMD OVERHEAD COST F.xi'!C52+'AGRIC OVERHEAD COST F.xi'!C52+'FINANCE OVERHEAD COST F.xi'!C52+'WORKS OVERHEAD COST F.xi'!C52+'ESD OVERHEAD COST F.xi'!C52+'PHC OVERHEAD COST F.xi'!C52+'WATSAN OVERHEAD COST F.xi'!C52+'TRADITIONAL OVERHEAD COST F.xi'!C52 -> 6000000 | D70: ='CHAIR OVERHEAD COST F.xi'!D52+'SLT OVERHEAD COST F.xi'!D52+'COUNCIL OVERHEAD COST F.xi'!D52+'PMD OVERHEAD COST F.xi'!D52+'AGRIC OVERHEAD COST F.xi'!D52+'FINANCE OVERHEAD COST F.xi'!D52+'WORKS OVERHEAD COST F.xi'!D52+'ESD OVERHEAD COST F.xi'!D52+'PHC OVERHEAD COST F.xi'!D52+'WATSAN OVERHEAD COST F.xi'!D52+'TRADITIONAL OVERHEAD COST F.xi'!D52 -> 6000000 | E70: ='CHAIR OVERHEAD COST F.xi'!E52+'SLT OVERHEAD COST F.xi'!E52+'COUNCIL OVERHEAD COST F.xi'!E52+'PMD OVERHEAD COST F.xi'!E52+'AGRIC OVERHEAD COST F.xi'!E52+'FINANCE OVERHEAD COST F.xi'!E52+'WORKS OVERHEAD COST F.xi'!E52+'ESD OVERHEAD COST F.xi'!E52+'PHC OVERHEAD COST F.xi'!E52+'WATSAN OVERHEAD COST F.xi'!E52+'TRADITIONAL OVERHEAD COST F.xi'!E52 -> 6000000
A71: 22020605 | B71: CLEANING & FUMIGATION SERVICES | C71: ='CHAIR OVERHEAD COST F.xi'!C53+'SLT OVERHEAD COST F.xi'!C53+'COUNCIL OVERHEAD COST F.xi'!C53+'PMD OVERHEAD COST F.xi'!C53+'AGRIC OVERHEAD COST F.xi'!C53+'FINANCE OVERHEAD COST F.xi'!C53+'WORKS OVERHEAD COST F.xi'!C53+'ESD OVERHEAD COST F.xi'!C53+'PHC OVERHEAD COST F.xi'!C53+'WATSAN OVERHEAD COST F.xi'!C53+'TRADITIONAL OVERHEAD COST F.xi'!C53 -> 18250000 | D71: ='CHAIR OVERHEAD COST F.xi'!D53+'SLT OVERHEAD COST F.xi'!D53+'COUNCIL OVERHEAD COST F.xi'!D53+'PMD OVERHEAD COST F.xi'!D53+'AGRIC OVERHEAD COST F.xi'!D53+'FINANCE OVERHEAD COST F.xi'!D53+'WORKS OVERHEAD COST F.xi'!D53+'ESD OVERHEAD COST F.xi'!D53+'PHC OVERHEAD COST F.xi'!D53+'WATSAN OVERHEAD COST F.xi'!D53+'TRADITIONAL OVERHEAD COST F.xi'!D53 -> 15000000 | E71: ='CHAIR OVERHEAD COST F.xi'!E53+'SLT OVERHEAD COST F.xi'!E53+'COUNCIL OVERHEAD COST F.xi'!E53+'PMD OVERHEAD COST F.xi'!E53+'AGRIC OVERHEAD COST F.xi'!E53+'FINANCE OVERHEAD COST F.xi'!E53+'WORKS OVERHEAD COST F.xi'!E53+'ESD OVERHEAD COST F.xi'!E53+'PHC OVERHEAD COST F.xi'!E53+'WATSAN OVERHEAD COST F.xi'!E53+'TRADITIONAL OVERHEAD COST F.xi'!E53 -> 10000000
A72: 220207 | B72: CONSULTING & PROFESSIONAL SERVICES – GENERAL | C72: =SUM(C73:C80) -> 3410000 | D72: =SUM(D73:D80) -> 2145808.8 | E72: =SUM(E73:E80) -> 13210000
A73: 22020701 | B73: FINANCIAL CONSULTING | C73: ='CHAIR OVERHEAD COST F.xi'!C55+'SLT OVERHEAD COST F.xi'!C55+'COUNCIL OVERHEAD COST F.xi'!C55+'PMD OVERHEAD COST F.xi'!C55+'AGRIC OVERHEAD COST F.xi'!C55+'FINANCE OVERHEAD COST F.xi'!C55+'WORKS OVERHEAD COST F.xi'!C55+'ESD OVERHEAD COST F.xi'!C55+'PHC OVERHEAD COST F.xi'!C55+'WATSAN OVERHEAD COST F.xi'!C55+'TRADITIONAL OVERHEAD COST F.xi'!C55 -> 0 | D73: ='CHAIR OVERHEAD COST F.xi'!D55+'SLT OVERHEAD COST F.xi'!D55+'COUNCIL OVERHEAD COST F.xi'!D55+'PMD OVERHEAD COST F.xi'!D55+'AGRIC OVERHEAD COST F.xi'!D55+'FINANCE OVERHEAD COST F.xi'!D55+'WORKS OVERHEAD COST F.xi'!D55+'ESD OVERHEAD COST F.xi'!D55+'PHC OVERHEAD COST F.xi'!D55+'WATSAN OVERHEAD COST F.xi'!D55+'TRADITIONAL OVERHEAD COST F.xi'!D55 -> 0 | E73: ='CHAIR OVERHEAD COST F.xi'!E55+'SLT OVERHEAD COST F.xi'!E55+'COUNCIL OVERHEAD COST F.xi'!E55+'PMD OVERHEAD COST F.xi'!E55+'AGRIC OVERHEAD COST F.xi'!E55+'FINANCE OVERHEAD COST F.xi'!E55+'WORKS OVERHEAD COST F.xi'!E55+'ESD OVERHEAD COST F.xi'!E55+'PHC OVERHEAD COST F.xi'!E55+'WATSAN OVERHEAD COST F.xi'!E55+'TRADITIONAL OVERHEAD COST F.xi'!E55 -> 0
A74: 22020702 | B74: INFORMATION TECHNOLOGY CONSULTING | C74: ='CHAIR OVERHEAD COST F.xi'!C56+'SLT OVERHEAD COST F.xi'!C56+'COUNCIL OVERHEAD COST F.xi'!C56+'PMD OVERHEAD COST F.xi'!C56+'AGRIC OVERHEAD COST F.xi'!C56+'FINANCE OVERHEAD COST F.xi'!C56+'WORKS OVERHEAD COST F.xi'!C56+'ESD OVERHEAD COST F.xi'!C56+'PHC OVERHEAD COST F.xi'!C56+'WATSAN OVERHEAD COST F.xi'!C56+'TRADITIONAL OVERHEAD COST F.xi'!C56 -> 0 | D74: ='CHAIR OVERHEAD COST F.xi'!D56+'SLT OVERHEAD COST F.xi'!D56+'COUNCIL OVERHEAD COST F.xi'!D56+'PMD OVERHEAD COST F.xi'!D56+'AGRIC OVERHEAD COST F.xi'!D56+'FINANCE OVERHEAD COST F.xi'!D56+'WORKS OVERHEAD COST F.xi'!D56+'ESD OVERHEAD COST F.xi'!D56+'PHC OVERHEAD COST F.xi'!D56+'WATSAN OVERHEAD COST F.xi'!D56+'TRADITIONAL OVERHEAD COST F.xi'!D56 -> 0 | E74: ='CHAIR OVERHEAD COST F.xi'!E56+'SLT OVERHEAD COST F.xi'!E56+'COUNCIL OVERHEAD COST F.xi'!E56+'PMD OVERHEAD COST F.xi'!E56+'AGRIC OVERHEAD COST F.xi'!E56+'FINANCE OVERHEAD COST F.xi'!E56+'WORKS OVERHEAD COST F.xi'!E56+'ESD OVERHEAD COST F.xi'!E56+'PHC OVERHEAD COST F.xi'!E56+'WATSAN OVERHEAD COST F.xi'!E56+'TRADITIONAL OVERHEAD COST F.xi'!E56 -> 1500000
A75: 22020703 | B75: LEGAL SERVICES | C75: ='CHAIR OVERHEAD COST F.xi'!C57+'SLT OVERHEAD COST F.xi'!C57+'COUNCIL OVERHEAD COST F.xi'!C57+'PMD OVERHEAD COST F.xi'!C57+'AGRIC OVERHEAD COST F.xi'!C57+'FINANCE OVERHEAD COST F.xi'!C57+'WORKS OVERHEAD COST F.xi'!C57+'ESD OVERHEAD COST F.xi'!C57+'PHC OVERHEAD COST F.xi'!C57+'WATSAN OVERHEAD COST F.xi'!C57+'TRADITIONAL OVERHEAD COST F.xi'!C57 -> 1210000 | D75: ='CHAIR OVERHEAD COST F.xi'!D57+'SLT OVERHEAD COST F.xi'!D57+'COUNCIL OVERHEAD COST F.xi'!D57+'PMD OVERHEAD COST F.xi'!D57+'AGRIC OVERHEAD COST F.xi'!D57+'FINANCE OVERHEAD COST F.xi'!D57+'WORKS OVERHEAD COST F.xi'!D57+'ESD OVERHEAD COST F.xi'!D57+'PHC OVERHEAD COST F.xi'!D57+'WATSAN OVERHEAD COST F.xi'!D57+'TRADITIONAL OVERHEAD COST F.xi'!D57 -> 45808.82 | E75: ='CHAIR OVERHEAD COST F.xi'!E57+'SLT OVERHEAD COST F.xi'!E57+'COUNCIL OVERHEAD COST F.xi'!E57+'PMD OVERHEAD COST F.xi'!E57+'AGRIC OVERHEAD COST F.xi'!E57+'FINANCE OVERHEAD COST F.xi'!E57+'WORKS OVERHEAD COST F.xi'!E57+'ESD OVERHEAD COST F.xi'!E57+'PHC OVERHEAD COST F.xi'!E57+'WATSAN OVERHEAD COST F.xi'!E57+'TRADITIONAL OVERHEAD COST F.xi'!E57 -> 1210000
A76: 22020707 | B76: AGRICULTURAL CONSULTING | C76: ='CHAIR OVERHEAD COST F.xi'!C58+'SLT OVERHEAD COST F.xi'!C58+'COUNCIL OVERHEAD COST F.xi'!C58+'PMD OVERHEAD COST F.xi'!C58+'AGRIC OVERHEAD COST F.xi'!C58+'FINANCE OVERHEAD COST F.xi'!C58+'WORKS OVERHEAD COST F.xi'!C58+'ESD OVERHEAD COST F.xi'!C58+'PHC OVERHEAD COST F.xi'!C58+'WATSAN OVERHEAD COST F.xi'!C58+'TRADITIONAL OVERHEAD COST F.xi'!C58 -> 0 | D76: ='CHAIR OVERHEAD COST F.xi'!D58+'SLT OVERHEAD COST F.xi'!D58+'COUNCIL OVERHEAD COST F.xi'!D58+'PMD OVERHEAD COST F.xi'!D58+'AGRIC OVERHEAD COST F.xi'!D58+'FINANCE OVERHEAD COST F.xi'!D58+'WORKS OVERHEAD COST F.xi'!D58+'ESD OVERHEAD COST F.xi'!D58+'PHC OVERHEAD COST F.xi'!D58+'WATSAN OVERHEAD COST F.xi'!D58+'TRADITIONAL OVERHEAD COST F.xi'!D58 -> 0 | E76: ='CHAIR OVERHEAD COST F.xi'!E58+'SLT OVERHEAD COST F.xi'!E58+'COUNCIL OVERHEAD COST F.xi'!E58+'PMD OVERHEAD COST F.xi'!E58+'AGRIC OVERHEAD COST F.xi'!E58+'FINANCE OVERHEAD COST F.xi'!E58+'WORKS OVERHEAD COST F.xi'!E58+'ESD OVERHEAD COST F.xi'!E58+'PHC OVERHEAD COST F.xi'!E58+'WATSAN OVERHEAD COST F.xi'!E58+'TRADITIONAL OVERHEAD COST F.xi'!E58 -> 0
A77: 22020708 | B77: MEDICAL CONSULTING | C77: ='CHAIR OVERHEAD COST F.xi'!C59+'SLT OVERHEAD COST F.xi'!C59+'COUNCIL OVERHEAD COST F.xi'!C59+'PMD OVERHEAD COST F.xi'!C59+'AGRIC OVERHEAD COST F.xi'!C59+'FINANCE OVERHEAD COST F.xi'!C59+'WORKS OVERHEAD COST F.xi'!C59+'ESD OVERHEAD COST F.xi'!C59+'PHC OVERHEAD COST F.xi'!C59+'WATSAN OVERHEAD COST F.xi'!C59+'TRADITIONAL OVERHEAD COST F.xi'!C59 -> 2200000 | D77: ='CHAIR OVERHEAD COST F.xi'!D59+'SLT OVERHEAD COST F.xi'!D59+'COUNCIL OVERHEAD COST F.xi'!D59+'PMD OVERHEAD COST F.xi'!D59+'AGRIC OVERHEAD COST F.xi'!D59+'FINANCE OVERHEAD COST F.xi'!D59+'WORKS OVERHEAD COST F.xi'!D59+'ESD OVERHEAD COST F.xi'!D59+'PHC OVERHEAD COST F.xi'!D59+'WATSAN OVERHEAD COST F.xi'!D59+'TRADITIONAL OVERHEAD COST F.xi'!D59 -> 2100000 | E77: ='CHAIR OVERHEAD COST F.xi'!E59+'SLT OVERHEAD COST F.xi'!E59+'COUNCIL OVERHEAD COST F.xi'!E59+'PMD OVERHEAD COST F.xi'!E59+'AGRIC OVERHEAD COST F.xi'!E59+'FINANCE OVERHEAD COST F.xi'!E59+'WORKS OVERHEAD COST F.xi'!E59+'ESD OVERHEAD COST F.xi'!E59+'PHC OVERHEAD COST F.xi'!E59+'WATSAN OVERHEAD COST F.xi'!E59+'TRADITIONAL OVERHEAD COST F.xi'!E59 -> 5000000
A78: 22020709 | B78: AUDITING OF ACCOUNTS | C78: ='CHAIR OVERHEAD COST F.xi'!C60+'SLT OVERHEAD COST F.xi'!C60+'COUNCIL OVERHEAD COST F.xi'!C60+'PMD OVERHEAD COST F.xi'!C60+'AGRIC OVERHEAD COST F.xi'!C60+'FINANCE OVERHEAD COST F.xi'!C60+'WORKS OVERHEAD COST F.xi'!C60+'ESD OVERHEAD COST F.xi'!C60+'PHC OVERHEAD COST F.xi'!C60+'WATSAN OVERHEAD COST F.xi'!C60+'TRADITIONAL OVERHEAD COST F.xi'!C60 -> 0 | D78: ='CHAIR OVERHEAD COST F.xi'!D60+'SLT OVERHEAD COST F.xi'!D60+'COUNCIL OVERHEAD COST F.xi'!D60+'PMD OVERHEAD COST F.xi'!D60+'AGRIC OVERHEAD COST F.xi'!D60+'FINANCE OVERHEAD COST F.xi'!D60+'WORKS OVERHEAD COST F.xi'!D60+'ESD OVERHEAD COST F.xi'!D60+'PHC OVERHEAD COST F.xi'!D60+'WATSAN OVERHEAD COST F.xi'!D60+'TRADITIONAL OVERHEAD COST F.xi'!D60 -> 0 | E78: ='CHAIR OVERHEAD COST F.xi'!E60+'SLT OVERHEAD COST F.xi'!E60+'COUNCIL OVERHEAD COST F.xi'!E60+'PMD OVERHEAD COST F.xi'!E60+'AGRIC OVERHEAD COST F.xi'!E60+'FINANCE OVERHEAD COST F.xi'!E60+'WORKS OVERHEAD COST F.xi'!E60+'ESD OVERHEAD COST F.xi'!E60+'PHC OVERHEAD COST F.xi'!E60+'WATSAN OVERHEAD COST F.xi'!E60+'TRADITIONAL OVERHEAD COST F.xi'!E60 -> 0
A79: 22020711 | B79: MEDIA RELATION SERVICES | C79: ='CHAIR OVERHEAD COST F.xi'!C61+'SLT OVERHEAD COST F.xi'!C61+'COUNCIL OVERHEAD COST F.xi'!C61+'PMD OVERHEAD COST F.xi'!C61+'AGRIC OVERHEAD COST F.xi'!C61+'FINANCE OVERHEAD COST F.xi'!C61+'WORKS OVERHEAD COST F.xi'!C61+'ESD OVERHEAD COST F.xi'!C61+'PHC OVERHEAD COST F.xi'!C61+'WATSAN OVERHEAD COST F.xi'!C61+'TRADITIONAL OVERHEAD COST F.xi'!C61 -> 0 | D79: ='CHAIR OVERHEAD COST F.xi'!D61+'SLT OVERHEAD COST F.xi'!D61+'COUNCIL OVERHEAD COST F.xi'!D61+'PMD OVERHEAD COST F.xi'!D61+'AGRIC OVERHEAD COST F.xi'!D61+'FINANCE OVERHEAD COST F.xi'!D61+'WORKS OVERHEAD COST F.xi'!D61+'ESD OVERHEAD COST F.xi'!D61+'PHC OVERHEAD COST F.xi'!D61+'WATSAN OVERHEAD COST F.xi'!D61+'TRADITIONAL OVERHEAD COST F.xi'!D61 -> 0 | E79: ='CHAIR OVERHEAD COST F.xi'!E61+'SLT OVERHEAD COST F.xi'!E61+'COUNCIL OVERHEAD COST F.xi'!E61+'PMD OVERHEAD COST F.xi'!E61+'AGRIC OVERHEAD COST F.xi'!E61+'FINANCE OVERHEAD COST F.xi'!E61+'WORKS OVERHEAD COST F.xi'!E61+'ESD OVERHEAD COST F.xi'!E61+'PHC OVERHEAD COST F.xi'!E61+'WATSAN OVERHEAD COST F.xi'!E61+'TRADITIONAL OVERHEAD COST F.xi'!E61 -> 5500000
A80: 22020712 | B80: OTHER CONSULTING SERVICES | C80: ='CHAIR OVERHEAD COST F.xi'!C62+'SLT OVERHEAD COST F.xi'!C62+'COUNCIL OVERHEAD COST F.xi'!C62+'PMD OVERHEAD COST F.xi'!C62+'AGRIC OVERHEAD COST F.xi'!C62+'FINANCE OVERHEAD COST F.xi'!C62+'WORKS OVERHEAD COST F.xi'!C62+'ESD OVERHEAD COST F.xi'!C62+'PHC OVERHEAD COST F.xi'!C62+'WATSAN OVERHEAD COST F.xi'!C62+'TRADITIONAL OVERHEAD COST F.xi'!C62 -> 0 | D80: ='CHAIR OVERHEAD COST F.xi'!D62+'SLT OVERHEAD COST F.xi'!D62+'COUNCIL OVERHEAD COST F.xi'!D62+'PMD OVERHEAD COST F.xi'!D62+'AGRIC OVERHEAD COST F.xi'!D62+'FINANCE OVERHEAD COST F.xi'!D62+'WORKS OVERHEAD COST F.xi'!D62+'ESD OVERHEAD COST F.xi'!D62+'PHC OVERHEAD COST F.xi'!D62+'WATSAN OVERHEAD COST F.xi'!D62+'TRADITIONAL OVERHEAD COST F.xi'!D62 -> 0 | E80: ='CHAIR OVERHEAD COST F.xi'!E62+'SLT OVERHEAD COST F.xi'!E62+'COUNCIL OVERHEAD COST F.xi'!E62+'PMD OVERHEAD COST F.xi'!E62+'AGRIC OVERHEAD COST F.xi'!E62+'FINANCE OVERHEAD COST F.xi'!E62+'WORKS OVERHEAD COST F.xi'!E62+'ESD OVERHEAD COST F.xi'!E62+'PHC OVERHEAD COST F.xi'!E62+'WATSAN OVERHEAD COST F.xi'!E62+'TRADITIONAL OVERHEAD COST F.xi'!E62 -> 0
A81: 220208 | B81: FUEL & LUBRICANTS – GENERAL | C81: =SUM(C82:C84) -> 16857500 | D81: =SUM(D82:D84) -> 7911000 | E81: =SUM(E82:E84) -> 12205000
A82: 22020801 | B82: MOTOR VEHICLE FUEL COST | C82: ='CHAIR OVERHEAD COST F.xi'!C64+'SLT OVERHEAD COST F.xi'!C64+'COUNCIL OVERHEAD COST F.xi'!C64+'PMD OVERHEAD COST F.xi'!C64+'AGRIC OVERHEAD COST F.xi'!C64+'FINANCE OVERHEAD COST F.xi'!C64+'WORKS OVERHEAD COST F.xi'!C64+'ESD OVERHEAD COST F.xi'!C64+'PHC OVERHEAD COST F.xi'!C64+'WATSAN OVERHEAD COST F.xi'!C64+'TRADITIONAL OVERHEAD COST F.xi'!C64 -> 13007500 | D82: ='CHAIR OVERHEAD COST F.xi'!D64+'SLT OVERHEAD COST F.xi'!D64+'COUNCIL OVERHEAD COST F.xi'!D64+'PMD OVERHEAD COST F.xi'!D64+'AGRIC OVERHEAD COST F.xi'!D64+'FINANCE OVERHEAD COST F.xi'!D64+'WORKS OVERHEAD COST F.xi'!D64+'ESD OVERHEAD COST F.xi'!D64+'PHC OVERHEAD COST F.xi'!D64+'WATSAN OVERHEAD COST F.xi'!D64+'TRADITIONAL OVERHEAD COST F.xi'!D64 -> 7405000 | E82: ='CHAIR OVERHEAD COST F.xi'!E64+'SLT OVERHEAD COST F.xi'!E64+'COUNCIL OVERHEAD COST F.xi'!E64+'PMD OVERHEAD COST F.xi'!E64+'AGRIC OVERHEAD COST F.xi'!E64+'FINANCE OVERHEAD COST F.xi'!E64+'WORKS OVERHEAD COST F.xi'!E64+'ESD OVERHEAD COST F.xi'!E64+'PHC OVERHEAD COST F.xi'!E64+'WATSAN OVERHEAD COST F.xi'!E64+'TRADITIONAL OVERHEAD COST F.xi'!E64 -> 10055000
A83: 22020802 | B83: OTHER TRANSPORT EQUIPMENT FUEL COST | C83: ='CHAIR OVERHEAD COST F.xi'!C65+'SLT OVERHEAD COST F.xi'!C65+'COUNCIL OVERHEAD COST F.xi'!C65+'PMD OVERHEAD COST F.xi'!C65+'AGRIC OVERHEAD COST F.xi'!C65+'FINANCE OVERHEAD COST F.xi'!C65+'WORKS OVERHEAD COST F.xi'!C65+'ESD OVERHEAD COST F.xi'!C65+'PHC OVERHEAD COST F.xi'!C65+'WATSAN OVERHEAD COST F.xi'!C65+'TRADITIONAL OVERHEAD COST F.xi'!C65 -> 2750000 | D83: ='CHAIR OVERHEAD COST F.xi'!D65+'SLT OVERHEAD COST F.xi'!D65+'COUNCIL OVERHEAD COST F.xi'!D65+'PMD OVERHEAD COST F.xi'!D65+'AGRIC OVERHEAD COST F.xi'!D65+'FINANCE OVERHEAD COST F.xi'!D65+'WORKS OVERHEAD COST F.xi'!D65+'ESD OVERHEAD COST F.xi'!D65+'PHC OVERHEAD COST F.xi'!D65+'WATSAN OVERHEAD COST F.xi'!D65+'TRADITIONAL OVERHEAD COST F.xi'!D65 -> 506000 | E83: ='CHAIR OVERHEAD COST F.xi'!E65+'SLT OVERHEAD COST F.xi'!E65+'COUNCIL OVERHEAD COST F.xi'!E65+'PMD OVERHEAD COST F.xi'!E65+'AGRIC OVERHEAD COST F.xi'!E65+'FINANCE OVERHEAD COST F.xi'!E65+'WORKS OVERHEAD COST F.xi'!E65+'ESD OVERHEAD COST F.xi'!E65+'PHC OVERHEAD COST F.xi'!E65+'WATSAN OVERHEAD COST F.xi'!E65+'TRADITIONAL OVERHEAD COST F.xi'!E65 -> 1210000
A84: 22020803 | B84: PLANT / GENERATOR FUEL COST | C84: ='CHAIR OVERHEAD COST F.xi'!C66+'SLT OVERHEAD COST F.xi'!C66+'COUNCIL OVERHEAD COST F.xi'!C66+'PMD OVERHEAD COST F.xi'!C66+'AGRIC OVERHEAD COST F.xi'!C66+'FINANCE OVERHEAD COST F.xi'!C66+'WORKS OVERHEAD COST F.xi'!C66+'ESD OVERHEAD COST F.xi'!C66+'PHC OVERHEAD COST F.xi'!C66+'WATSAN OVERHEAD COST F.xi'!C66+'TRADITIONAL OVERHEAD COST F.xi'!C66 -> 1100000 | D84: ='CHAIR OVERHEAD COST F.xi'!D66+'SLT OVERHEAD COST F.xi'!D66+'COUNCIL OVERHEAD COST F.xi'!D66+'PMD OVERHEAD COST F.xi'!D66+'AGRIC OVERHEAD COST F.xi'!D66+'FINANCE OVERHEAD COST F.xi'!D66+'WORKS OVERHEAD COST F.xi'!D66+'ESD OVERHEAD COST F.xi'!D66+'PHC OVERHEAD COST F.xi'!D66+'WATSAN OVERHEAD COST F.xi'!D66+'TRADITIONAL OVERHEAD COST F.xi'!D66 -> 0 | E84: ='CHAIR OVERHEAD COST F.xi'!E66+'SLT OVERHEAD COST F.xi'!E66+'COUNCIL OVERHEAD COST F.xi'!E66+'PMD OVERHEAD COST F.xi'!E66+'AGRIC OVERHEAD COST F.xi'!E66+'FINANCE OVERHEAD COST F.xi'!E66+'WORKS OVERHEAD COST F.xi'!E66+'ESD OVERHEAD COST F.xi'!E66+'PHC OVERHEAD COST F.xi'!E66+'WATSAN OVERHEAD COST F.xi'!E66+'TRADITIONAL OVERHEAD COST F.xi'!E66 -> 940000
A85: 220209 | B85: FINANCIAL CHARGES - GENERAL | C85: =SUM(C86:C87) -> 1000000 | D85: =SUM(D86:D87) -> 54890.64 | E85: =SUM(E86:E87) -> 200000
A86: 22020901 | B86: BANK CHARGES | C86: ='CHAIR OVERHEAD COST F.xi'!C68+'SLT OVERHEAD COST F.xi'!C68+'COUNCIL OVERHEAD COST F.xi'!C68+'PMD OVERHEAD COST F.xi'!C68+'AGRIC OVERHEAD COST F.xi'!C68+'FINANCE OVERHEAD COST F.xi'!C68+'WORKS OVERHEAD COST F.xi'!C68+'ESD OVERHEAD COST F.xi'!C68+'PHC OVERHEAD COST F.xi'!C68+'WATSAN OVERHEAD COST F.xi'!C68+'TRADITIONAL OVERHEAD COST F.xi'!C68 -> 1000000 | D86: ='CHAIR OVERHEAD COST F.xi'!D68+'SLT OVERHEAD COST F.xi'!D68+'COUNCIL OVERHEAD COST F.xi'!D68+'PMD OVERHEAD COST F.xi'!D68+'AGRIC OVERHEAD COST F.xi'!D68+'FINANCE OVERHEAD COST F.xi'!D68+'WORKS OVERHEAD COST F.xi'!D68+'ESD OVERHEAD COST F.xi'!D68+'PHC OVERHEAD COST F.xi'!D68+'WATSAN OVERHEAD COST F.xi'!D68+'TRADITIONAL OVERHEAD COST F.xi'!D68 -> 54890.64 | E86: ='CHAIR OVERHEAD COST F.xi'!E68+'SLT OVERHEAD COST F.xi'!E68+'COUNCIL OVERHEAD COST F.xi'!E68+'PMD OVERHEAD COST F.xi'!E68+'AGRIC OVERHEAD COST F.xi'!E68+'FINANCE OVERHEAD COST F.xi'!E68+'WORKS OVERHEAD COST F.xi'!E68+'ESD OVERHEAD COST F.xi'!E68+'PHC OVERHEAD COST F.xi'!E68+'WATSAN OVERHEAD COST F.xi'!E68+'TRADITIONAL OVERHEAD COST F.xi'!E68 -> 200000
A87: 22020902 | B87: INSURANCE PREMIUM | C87: ='CHAIR OVERHEAD COST F.xi'!C69+'SLT OVERHEAD COST F.xi'!C69+'COUNCIL OVERHEAD COST F.xi'!C69+'PMD OVERHEAD COST F.xi'!C69+'AGRIC OVERHEAD COST F.xi'!C69+'FINANCE OVERHEAD COST F.xi'!C69+'WORKS OVERHEAD COST F.xi'!C69+'ESD OVERHEAD COST F.xi'!C69+'PHC OVERHEAD COST F.xi'!C69+'WATSAN OVERHEAD COST F.xi'!C69+'TRADITIONAL OVERHEAD COST F.xi'!C69 -> 0 | D87: ='CHAIR OVERHEAD COST F.xi'!D69+'SLT OVERHEAD COST F.xi'!D69+'COUNCIL OVERHEAD COST F.xi'!D69+'PMD OVERHEAD COST F.xi'!D69+'AGRIC OVERHEAD COST F.xi'!D69+'FINANCE OVERHEAD COST F.xi'!D69+'WORKS OVERHEAD COST F.xi'!D69+'ESD OVERHEAD COST F.xi'!D69+'PHC OVERHEAD COST F.xi'!D69+'WATSAN OVERHEAD COST F.xi'!D69+'TRADITIONAL OVERHEAD COST F.xi'!D69 -> 0 | E87: ='CHAIR OVERHEAD COST F.xi'!E69+'SLT OVERHEAD COST F.xi'!E69+'COUNCIL OVERHEAD COST F.xi'!E69+'PMD OVERHEAD COST F.xi'!E69+'AGRIC OVERHEAD COST F.xi'!E69+'FINANCE OVERHEAD COST F.xi'!E69+'WORKS OVERHEAD COST F.xi'!E69+'ESD OVERHEAD COST F.xi'!E69+'PHC OVERHEAD COST F.xi'!E69+'WATSAN OVERHEAD COST F.xi'!E69+'TRADITIONAL OVERHEAD COST F.xi'!E69 -> 0
A88: 220210 | B88: MISCELLANEOUS EXPENSES GENERAL | C88: =SUM(C89:C102) -> 618774700 | D88: =SUM(D89:D102) -> 4.5298347e+08 | E88: =SUM(E89:E102) -> 440345255
A89: 22021001 | B89: REFRESHMENT & MEALS | C89: ='CHAIR OVERHEAD COST F.xi'!C71+'SLT OVERHEAD COST F.xi'!C71+'COUNCIL OVERHEAD COST F.xi'!C71+'PMD OVERHEAD COST F.xi'!C71+'AGRIC OVERHEAD COST F.xi'!C71+'FINANCE OVERHEAD COST F.xi'!C71+'WORKS OVERHEAD COST F.xi'!C71+'ESD OVERHEAD COST F.xi'!C71+'PHC OVERHEAD COST F.xi'!C71+'WATSAN OVERHEAD COST F.xi'!C71+'TRADITIONAL OVERHEAD COST F.xi'!C71 -> 50749700 | D89: ='CHAIR OVERHEAD COST F.xi'!D71+'SLT OVERHEAD COST F.xi'!D71+'COUNCIL OVERHEAD COST F.xi'!D71+'PMD OVERHEAD COST F.xi'!D71+'AGRIC OVERHEAD COST F.xi'!D71+'FINANCE OVERHEAD COST F.xi'!D71+'WORKS OVERHEAD COST F.xi'!D71+'ESD OVERHEAD COST F.xi'!D71+'PHC OVERHEAD COST F.xi'!D71+'WATSAN OVERHEAD COST F.xi'!D71+'TRADITIONAL OVERHEAD COST F.xi'!D71 -> 34544180 | E89: ='CHAIR OVERHEAD COST F.xi'!E71+'SLT OVERHEAD COST F.xi'!E71+'COUNCIL OVERHEAD COST F.xi'!E71+'PMD OVERHEAD COST F.xi'!E71+'AGRIC OVERHEAD COST F.xi'!E71+'FINANCE OVERHEAD COST F.xi'!E71+'WORKS OVERHEAD COST F.xi'!E71+'ESD OVERHEAD COST F.xi'!E71+'PHC OVERHEAD COST F.xi'!E71+'WATSAN OVERHEAD COST F.xi'!E71+'TRADITIONAL OVERHEAD COST F.xi'!E71 -> 105349700
A90: 22021002 | B90: HONORARIUM & SITTING ALLOWANCE | C90: ='CHAIR OVERHEAD COST F.xi'!C72+'SLT OVERHEAD COST F.xi'!C72+'COUNCIL OVERHEAD COST F.xi'!C72+'PMD OVERHEAD COST F.xi'!C72+'AGRIC OVERHEAD COST F.xi'!C72+'FINANCE OVERHEAD COST F.xi'!C72+'WORKS OVERHEAD COST F.xi'!C72+'ESD OVERHEAD COST F.xi'!C72+'PHC OVERHEAD COST F.xi'!C72+'WATSAN OVERHEAD COST F.xi'!C72+'TRADITIONAL OVERHEAD COST F.xi'!C72 -> 10175000 | D90: ='CHAIR OVERHEAD COST F.xi'!D72+'SLT OVERHEAD COST F.xi'!D72+'COUNCIL OVERHEAD COST F.xi'!D72+'PMD OVERHEAD COST F.xi'!D72+'AGRIC OVERHEAD COST F.xi'!D72+'FINANCE OVERHEAD COST F.xi'!D72+'WORKS OVERHEAD COST F.xi'!D72+'ESD OVERHEAD COST F.xi'!D72+'PHC OVERHEAD COST F.xi'!D72+'WATSAN OVERHEAD COST F.xi'!D72+'TRADITIONAL OVERHEAD COST F.xi'!D72 -> 7000720.6 | E90: ='CHAIR OVERHEAD COST F.xi'!E72+'SLT OVERHEAD COST F.xi'!E72+'COUNCIL OVERHEAD COST F.xi'!E72+'PMD OVERHEAD COST F.xi'!E72+'AGRIC OVERHEAD COST F.xi'!E72+'FINANCE OVERHEAD COST F.xi'!E72+'WORKS OVERHEAD COST F.xi'!E72+'ESD OVERHEAD COST F.xi'!E72+'PHC OVERHEAD COST F.xi'!E72+'WATSAN OVERHEAD COST F.xi'!E72+'TRADITIONAL OVERHEAD COST F.xi'!E72 -> 21875000
A91: 22021003 | B91: PUBLICITY & ADVERTISEMENTS | C91: ='CHAIR OVERHEAD COST F.xi'!C73+'SLT OVERHEAD COST F.xi'!C73+'COUNCIL OVERHEAD COST F.xi'!C73+'PMD OVERHEAD COST F.xi'!C73+'AGRIC OVERHEAD COST F.xi'!C73+'FINANCE OVERHEAD COST F.xi'!C73+'WORKS OVERHEAD COST F.xi'!C73+'ESD OVERHEAD COST F.xi'!C73+'PHC OVERHEAD COST F.xi'!C73+'WATSAN OVERHEAD COST F.xi'!C73+'TRADITIONAL OVERHEAD COST F.xi'!C73 -> 0 | D91: ='CHAIR OVERHEAD COST F.xi'!D73+'SLT OVERHEAD COST F.xi'!D73+'COUNCIL OVERHEAD COST F.xi'!D73+'PMD OVERHEAD COST F.xi'!D73+'AGRIC OVERHEAD COST F.xi'!D73+'FINANCE OVERHEAD COST F.xi'!D73+'WORKS OVERHEAD COST F.xi'!D73+'ESD OVERHEAD COST F.xi'!D73+'PHC OVERHEAD COST F.xi'!D73+'WATSAN OVERHEAD COST F.xi'!D73+'TRADITIONAL OVERHEAD COST F.xi'!D73 -> 0 | E91: ='CHAIR OVERHEAD COST F.xi'!E73+'SLT OVERHEAD COST F.xi'!E73+'COUNCIL OVERHEAD COST F.xi'!E73+'PMD OVERHEAD COST F.xi'!E73+'AGRIC OVERHEAD COST F.xi'!E73+'FINANCE OVERHEAD COST F.xi'!E73+'WORKS OVERHEAD COST F.xi'!E73+'ESD OVERHEAD COST F.xi'!E73+'PHC OVERHEAD COST F.xi'!E73+'WATSAN OVERHEAD COST F.xi'!E73+'TRADITIONAL OVERHEAD COST F.xi'!E73 -> 0
A92: 22021004 | B92: MEDICAL EXPENSES-LOCAL | C92: ='CHAIR OVERHEAD COST F.xi'!C74+'SLT OVERHEAD COST F.xi'!C74+'COUNCIL OVERHEAD COST F.xi'!C74+'PMD OVERHEAD COST F.xi'!C74+'AGRIC OVERHEAD COST F.xi'!C74+'FINANCE OVERHEAD COST F.xi'!C74+'WORKS OVERHEAD COST F.xi'!C74+'ESD OVERHEAD COST F.xi'!C74+'PHC OVERHEAD COST F.xi'!C74+'WATSAN OVERHEAD COST F.xi'!C74+'TRADITIONAL OVERHEAD COST F.xi'!C74 -> 0 | D92: ='CHAIR OVERHEAD COST F.xi'!D74+'SLT OVERHEAD COST F.xi'!D74+'COUNCIL OVERHEAD COST F.xi'!D74+'PMD OVERHEAD COST F.xi'!D74+'AGRIC OVERHEAD COST F.xi'!D74+'FINANCE OVERHEAD COST F.xi'!D74+'WORKS OVERHEAD COST F.xi'!D74+'ESD OVERHEAD COST F.xi'!D74+'PHC OVERHEAD COST F.xi'!D74+'WATSAN OVERHEAD COST F.xi'!D74+'TRADITIONAL OVERHEAD COST F.xi'!D74 -> 0 | E92: ='CHAIR OVERHEAD COST F.xi'!E74+'SLT OVERHEAD COST F.xi'!E74+'COUNCIL OVERHEAD COST F.xi'!E74+'PMD OVERHEAD COST F.xi'!E74+'AGRIC OVERHEAD COST F.xi'!E74+'FINANCE OVERHEAD COST F.xi'!E74+'WORKS OVERHEAD COST F.xi'!E74+'ESD OVERHEAD COST F.xi'!E74+'PHC OVERHEAD COST F.xi'!E74+'WATSAN OVERHEAD COST F.xi'!E74+'TRADITIONAL OVERHEAD COST F.xi'!E74 -> 0
A93: 22021006 | B93: POSTAGES & COURIER SERVICES | C93: ='CHAIR OVERHEAD COST F.xi'!C75+'SLT OVERHEAD COST F.xi'!C75+'COUNCIL OVERHEAD COST F.xi'!C75+'PMD OVERHEAD COST F.xi'!C75+'AGRIC OVERHEAD COST F.xi'!C75+'FINANCE OVERHEAD COST F.xi'!C75+'WORKS OVERHEAD COST F.xi'!C75+'ESD OVERHEAD COST F.xi'!C75+'PHC OVERHEAD COST F.xi'!C75+'WATSAN OVERHEAD COST F.xi'!C75+'TRADITIONAL OVERHEAD COST F.xi'!C75 -> 0 | D93: ='CHAIR OVERHEAD COST F.xi'!D75+'SLT OVERHEAD COST F.xi'!D75+'COUNCIL OVERHEAD COST F.xi'!D75+'PMD OVERHEAD COST F.xi'!D75+'AGRIC OVERHEAD COST F.xi'!D75+'FINANCE OVERHEAD COST F.xi'!D75+'WORKS OVERHEAD COST F.xi'!D75+'ESD OVERHEAD COST F.xi'!D75+'PHC OVERHEAD COST F.xi'!D75+'WATSAN OVERHEAD COST F.xi'!D75+'TRADITIONAL OVERHEAD COST F.xi'!D75 -> 0 | E93: ='CHAIR OVERHEAD COST F.xi'!E75+'SLT OVERHEAD COST F.xi'!E75+'COUNCIL OVERHEAD COST F.xi'!E75+'PMD OVERHEAD COST F.xi'!E75+'AGRIC OVERHEAD COST F.xi'!E75+'FINANCE OVERHEAD COST F.xi'!E75+'WORKS OVERHEAD COST F.xi'!E75+'ESD OVERHEAD COST F.xi'!E75+'PHC OVERHEAD COST F.xi'!E75+'WATSAN OVERHEAD COST F.xi'!E75+'TRADITIONAL OVERHEAD COST F.xi'!E75 -> 0
A94: 22021007 | B94: WELFARE PACKAGES | C94: ='CHAIR OVERHEAD COST F.xi'!C76+'SLT OVERHEAD COST F.xi'!C76+'COUNCIL OVERHEAD COST F.xi'!C76+'PMD OVERHEAD COST F.xi'!C76+'AGRIC OVERHEAD COST F.xi'!C76+'FINANCE OVERHEAD COST F.xi'!C76+'WORKS OVERHEAD COST F.xi'!C76+'ESD OVERHEAD COST F.xi'!C76+'PHC OVERHEAD COST F.xi'!C76+'WATSAN OVERHEAD COST F.xi'!C76+'TRADITIONAL OVERHEAD COST F.xi'!C76 -> 72300000 | D94: ='CHAIR OVERHEAD COST F.xi'!D76+'SLT OVERHEAD COST F.xi'!D76+'COUNCIL OVERHEAD COST F.xi'!D76+'PMD OVERHEAD COST F.xi'!D76+'AGRIC OVERHEAD COST F.xi'!D76+'FINANCE OVERHEAD COST F.xi'!D76+'WORKS OVERHEAD COST F.xi'!D76+'ESD OVERHEAD COST F.xi'!D76+'PHC OVERHEAD COST F.xi'!D76+'WATSAN OVERHEAD COST F.xi'!D76+'TRADITIONAL OVERHEAD COST F.xi'!D76 -> 50520944 | E94: ='CHAIR OVERHEAD COST F.xi'!E76+'SLT OVERHEAD COST F.xi'!E76+'COUNCIL OVERHEAD COST F.xi'!E76+'PMD OVERHEAD COST F.xi'!E76+'AGRIC OVERHEAD COST F.xi'!E76+'FINANCE OVERHEAD COST F.xi'!E76+'WORKS OVERHEAD COST F.xi'!E76+'ESD OVERHEAD COST F.xi'!E76+'PHC OVERHEAD COST F.xi'!E76+'WATSAN OVERHEAD COST F.xi'!E76+'TRADITIONAL OVERHEAD COST F.xi'!E76 -> 64700000
A95: 22021008 | B95: SUBSCRIPTION TO PROFESSIONAL BODIES | C95: ='CHAIR OVERHEAD COST F.xi'!C77+'SLT OVERHEAD COST F.xi'!C77+'COUNCIL OVERHEAD COST F.xi'!C77+'PMD OVERHEAD COST F.xi'!C77+'AGRIC OVERHEAD COST F.xi'!C77+'FINANCE OVERHEAD COST F.xi'!C77+'WORKS OVERHEAD COST F.xi'!C77+'ESD OVERHEAD COST F.xi'!C77+'PHC OVERHEAD COST F.xi'!C77+'WATSAN OVERHEAD COST F.xi'!C77+'TRADITIONAL OVERHEAD COST F.xi'!C77 -> 0 | D95: ='CHAIR OVERHEAD COST F.xi'!D77+'SLT OVERHEAD COST F.xi'!D77+'COUNCIL OVERHEAD COST F.xi'!D77+'PMD OVERHEAD COST F.xi'!D77+'AGRIC OVERHEAD COST F.xi'!D77+'FINANCE OVERHEAD COST F.xi'!D77+'WORKS OVERHEAD COST F.xi'!D77+'ESD OVERHEAD COST F.xi'!D77+'PHC OVERHEAD COST F.xi'!D77+'WATSAN OVERHEAD COST F.xi'!D77+'TRADITIONAL OVERHEAD COST F.xi'!D77 -> 0 | E95: ='CHAIR OVERHEAD COST F.xi'!E77+'SLT OVERHEAD COST F.xi'!E77+'COUNCIL OVERHEAD COST F.xi'!E77+'PMD OVERHEAD COST F.xi'!E77+'AGRIC OVERHEAD COST F.xi'!E77+'FINANCE OVERHEAD COST F.xi'!E77+'WORKS OVERHEAD COST F.xi'!E77+'ESD OVERHEAD COST F.xi'!E77+'PHC OVERHEAD COST F.xi'!E77+'WATSAN OVERHEAD COST F.xi'!E77+'TRADITIONAL OVERHEAD COST F.xi'!E77 -> 0
A96: 22021009 | B96: SPORTING ACTIVITIES | C96: ='CHAIR OVERHEAD COST F.xi'!C78+'SLT OVERHEAD COST F.xi'!C78+'COUNCIL OVERHEAD COST F.xi'!C78+'PMD OVERHEAD COST F.xi'!C78+'AGRIC OVERHEAD COST F.xi'!C78+'FINANCE OVERHEAD COST F.xi'!C78+'WORKS OVERHEAD COST F.xi'!C78+'ESD OVERHEAD COST F.xi'!C78+'PHC OVERHEAD COST F.xi'!C78+'WATSAN OVERHEAD COST F.xi'!C78+'TRADITIONAL OVERHEAD COST F.xi'!C78 -> 0 | D96: ='CHAIR OVERHEAD COST F.xi'!D78+'SLT OVERHEAD COST F.xi'!D78+'COUNCIL OVERHEAD COST F.xi'!D78+'PMD OVERHEAD COST F.xi'!D78+'AGRIC OVERHEAD COST F.xi'!D78+'FINANCE OVERHEAD COST F.xi'!D78+'WORKS OVERHEAD COST F.xi'!D78+'ESD OVERHEAD COST F.xi'!D78+'PHC OVERHEAD COST F.xi'!D78+'WATSAN OVERHEAD COST F.xi'!D78+'TRADITIONAL OVERHEAD COST F.xi'!D78 -> 0 | E96: ='CHAIR OVERHEAD COST F.xi'!E78+'SLT OVERHEAD COST F.xi'!E78+'COUNCIL OVERHEAD COST F.xi'!E78+'PMD OVERHEAD COST F.xi'!E78+'AGRIC OVERHEAD COST F.xi'!E78+'FINANCE OVERHEAD COST F.xi'!E78+'WORKS OVERHEAD COST F.xi'!E78+'ESD OVERHEAD COST F.xi'!E78+'PHC OVERHEAD COST F.xi'!E78+'WATSAN OVERHEAD COST F.xi'!E78+'TRADITIONAL OVERHEAD COST F.xi'!E78 -> 5000000
A97: 22021010 | B97: DIRECT TEACHING & LABORATORY COST | C97: ='CHAIR OVERHEAD COST F.xi'!C79+'SLT OVERHEAD COST F.xi'!C79+'COUNCIL OVERHEAD COST F.xi'!C79+'PMD OVERHEAD COST F.xi'!C79+'AGRIC OVERHEAD COST F.xi'!C79+'FINANCE OVERHEAD COST F.xi'!C79+'WORKS OVERHEAD COST F.xi'!C79+'ESD OVERHEAD COST F.xi'!C79+'PHC OVERHEAD COST F.xi'!C79+'WATSAN OVERHEAD COST F.xi'!C79+'TRADITIONAL OVERHEAD COST F.xi'!C79 -> 0 | D97: ='CHAIR OVERHEAD COST F.xi'!D79+'SLT OVERHEAD COST F.xi'!D79+'COUNCIL OVERHEAD COST F.xi'!D79+'PMD OVERHEAD COST F.xi'!D79+'AGRIC OVERHEAD COST F.xi'!D79+'FINANCE OVERHEAD COST F.xi'!D79+'WORKS OVERHEAD COST F.xi'!D79+'ESD OVERHEAD COST F.xi'!D79+'PHC OVERHEAD COST F.xi'!D79+'WATSAN OVERHEAD COST F.xi'!D79+'TRADITIONAL OVERHEAD COST F.xi'!D79 -> 0 | E97: ='CHAIR OVERHEAD COST F.xi'!E79+'SLT OVERHEAD COST F.xi'!E79+'COUNCIL OVERHEAD COST F.xi'!E79+'PMD OVERHEAD COST F.xi'!E79+'AGRIC OVERHEAD COST F.xi'!E79+'FINANCE OVERHEAD COST F.xi'!E79+'WORKS OVERHEAD COST F.xi'!E79+'ESD OVERHEAD COST F.xi'!E79+'PHC OVERHEAD COST F.xi'!E79+'WATSAN OVERHEAD COST F.xi'!E79+'TRADITIONAL OVERHEAD COST F.xi'!E79 -> 0
A98: 22021014 | B98: ANNUAL BUDGET EXPENSES | C98: ='CHAIR OVERHEAD COST F.xi'!C80+'SLT OVERHEAD COST F.xi'!C80+'COUNCIL OVERHEAD COST F.xi'!C80+'PMD OVERHEAD COST F.xi'!C80+'AGRIC OVERHEAD COST F.xi'!C80+'FINANCE OVERHEAD COST F.xi'!C80+'WORKS OVERHEAD COST F.xi'!C80+'ESD OVERHEAD COST F.xi'!C80+'PHC OVERHEAD COST F.xi'!C80+'WATSAN OVERHEAD COST F.xi'!C80+'TRADITIONAL OVERHEAD COST F.xi'!C80 -> 0 | D98: ='CHAIR OVERHEAD COST F.xi'!D80+'SLT OVERHEAD COST F.xi'!D80+'COUNCIL OVERHEAD COST F.xi'!D80+'PMD OVERHEAD COST F.xi'!D80+'AGRIC OVERHEAD COST F.xi'!D80+'FINANCE OVERHEAD COST F.xi'!D80+'WORKS OVERHEAD COST F.xi'!D80+'ESD OVERHEAD COST F.xi'!D80+'PHC OVERHEAD COST F.xi'!D80+'WATSAN OVERHEAD COST F.xi'!D80+'TRADITIONAL OVERHEAD COST F.xi'!D80 -> 0 | E98: ='CHAIR OVERHEAD COST F.xi'!E80+'SLT OVERHEAD COST F.xi'!E80+'COUNCIL OVERHEAD COST F.xi'!E80+'PMD OVERHEAD COST F.xi'!E80+'AGRIC OVERHEAD COST F.xi'!E80+'FINANCE OVERHEAD COST F.xi'!E80+'WORKS OVERHEAD COST F.xi'!E80+'ESD OVERHEAD COST F.xi'!E80+'PHC OVERHEAD COST F.xi'!E80+'WATSAN OVERHEAD COST F.xi'!E80+'TRADITIONAL OVERHEAD COST F.xi'!E80 -> 5000000
A99: 22021020 | B99: ELECTION-LOGISTICS SUPPORT | C99: ='CHAIR OVERHEAD COST F.xi'!C81+'SLT OVERHEAD COST F.xi'!C81+'COUNCIL OVERHEAD COST F.xi'!C81+'PMD OVERHEAD COST F.xi'!C81+'AGRIC OVERHEAD COST F.xi'!C81+'FINANCE OVERHEAD COST F.xi'!C81+'WORKS OVERHEAD COST F.xi'!C81+'ESD OVERHEAD COST F.xi'!C81+'PHC OVERHEAD COST F.xi'!C81+'WATSAN OVERHEAD COST F.xi'!C81+'TRADITIONAL OVERHEAD COST F.xi'!C81 -> 33000000 | D99: ='CHAIR OVERHEAD COST F.xi'!D81+'SLT OVERHEAD COST F.xi'!D81+'COUNCIL OVERHEAD COST F.xi'!D81+'PMD OVERHEAD COST F.xi'!D81+'AGRIC OVERHEAD COST F.xi'!D81+'FINANCE OVERHEAD COST F.xi'!D81+'WORKS OVERHEAD COST F.xi'!D81+'ESD OVERHEAD COST F.xi'!D81+'PHC OVERHEAD COST F.xi'!D81+'WATSAN OVERHEAD COST F.xi'!D81+'TRADITIONAL OVERHEAD COST F.xi'!D81 -> 15089522 | E99: ='CHAIR OVERHEAD COST F.xi'!E81+'SLT OVERHEAD COST F.xi'!E81+'COUNCIL OVERHEAD COST F.xi'!E81+'PMD OVERHEAD COST F.xi'!E81+'AGRIC OVERHEAD COST F.xi'!E81+'FINANCE OVERHEAD COST F.xi'!E81+'WORKS OVERHEAD COST F.xi'!E81+'ESD OVERHEAD COST F.xi'!E81+'PHC OVERHEAD COST F.xi'!E81+'WATSAN OVERHEAD COST F.xi'!E81+'TRADITIONAL OVERHEAD COST F.xi'!E81 -> 21420555
A100: 22021050 | B100: MEDICAL EXPENSES-INTERNATIONAL | C100: ='CHAIR OVERHEAD COST F.xi'!C82+'SLT OVERHEAD COST F.xi'!C82+'COUNCIL OVERHEAD COST F.xi'!C82+'PMD OVERHEAD COST F.xi'!C82+'AGRIC OVERHEAD COST F.xi'!C82+'FINANCE OVERHEAD COST F.xi'!C82+'WORKS OVERHEAD COST F.xi'!C82+'ESD OVERHEAD COST F.xi'!C82+'PHC OVERHEAD COST F.xi'!C82+'WATSAN OVERHEAD COST F.xi'!C82+'TRADITIONAL OVERHEAD COST F.xi'!C82 -> 0 | D100: ='CHAIR OVERHEAD COST F.xi'!D82+'SLT OVERHEAD COST F.xi'!D82+'COUNCIL OVERHEAD COST F.xi'!D82+'PMD OVERHEAD COST F.xi'!D82+'AGRIC OVERHEAD COST F.xi'!D82+'FINANCE OVERHEAD COST F.xi'!D82+'WORKS OVERHEAD COST F.xi'!D82+'ESD OVERHEAD COST F.xi'!D82+'PHC OVERHEAD COST F.xi'!D82+'WATSAN OVERHEAD COST F.xi'!D82+'TRADITIONAL OVERHEAD COST F.xi'!D82 -> 0 | E100: ='CHAIR OVERHEAD COST F.xi'!E82+'SLT OVERHEAD COST F.xi'!E82+'COUNCIL OVERHEAD COST F.xi'!E82+'PMD OVERHEAD COST F.xi'!E82+'AGRIC OVERHEAD COST F.xi'!E82+'FINANCE OVERHEAD COST F.xi'!E82+'WORKS OVERHEAD COST F.xi'!E82+'ESD OVERHEAD COST F.xi'!E82+'PHC OVERHEAD COST F.xi'!E82+'WATSAN OVERHEAD COST F.xi'!E82+'TRADITIONAL OVERHEAD COST F.xi'!E82 -> 0
A101: 220210 | B101: RECURRENT ADJUSTMENT | C101: ='CHAIR OVERHEAD COST F.xi'!C82+'SLT OVERHEAD COST F.xi'!C82+'COUNCIL OVERHEAD COST F.xi'!C82+'PMD OVERHEAD COST F.xi'!C82+'AGRIC OVERHEAD COST F.xi'!C82+'FINANCE OVERHEAD COST F.xi'!C83+'WORKS OVERHEAD COST F.xi'!C82+'ESD OVERHEAD COST F.xi'!C82+'PHC OVERHEAD COST F.xi'!C82+'WATSAN OVERHEAD COST F.xi'!C82+'TRADITIONAL OVERHEAD COST F.xi'!C82 -> 452550000 | D101: ='CHAIR OVERHEAD COST F.xi'!D82+'SLT OVERHEAD COST F.xi'!D82+'COUNCIL OVERHEAD COST F.xi'!D82+'PMD OVERHEAD COST F.xi'!D82+'AGRIC OVERHEAD COST F.xi'!D82+'FINANCE OVERHEAD COST F.xi'!D83+'WORKS OVERHEAD COST F.xi'!D82+'ESD OVERHEAD COST F.xi'!D82+'PHC OVERHEAD COST F.xi'!D82+'WATSAN OVERHEAD COST F.xi'!D82+'TRADITIONAL OVERHEAD COST F.xi'!D82 -> 3.4582811e+08 | E101: ='CHAIR OVERHEAD COST F.xi'!E82+'SLT OVERHEAD COST F.xi'!E82+'COUNCIL OVERHEAD COST F.xi'!E82+'PMD OVERHEAD COST F.xi'!E82+'AGRIC OVERHEAD COST F.xi'!E82+'FINANCE OVERHEAD COST F.xi'!E83+'WORKS OVERHEAD COST F.xi'!E82+'ESD OVERHEAD COST F.xi'!E82+'PHC OVERHEAD COST F.xi'!E82+'WATSAN OVERHEAD COST F.xi'!E82+'TRADITIONAL OVERHEAD COST F.xi'!E82 -> 200000000
A102: 22021052 | B102: SPECIAL DAYS/CELEBRATIONS | C102: ='CHAIR OVERHEAD COST F.xi'!C83+'SLT OVERHEAD COST F.xi'!C83+'COUNCIL OVERHEAD COST F.xi'!C83+'PMD OVERHEAD COST F.xi'!C83+'AGRIC OVERHEAD COST F.xi'!C83+'FINANCE OVERHEAD COST F.xi'!C84+'WORKS OVERHEAD COST F.xi'!C83+'ESD OVERHEAD COST F.xi'!C83+'PHC OVERHEAD COST F.xi'!C83+'WATSAN OVERHEAD COST F.xi'!C83+'TRADITIONAL OVERHEAD COST F.xi'!C83 -> 0 | D102: ='CHAIR OVERHEAD COST F.xi'!D83+'SLT OVERHEAD COST F.xi'!D83+'COUNCIL OVERHEAD COST F.xi'!D83+'PMD OVERHEAD COST F.xi'!D83+'AGRIC OVERHEAD COST F.xi'!D83+'FINANCE OVERHEAD COST F.xi'!D84+'WORKS OVERHEAD COST F.xi'!D83+'ESD OVERHEAD COST F.xi'!D83+'PHC OVERHEAD COST F.xi'!D83+'WATSAN OVERHEAD COST F.xi'!D83+'TRADITIONAL OVERHEAD COST F.xi'!D83 -> 0 | E102: ='CHAIR OVERHEAD COST F.xi'!E83+'SLT OVERHEAD COST F.xi'!E83+'COUNCIL OVERHEAD COST F.xi'!E83+'PMD OVERHEAD COST F.xi'!E83+'AGRIC OVERHEAD COST F.xi'!E83+'FINANCE OVERHEAD COST F.xi'!E84+'WORKS OVERHEAD COST F.xi'!E83+'ESD OVERHEAD COST F.xi'!E83+'PHC OVERHEAD COST F.xi'!E83+'WATSAN OVERHEAD COST F.xi'!E83+'TRADITIONAL OVERHEAD COST F.xi'!E83 -> 17000000
...

Sheet SUMMARY OF EXP SECTOR F.v
A2: SAFANA LOCAL GOVERNMENT COUNCIL – 2026 BUDGET - SUMMARY OF EXPENDITURE BY SECTOR
A4: Code | B4: Sector | C4: Personnel cost N | D4: Overhead cost N | E4: Total Recurrent N | F4: Capital Expenditure N | G4: Total Expenditure N
A5: 01000000000 | B5: Administrative sector | C5: ='CHAIR PERSONNEL COST F.x'!E7+'SLT PERSONNEL COST F.x'!E7+'COUNCIL PERSONNEL COST F.x'!E7+'PMD PERSONNEL COST F.x'!E7 -> 3.1280122e+08 | D5: ='CHAIR OVERHEAD COST F.xi'!E7+'SLT OVERHEAD COST F.xi'!E7+'COUNCIL OVERHEAD COST F.xi'!E7+'PMD OVERHEAD COST F.xi'!E7 -> 554492736 | E5: =C5+D5 -> 8.6729395e+08 | F5: ='PMD CAPITAL EXP F.xii'!F6 -> 5.3069055e+08 | G5: =E5+F5 -> 1.3979845e+09
A6: 02000000000 | B6: Economic sector | C6: ='AGRIC PERSONNEL COST F.x'!E7+'FINANCE PERSONNEL COST F.x'!E7+'WORKS PERSONNEL COST F.x'!E7 -> 1.1869691e+09 | D6: ='AGRIC OVERHEAD COST F.xi'!E7+'FINANCE OVERHEAD COST F.xi'!E7+'WORKS OVERHEAD COST F.xi'!E7 -> 1.084013e+09 | E6: =C6+D6 -> 2.2709821e+09 | F6: ='AGRIC CAPITAL EXP F.xii'!F6+'FINANCE CAPITAL EXP F.xii'!F6+'WORKS CAPITAL EXP F.xii'!F6 -> 2.4376885e+09 | G6: =E6+F6 -> 4.7086706e+09
A7: 03000000000 | B7: Law and Justice | C7: 0 | D7: 0 | E7: =C7+D7 -> 0 | F7: 0 | G7: =E7+F7 -> 0
A8: 04000000000 | B8: Regional Sector | C8: 0 | D8: 0 | E8: =C8+D8 -> 0 | F8: 0 | G8: =E8+F8 -> 0
A9: 05000000000 | B9: Social Sector | C9: ='ESD PERSONNEL COST F.x'!E7+'PHC PERSONNEL COST F.x'!E7+'WATSAN PERSONNEL COST F.x'!E7+'TRADITIONAL PERSONNEL COST F.x'!E7 -> 1.5260523e+09 | D9: ='ESD OVERHEAD COST F.xi'!E7+'PHC OVERHEAD COST F.xi'!E7+'WATSAN OVERHEAD COST F.xi'!E7+'TRADITIONAL OVERHEAD COST F.xi'!E7 -> 650205000 | E9: =C9+D9 -> 2.1762573e+09 | F9: ='ESD CAPITAL EXP F.xii'!F6+'PHC CAPITAL EXP F.xii'!F6+'WATSAN CAPITAL EXP F.xii'!F6 -> 712000000 | G9: =E9+F9 -> 2.8882573e+09
B23: TOTAL | C23: =SUM(C5:C22) -> 3.0258226e+09 | D23: =SUM(D5:D22) -> 2.2887107e+09 | E23: =SUM(E5:E22) -> 5.3145334e+09 | F23: =SUM(F5:F22) -> 3.6803791e+09 | G23: =SUM(G5:G22) -> 8.9949124e+09

Sheet SUMMARY OF REC. EXP DEPT F.vi
A1: KATSINA STATE MINISTRY FOR LOCAL GOVERNMENT AND EMIRATE AFFAIRS F.vi
A2: SAFANA LOCAL GOVERNMENT COUNCIL – 2026 PROPOSED BUDGET - SUMMARY OF RECURRENT EXPENDITURE BY DEPARTMENT
A4: Code | B4: Department | C4: 2025 Revised Budget N | D4: 2025 Budget Performance N | E4: 2026 Proposed Budget N
A5: 011100100100 | B5: OFFICE OF THE LG CHAIRMAN | C5: ='CHAIR PERSONNEL COST F.x'!C7+'CHAIR OVERHEAD COST F.xi'!C7 -> 774509070 | D5: ='CHAIR PERSONNEL COST F.x'!D7+'CHAIR OVERHEAD COST F.xi'!D7 -> 4.7957504e+08 | E5: ='CHAIR PERSONNEL COST F.x'!E7+'CHAIR OVERHEAD COST F.xi'!E7 -> 452576915
A6: 011101300100 | B6: OFFICE OF THE LG SECRETARY | C6: ='SLT PERSONNEL COST F.x'!C7+'SLT OVERHEAD COST F.xi'!C7 -> 44457256 | D6: ='SLT PERSONNEL COST F.x'!D7+'SLT OVERHEAD COST F.xi'!D7 -> 37662756 | E6: ='SLT PERSONNEL COST F.x'!E7+'SLT OVERHEAD COST F.xi'!E7 -> 40407256
A7: 011200300100 | B7: THE COUNCIL | C7: ='COUNCIL PERSONNEL COST F.x'!C7+'COUNCIL OVERHEAD COST F.xi'!C7 -> 85535257 | D7: ='COUNCIL PERSONNEL COST F.x'!D7+'COUNCIL OVERHEAD COST F.xi'!D7 -> 80609657 | E7: ='COUNCIL PERSONNEL COST F.x'!E7+'COUNCIL OVERHEAD COST F.xi'!E7 -> 89325305
A8: 012500100100 | B8: PERSONNEL MANAGEMENT DEPARTMENT | C8: ='PMD PERSONNEL COST F.x'!C7+'PMD OVERHEAD COST F.xi'!C7 -> 330489708 | D8: ='PMD PERSONNEL COST F.x'!D7+'PMD OVERHEAD COST F.xi'!D7 -> 2.3886378e+08 | E8: ='PMD PERSONNEL COST F.x'!E7+'PMD OVERHEAD COST F.xi'!E7 -> 2.8498448e+08
A9: 021500100100 | B9: AGRICULTURE AND NATURAL RESOURCES | C9: ='AGRIC PERSONNEL COST F.x'!C7+'AGRIC OVERHEAD COST F.xi'!C7 -> 326572420 | D9: ='AGRIC PERSONNEL COST F.x'!D7+'AGRIC OVERHEAD COST F.xi'!D7 -> 2.2603406e+08 | E9: ='AGRIC PERSONNEL COST F.x'!E7+'AGRIC OVERHEAD COST F.xi'!E7 -> 401720059
A10: 022000100100 | B10: FINANCE DEPARTMENT | C10: ='FINANCE PERSONNEL COST F.x'!C7+'FINANCE OVERHEAD COST F.xi'!C7 -> 1.4329825e+09 | D10: ='FINANCE PERSONNEL COST F.x'!D7+'FINANCE OVERHEAD COST F.xi'!D7 -> 1.2825472e+09 | E10: ='FINANCE PERSONNEL COST F.x'!E7+'FINANCE OVERHEAD COST F.xi'!E7 -> 1.7753622e+09
A11: 023400100100 | B11: WORKS DEPARTMENT | C11: ='WORKS PERSONNEL COST F.x'!C7+'WORKS OVERHEAD COST F.xi'!C7 -> 101984150 | D11: ='WORKS PERSONNEL COST F.x'!D7+'WORKS OVERHEAD COST F.xi'!D7 -> 73857230 | E11: ='WORKS PERSONNEL COST F.x'!E7+'WORKS OVERHEAD COST F.xi'!E7 -> 93899845
A12: 051700100100 | B12: EDUCATION AND SOCIAL SERVICES | C12: ='ESD PERSONNEL COST F.x'!C7+'ESD OVERHEAD COST F.xi'!C7 -> 1552909415 | D12: ='ESD PERSONNEL COST F.x'!D7+'ESD OVERHEAD COST F.xi'!D7 -> 1335454384 | E12: ='ESD PERSONNEL COST F.x'!E7+'ESD OVERHEAD COST F.xi'!E7 -> 1.506414e+09
A13: 052100100100 | B13: PRIMARY HEALTH CARE DEPARTMENT | C13: ='PHC PERSONNEL COST F.x'!C7+'PHC OVERHEAD COST F.xi'!C7 -> 365470565 | D13: ='PHC PERSONNEL COST F.x'!D7+'PHC OVERHEAD COST F.xi'!D7 -> 3.3855325e+08 | E13: ='PHC PERSONNEL COST F.x'!E7+'PHC OVERHEAD COST F.xi'!E7 -> 4.073121e+08
A14: 053500100100 | B14: WATER AND SANITATION DEPARTMENT | C14: ='WATSAN PERSONNEL COST F.x'!C7+'WATSAN OVERHEAD COST F.xi'!C7 -> 212103128 | D14: ='WATSAN PERSONNEL COST F.x'!D7+'WATSAN OVERHEAD COST F.xi'!D7 -> 192434928 | E14: ='WATSAN PERSONNEL COST F.x'!E7+'WATSAN OVERHEAD COST F.xi'!E7 -> 2.0727759e+08
A15: 055100200100 | B15: TRADITIONAL RULERS OFFICE | C15: ='TRADITIONAL PERSONNEL COST F.x'!C7+'TRADITIONAL OVERHEAD COST F.xi'!C7 -> 55203615 | D15: ='TRADITIONAL PERSONNEL COST F.x'!D7+'TRADITIONAL OVERHEAD COST F.xi'!D7 -> 37558147 | E15: ='TRADITIONAL PERSONNEL COST F.x'!E7+'TRADITIONAL OVERHEAD COST F.xi'!E7 -> 55253615
B28: TOTAL | C28: =SUM(C5:C27) -> 5.2822171e+09 | D28: =SUM(D5:D27) -> 4.3231504e+09 | E28: =SUM(E5:E27) -> 5.3145334e+09

Sheet SUMMARY OF RECURRENT EXP F.vii
A1: KATSINA STATE MINISTRY FOR LOCAL GOVERNMENT AND EMIRATE AFFAIRS F.vii
A2: SAFANA LOCAL GOVERNMENT COUNCIL – 2026 BUDGET - SUMMARY OF RECURRENT EXPENDITURE
A4: Code | B4: Economic Items | C4: 2025 Revised Budget N | D4: 2025 Budget Performance N | E4: 2026 Proposed Budget N
B5: TOTAL RECURRENT EXPENDITURE | C5: =C6+C11 -> 5.2822171e+09 | D5: =D6+D11 -> 4.3231504e+09 | E5: =E6+E11 -> 5.3145334e+09
A6: 21 | B6: PERSONNEL COST | C6: =SUM(C7:C10) -> 2396888174 | D6: =SUM(D7:D10) -> 2.3539358e+09 | E6: =SUM(E7:E10) -> 3.0258226e+09
A7: 21010100 | B7: SALARIES AND WAGES | C7: ='CHAIR PERSONNEL COST F.x'!C9+'SLT PERSONNEL COST F.x'!C9+'COUNCIL PERSONNEL COST F.x'!C9+'PMD PERSONNEL COST F.x'!C9+'AGRIC PERSONNEL COST F.x'!C9+'FINANCE PERSONNEL COST F.x'!C9+'WORKS PERSONNEL COST F.x'!C9+'ESD PERSONNEL COST F.x'!C9+'PHC PERSONNEL COST F.x'!C9+'WATSAN PERSONNEL COST F.x'!C9+'TRADITIONAL PERSONNEL COST F.x'!C9 -> 1912295458 | D7: ='CHAIR PERSONNEL COST F.x'!D9+'SLT PERSONNEL COST F.x'!D9+'COUNCIL PERSONNEL COST F.x'!D9+'PMD PERSONNEL COST F.x'!D9+'AGRIC PERSONNEL COST F.x'!D9+'FINANCE PERSONNEL COST F.x'!D9+'WORKS PERSONNEL COST F.x'!D9+'ESD PERSONNEL COST F.x'!D9+'PHC PERSONNEL COST F.x'!D9+'WATSAN PERSONNEL COST F.x'!D9+'TRADITIONAL PERSONNEL COST F.x'!D9 -> 1876529958 | E7: ='CHAIR PERSONNEL COST F.x'!E9+'SLT PERSONNEL COST F.x'!E9+'COUNCIL PERSONNEL COST F.x'!E9+'PMD PERSONNEL COST F.x'!E9+'AGRIC PERSONNEL COST F.x'!E9+'FINANCE PERSONNEL COST F.x'!E9+'WORKS PERSONNEL COST F.x'!E9+'ESD PERSONNEL COST F.x'!E9+'PHC PERSONNEL COST F.x'!E9+'WATSAN PERSONNEL COST F.x'!E9+'TRADITIONAL PERSONNEL COST F.x'!E9 -> 2.0079514e+09
A8: 21020100 | B8: ALLOWANCES | C8: ='CHAIR PERSONNEL COST F.x'!C14+'SLT PERSONNEL COST F.x'!C14+'COUNCIL PERSONNEL COST F.x'!C14+'PMD PERSONNEL COST F.x'!C14+'AGRIC PERSONNEL COST F.x'!C14+'FINANCE PERSONNEL COST F.x'!C14+'WORKS PERSONNEL COST F.x'!C14+'ESD PERSONNEL COST F.x'!C15+'PHC PERSONNEL COST F.x'!C14+'WATSAN PERSONNEL COST F.x'!C14+'TRADITIONAL PERSONNEL COST F.x'!C14 -> 56385952 | D8: ='CHAIR PERSONNEL COST F.x'!D14+'SLT PERSONNEL COST F.x'!D14+'COUNCIL PERSONNEL COST F.x'!D14+'PMD PERSONNEL COST F.x'!D14+'AGRIC PERSONNEL COST F.x'!D14+'FINANCE PERSONNEL COST F.x'!D14+'WORKS PERSONNEL COST F.x'!D14+'ESD PERSONNEL COST F.x'!D15+'PHC PERSONNEL COST F.x'!D14+'WATSAN PERSONNEL COST F.x'!D14+'TRADITIONAL PERSONNEL COST F.x'!D14 -> 55666352 | E8: ='CHAIR PERSONNEL COST F.x'!E14+'SLT PERSONNEL COST F.x'!E14+'COUNCIL PERSONNEL COST F.x'!E14+'PMD PERSONNEL COST F.x'!E14+'AGRIC PERSONNEL COST F.x'!E14+'FINANCE PERSONNEL COST F.x'!E14+'WORKS PERSONNEL COST F.x'!E14+'ESD PERSONNEL COST F.x'!E15+'PHC PERSONNEL COST F.x'!E14+'WATSAN PERSONNEL COST F.x'!E14+'TRADITIONAL PERSONNEL COST F.x'!E14 -> 1.16464e+08
A9: 21020200 | B9: SOCIAL CONTRIBUTIONS | C9: ='CHAIR PERSONNEL COST F.x'!C18+'SLT PERSONNEL COST F.x'!C18+'COUNCIL PERSONNEL COST F.x'!C18+'PMD PERSONNEL COST F.x'!C18+'AGRIC PERSONNEL COST F.x'!C18+'FINANCE PERSONNEL COST F.x'!C18+'WORKS PERSONNEL COST F.x'!C18+'ESD PERSONNEL COST F.x'!C19+'PHC PERSONNEL COST F.x'!C18+'WATSAN PERSONNEL COST F.x'!C18+'TRADITIONAL PERSONNEL COST F.x'!C18 -> 0 | D9: ='CHAIR PERSONNEL COST F.x'!D18+'SLT PERSONNEL COST F.x'!D18+'COUNCIL PERSONNEL COST F.x'!D18+'PMD PERSONNEL COST F.x'!D18+'AGRIC PERSONNEL COST F.x'!D18+'FINANCE PERSONNEL COST F.x'!D18+'WORKS PERSONNEL COST F.x'!D18+'ESD PERSONNEL COST F.x'!D19+'PHC PERSONNEL COST F.x'!D18+'WATSAN PERSONNEL COST F.x'!D18+'TRADITIONAL PERSONNEL COST F.x'!D18 -> 0 | E9: ='CHAIR PERSONNEL COST F.x'!E18+'SLT PERSONNEL COST F.x'!E18+'COUNCIL PERSONNEL COST F.x'!E18+'PMD PERSONNEL COST F.x'!E18+'AGRIC PERSONNEL COST F.x'!E18+'FINANCE PERSONNEL COST F.x'!E18+'WORKS PERSONNEL COST F.x'!E18+'ESD PERSONNEL COST F.x'!E19+'PHC PERSONNEL COST F.x'!E18+'WATSAN PERSONNEL COST F.x'!E18+'TRADITIONAL PERSONNEL COST F.x'!E18 -> 0
A10: 21030100 | B10: SOCIAL BENEFITS | C10: ='CHAIR PERSONNEL COST F.x'!C20+'SLT PERSONNEL COST F.x'!C20+'COUNCIL PERSONNEL COST F.x'!C20+'PMD PERSONNEL COST F.x'!C20+'AGRIC PERSONNEL COST F.x'!C20+'FINANCE PERSONNEL COST F.x'!C20+'WORKS PERSONNEL COST F.x'!C20+'ESD PERSONNEL COST F.x'!C21+'PHC PERSONNEL COST F.x'!C20+'WATSAN PERSONNEL COST F.x'!C20+'TRADITIONAL PERSONNEL COST F.x'!C20 -> 428206764 | D10: ='CHAIR PERSONNEL COST F.x'!D20+'SLT PERSONNEL COST F.x'!D20+'COUNCIL PERSONNEL COST F.x'!D20+'PMD PERSONNEL COST F.x'!D20+'AGRIC PERSONNEL COST F.x'!D20+'FINANCE PERSONNEL COST F.x'!D20+'WORKS PERSONNEL COST F.x'!D20+'ESD PERSONNEL COST F.x'!D21+'PHC PERSONNEL COST F.x'!D20+'WATSAN PERSONNEL COST F.x'!D20+'TRADITIONAL PERSONNEL COST F.x'!D20 -> 421739529 | E10: ='CHAIR PERSONNEL COST F.x'!E20+'SLT PERSONNEL COST F.x'!E20+'COUNCIL PERSONNEL COST F.x'!E20+'PMD PERSONNEL COST F.x'!E20+'AGRIC PERSONNEL COST F.x'!E20+'FINANCE PERSONNEL COST F.x'!E20+'WORKS PERSONNEL COST F.x'!E20+'ESD PERSONNEL COST F.x'!E21+'PHC PERSONNEL COST F.x'!E20+'WATSAN PERSONNEL COST F.x'!E20+'TRADITIONAL PERSONNEL COST F.x'!E20 -> 9.0140726e+08
A11: 22 | B11: OTHER RECURRENT | C11: =SUM(C12:C24) -> 2.885329e+09 | D11: =SUM(D12:D24) -> 1.9692146e+09 | E11: =SUM(E12:E24) -> 2.2887107e+09
A12: 22020100 | B12: TRAVEL & TRANSPORT – GENERAL | C12: ='CHAIR OVERHEAD COST F.xi'!C9+'SLT OVERHEAD COST F.xi'!C9+'COUNCIL OVERHEAD COST F.xi'!C9+'PMD OVERHEAD COST F.xi'!C9+'AGRIC OVERHEAD COST F.xi'!C9+'FINANCE OVERHEAD COST F.xi'!C9+'WORKS OVERHEAD COST F.xi'!C9+'ESD OVERHEAD COST F.xi'!C9+'PHC OVERHEAD COST F.xi'!C9+'WATSAN OVERHEAD COST F.xi'!C9+'TRADITIONAL OVERHEAD COST F.xi'!C9 -> 53037200 | D12: ='CHAIR OVERHEAD COST F.xi'!D9+'SLT OVERHEAD COST F.xi'!D9+'COUNCIL OVERHEAD COST F.xi'!D9+'PMD OVERHEAD COST F.xi'!D9+'AGRIC OVERHEAD COST F.xi'!D9+'FINANCE OVERHEAD COST F.xi'!D9+'WORKS OVERHEAD COST F.xi'!D9+'ESD OVERHEAD COST F.xi'!D9+'PHC OVERHEAD COST F.xi'!D9+'WATSAN OVERHEAD COST F.xi'!D9+'TRADITIONAL OVERHEAD COST F.xi'!D9 -> 32278949 | E12: ='CHAIR OVERHEAD COST F.xi'!E9+'SLT OVERHEAD COST F.xi'!E9+'COUNCIL OVERHEAD COST F.xi'!E9+'PMD OVERHEAD COST F.xi'!E9+'AGRIC OVERHEAD COST F.xi'!E9+'FINANCE OVERHEAD COST F.xi'!E9+'WORKS OVERHEAD COST F.xi'!E9+'ESD OVERHEAD COST F.xi'!E9+'PHC OVERHEAD COST F.xi'!E9+'WATSAN OVERHEAD COST F.xi'!E9+'TRADITIONAL OVERHEAD COST F.xi'!E9 -> 45500000
A13: 22020200 | B13: UTILITIES – GENERAL | C13: ='CHAIR OVERHEAD COST F.xi'!C14+'SLT OVERHEAD COST F.xi'!C14+'COUNCIL OVERHEAD COST F.xi'!C14+'PMD OVERHEAD COST F.xi'!C14+'AGRIC OVERHEAD COST F.xi'!C14+'FINANCE OVERHEAD COST F.xi'!C14+'WORKS OVERHEAD COST F.xi'!C14+'ESD OVERHEAD COST F.xi'!C14+'PHC OVERHEAD COST F.xi'!C14+'WATSAN OVERHEAD COST F.xi'!C14+'TRADITIONAL OVERHEAD COST F.xi'!C14 -> 2250000 | D13: ='CHAIR OVERHEAD COST F.xi'!D14+'SLT OVERHEAD COST F.xi'!D14+'COUNCIL OVERHEAD COST F.xi'!D14+'PMD OVERHEAD COST F.xi'!D14+'AGRIC OVERHEAD COST F.xi'!D14+'FINANCE OVERHEAD COST F.xi'!D14+'WORKS OVERHEAD COST F.xi'!D14+'ESD OVERHEAD COST F.xi'!D14+'PHC OVERHEAD COST F.xi'!D14+'WATSAN OVERHEAD COST F.xi'!D14+'TRADITIONAL OVERHEAD COST F.xi'!D14 -> 1065000 | E13: ='CHAIR OVERHEAD COST F.xi'!E14+'SLT OVERHEAD COST F.xi'!E14+'COUNCIL OVERHEAD COST F.xi'!E14+'PMD OVERHEAD COST F.xi'!E14+'AGRIC OVERHEAD COST F.xi'!E14+'FINANCE OVERHEAD COST F.xi'!E14+'WORKS OVERHEAD COST F.xi'!E14+'ESD OVERHEAD COST F.xi'!E14+'PHC OVERHEAD COST F.xi'!E14+'WATSAN OVERHEAD COST F.xi'!E14+'TRADITIONAL OVERHEAD COST F.xi'!E14 -> 5200000
A14: 22020300 | B14: MATERIALS & SUPPLIES – GENERAL | C14: ='CHAIR OVERHEAD COST F.xi'!C22+'SLT OVERHEAD COST F.xi'!C22+'COUNCIL OVERHEAD COST F.xi'!C22+'PMD OVERHEAD COST F.xi'!C22+'AGRIC OVERHEAD COST F.xi'!C22+'FINANCE OVERHEAD COST F.xi'!C22+'WORKS OVERHEAD COST F.xi'!C22+'ESD OVERHEAD COST F.xi'!C22+'PHC OVERHEAD COST F.xi'!C22+'WATSAN OVERHEAD COST F.xi'!C22+'TRADITIONAL OVERHEAD COST F.xi'!C22 -> 255025040 | D14: ='CHAIR OVERHEAD COST F.xi'!D22+'SLT OVERHEAD COST F.xi'!D22+'COUNCIL OVERHEAD COST F.xi'!D22+'PMD OVERHEAD COST F.xi'!D22+'AGRIC OVERHEAD COST F.xi'!D22+'FINANCE OVERHEAD COST F.xi'!D22+'WORKS OVERHEAD COST F.xi'!D22+'ESD OVERHEAD COST F.xi'!D22+'PHC OVERHEAD COST F.xi'!D22+'WATSAN OVERHEAD COST F.xi'!D22+'TRADITIONAL OVERHEAD COST F.xi'!D22 -> 1.3902866e+08 | E14: ='CHAIR OVERHEAD COST F.xi'!E22+'SLT OVERHEAD COST F.xi'!E22+'COUNCIL OVERHEAD COST F.xi'!E22+'PMD OVERHEAD COST F.xi'!E22+'AGRIC OVERHEAD COST F.xi'!E22+'FINANCE OVERHEAD COST F.xi'!E22+'WORKS OVERHEAD COST F.xi'!E22+'ESD OVERHEAD COST F.xi'!E22+'PHC OVERHEAD COST F.xi'!E22+'WATSAN OVERHEAD COST F.xi'!E22+'TRADITIONAL OVERHEAD COST F.xi'!E22 -> 339186040
A15: 22020400 | B15: MAINTENANCE SERVICES – GENERAL | C15: ='CHAIR OVERHEAD COST F.xi'!C36+'SLT OVERHEAD COST F.xi'!C36+'COUNCIL OVERHEAD COST F.xi'!C36+'PMD OVERHEAD COST F.xi'!C36+'AGRIC OVERHEAD COST F.xi'!C36+'FINANCE OVERHEAD COST F.xi'!C36+'WORKS OVERHEAD COST F.xi'!C36+'ESD OVERHEAD COST F.xi'!C36+'PHC OVERHEAD COST F.xi'!C36+'WATSAN OVERHEAD COST F.xi'!C36+'TRADITIONAL OVERHEAD COST F.xi'!C36 -> 108524383 | D15: ='CHAIR OVERHEAD COST F.xi'!D36+'SLT OVERHEAD COST F.xi'!D36+'COUNCIL OVERHEAD COST F.xi'!D36+'PMD OVERHEAD COST F.xi'!D36+'AGRIC OVERHEAD COST F.xi'!D36+'FINANCE OVERHEAD COST F.xi'!D36+'WORKS OVERHEAD COST F.xi'!D36+'ESD OVERHEAD COST F.xi'!D36+'PHC OVERHEAD COST F.xi'!D36+'WATSAN OVERHEAD COST F.xi'!D36+'TRADITIONAL OVERHEAD COST F.xi'!D36 -> 68541328 | E15: ='CHAIR OVERHEAD COST F.xi'!E36+'SLT OVERHEAD COST F.xi'!E36+'COUNCIL OVERHEAD COST F.xi'!E36+'PMD OVERHEAD COST F.xi'!E36+'AGRIC OVERHEAD COST F.xi'!E36+'FINANCE OVERHEAD COST F.xi'!E36+'WORKS OVERHEAD COST F.xi'!E36+'ESD OVERHEAD COST F.xi'!E36+'PHC OVERHEAD COST F.xi'!E36+'WATSAN OVERHEAD COST F.xi'!E36+'TRADITIONAL OVERHEAD COST F.xi'!E36 -> 1.0011472e+08
A16: 22020500 | B16: TRAINING – GENERAL | C16: ='CHAIR OVERHEAD COST F.xi'!C45+'SLT OVERHEAD COST F.xi'!C45+'COUNCIL OVERHEAD COST F.xi'!C45+'PMD OVERHEAD COST F.xi'!C45+'AGRIC OVERHEAD COST F.xi'!C45+'FINANCE OVERHEAD COST F.xi'!C45+'WORKS OVERHEAD COST F.xi'!C45+'ESD OVERHEAD COST F.xi'!C45+'PHC OVERHEAD COST F.xi'!C45+'WATSAN OVERHEAD COST F.xi'!C45+'TRADITIONAL OVERHEAD COST F.xi'!C45 -> 100220000 | D16: ='CHAIR OVERHEAD COST F.xi'!D45+'SLT OVERHEAD COST F.xi'!D45+'COUNCIL OVERHEAD COST F.xi'!D45+'PMD OVERHEAD COST F.xi'!D45+'AGRIC OVERHEAD COST F.xi'!D45+'FINANCE OVERHEAD COST F.xi'!D45+'WORKS OVERHEAD COST F.xi'!D45+'ESD OVERHEAD COST F.xi'!D45+'PHC OVERHEAD COST F.xi'!D45+'WATSAN OVERHEAD COST F.xi'!D45+'TRADITIONAL OVERHEAD COST F.xi'!D45 -> 52078538 | E16: ='CHAIR OVERHEAD COST F.xi'!E45+'SLT OVERHEAD COST F.xi'!E45+'COUNCIL OVERHEAD COST F.xi'!E45+'PMD OVERHEAD COST F.xi'!E45+'AGRIC OVERHEAD COST F.xi'!E45+'FINANCE OVERHEAD COST F.xi'!E45+'WORKS OVERHEAD COST F.xi'!E45+'ESD OVERHEAD COST F.xi'!E45+'PHC OVERHEAD COST F.xi'!E45+'WATSAN OVERHEAD COST F.xi'!E45+'TRADITIONAL OVERHEAD COST F.xi'!E45 -> 118000000
A17: 22020600 | B17: OTHER SERVICES – GENERAL | C17: ='CHAIR OVERHEAD COST F.xi'!C48+'SLT OVERHEAD COST F.xi'!C48+'COUNCIL OVERHEAD COST F.xi'!C48+'PMD OVERHEAD COST F.xi'!C48+'AGRIC OVERHEAD COST F.xi'!C48+'FINANCE OVERHEAD COST F.xi'!C48+'WORKS OVERHEAD COST F.xi'!C48+'ESD OVERHEAD COST F.xi'!C48+'PHC OVERHEAD COST F.xi'!C48+'WATSAN OVERHEAD COST F.xi'!C48+'TRADITIONAL OVERHEAD COST F.xi'!C48 -> 750454936 | D17: ='CHAIR OVERHEAD COST F.xi'!D48+'SLT OVERHEAD COST F.xi'!D48+'COUNCIL OVERHEAD COST F.xi'!D48+'PMD OVERHEAD COST F.xi'!D48+'AGRIC OVERHEAD COST F.xi'!D48+'FINANCE OVERHEAD COST F.xi'!D48+'WORKS OVERHEAD COST F.xi'!D48+'ESD OVERHEAD COST F.xi'!D48+'PHC OVERHEAD COST F.xi'!D48+'WATSAN OVERHEAD COST F.xi'!D48+'TRADITIONAL OVERHEAD COST F.xi'!D48 -> 4.711256e+08 | E17: ='CHAIR OVERHEAD COST F.xi'!E48+'SLT OVERHEAD COST F.xi'!E48+'COUNCIL OVERHEAD COST F.xi'!E48+'PMD OVERHEAD COST F.xi'!E48+'AGRIC OVERHEAD COST F.xi'!E48+'FINANCE OVERHEAD COST F.xi'!E48+'WORKS OVERHEAD COST F.xi'!E48+'ESD OVERHEAD COST F.xi'!E48+'PHC OVERHEAD COST F.xi'!E48+'WATSAN OVERHEAD COST F.xi'!E48+'TRADITIONAL OVERHEAD COST F.xi'!E48 -> 305312781
A18: 22020700 | B18: CONSULTING & PROFESSIONAL SERVICES – GEN | C18: ='CHAIR OVERHEAD COST F.xi'!C54+'SLT OVERHEAD COST F.xi'!C54+'COUNCIL OVERHEAD COST F.xi'!C54+'PMD OVERHEAD COST F.xi'!C54+'AGRIC OVERHEAD COST F.xi'!C54+'FINANCE OVERHEAD COST F.xi'!C54+'WORKS OVERHEAD COST F.xi'!C54+'ESD OVERHEAD COST F.xi'!C54+'PHC OVERHEAD COST F.xi'!C54+'WATSAN OVERHEAD COST F.xi'!C54+'TRADITIONAL OVERHEAD COST F.xi'!C54 -> 3410000 | D18: ='CHAIR OVERHEAD COST F.xi'!D54+'SLT OVERHEAD COST F.xi'!D54+'COUNCIL OVERHEAD COST F.xi'!D54+'PMD OVERHEAD COST F.xi'!D54+'AGRIC OVERHEAD COST F.xi'!D54+'FINANCE OVERHEAD COST F.xi'!D54+'WORKS OVERHEAD COST F.xi'!D54+'ESD OVERHEAD COST F.xi'!D54+'PHC OVERHEAD COST F.xi'!D54+'WATSAN OVERHEAD COST F.xi'!D54+'TRADITIONAL OVERHEAD COST F.xi'!D54 -> 2145808.8 | E18: ='CHAIR OVERHEAD COST F.xi'!E54+'SLT OVERHEAD COST F.xi'!E54+'COUNCIL OVERHEAD COST F.xi'!E54+'PMD OVERHEAD COST F.xi'!E54+'AGRIC OVERHEAD COST F.xi'!E54+'FINANCE OVERHEAD COST F.xi'!E54+'WORKS OVERHEAD COST F.xi'!E54+'ESD OVERHEAD COST F.xi'!E54+'PHC OVERHEAD COST F.xi'!E54+'WATSAN OVERHEAD COST F.xi'!E54+'TRADITIONAL OVERHEAD COST F.xi'!E54 -> 13210000
A19: 22020800 | B19: FUEL & LUBRICANTS – GENERAL | C19: ='CHAIR OVERHEAD COST F.xi'!C63+'SLT OVERHEAD COST F.xi'!C63+'COUNCIL OVERHEAD COST F.xi'!C63+'PMD OVERHEAD COST F.xi'!C63+'AGRIC OVERHEAD COST F.xi'!C63+'FINANCE OVERHEAD COST F.xi'!C63+'WORKS OVERHEAD COST F.xi'!C63+'ESD OVERHEAD COST F.xi'!C63+'PHC OVERHEAD COST F.xi'!C63+'WATSAN OVERHEAD COST F.xi'!C63+'TRADITIONAL OVERHEAD COST F.xi'!C63 -> 16857500 | D19: ='CHAIR OVERHEAD COST F.xi'!D63+'SLT OVERHEAD COST F.xi'!D63+'COUNCIL OVERHEAD COST F.xi'!D63+'PMD OVERHEAD COST F.xi'!D63+'AGRIC OVERHEAD COST F.xi'!D63+'FINANCE OVERHEAD COST F.xi'!D63+'WORKS OVERHEAD COST F.xi'!D63+'ESD OVERHEAD COST F.xi'!D63+'PHC OVERHEAD COST F.xi'!D63+'WATSAN OVERHEAD COST F.xi'!D63+'TRADITIONAL OVERHEAD COST F.xi'!D63 -> 7911000 | E19: ='CHAIR OVERHEAD COST F.xi'!E63+'SLT OVERHEAD COST F.xi'!E63+'COUNCIL OVERHEAD COST F.xi'!E63+'PMD OVERHEAD COST F.xi'!E63+'AGRIC OVERHEAD COST F.xi'!E63+'FINANCE OVERHEAD COST F.xi'!E63+'WORKS OVERHEAD COST F.xi'!E63+'ESD OVERHEAD COST F.xi'!E63+'PHC OVERHEAD COST F.xi'!E63+'WATSAN OVERHEAD COST F.xi'!E63+'TRADITIONAL OVERHEAD COST F.xi'!E63 -> 12205000
A20: 22020900 | B20: FINANCIAL CHARGES – GENERAL | C20: ='CHAIR OVERHEAD COST F.xi'!C67+'SLT OVERHEAD COST F.xi'!C67+'COUNCIL OVERHEAD COST F.xi'!C67+'PMD OVERHEAD COST F.xi'!C67+'AGRIC OVERHEAD COST F.xi'!C67+'FINANCE OVERHEAD COST F.xi'!C67+'WORKS OVERHEAD COST F.xi'!C67+'ESD OVERHEAD COST F.xi'!C67+'PHC OVERHEAD COST F.xi'!C67+'WATSAN OVERHEAD COST F.xi'!C67+'TRADITIONAL OVERHEAD COST F.xi'!C67 -> 1000000 | D20: ='CHAIR OVERHEAD COST F.xi'!D67+'SLT OVERHEAD COST F.xi'!D67+'COUNCIL OVERHEAD COST F.xi'!D67+'PMD OVERHEAD COST F.xi'!D67+'AGRIC OVERHEAD COST F.xi'!D67+'FINANCE OVERHEAD COST F.xi'!D67+'WORKS OVERHEAD COST F.xi'!D67+'ESD OVERHEAD COST F.xi'!D67+'PHC OVERHEAD COST F.xi'!D67+'WATSAN OVERHEAD COST F.xi'!D67+'TRADITIONAL OVERHEAD COST F.xi'!D67 -> 54890.64 | E20: ='CHAIR OVERHEAD COST F.xi'!E67+'SLT OVERHEAD COST F.xi'!E67+'COUNCIL OVERHEAD COST F.xi'!E67+'PMD OVERHEAD COST F.xi'!E67+'AGRIC OVERHEAD COST F.xi'!E67+'FINANCE OVERHEAD COST F.xi'!E67+'WORKS OVERHEAD COST F.xi'!E67+'ESD OVERHEAD COST F.xi'!E67+'PHC OVERHEAD COST F.xi'!E67+'WATSAN OVERHEAD COST F.xi'!E67+'TRADITIONAL OVERHEAD COST F.xi'!E67 -> 200000
A21: 22021000 | B21: MISCELLANEOUS EXPENSES GENERAL | C21: ='CHAIR OVERHEAD COST F.xi'!C70+'SLT OVERHEAD COST F.xi'!C70+'COUNCIL OVERHEAD COST F.xi'!C70+'PMD OVERHEAD COST F.xi'!C70+'AGRIC OVERHEAD COST F.xi'!C70+'FINANCE OVERHEAD COST F.xi'!C70+'WORKS OVERHEAD COST F.xi'!C70+'ESD OVERHEAD COST F.xi'!C70+'PHC OVERHEAD COST F.xi'!C70+'WATSAN OVERHEAD COST F.xi'!C70+'TRADITIONAL OVERHEAD COST F.xi'!C70 -> 618774700 | D21: ='CHAIR OVERHEAD COST F.xi'!D70+'SLT OVERHEAD COST F.xi'!D70+'COUNCIL OVERHEAD COST F.xi'!D70+'PMD OVERHEAD COST F.xi'!D70+'AGRIC OVERHEAD COST F.xi'!D70+'FINANCE OVERHEAD COST F.xi'!D70+'WORKS OVERHEAD COST F.xi'!D70+'ESD OVERHEAD COST F.xi'!D70+'PHC OVERHEAD COST F.xi'!D70+'WATSAN OVERHEAD COST F.xi'!D70+'TRADITIONAL OVERHEAD COST F.xi'!D70 -> 4.5298347e+08 | E21: ='CHAIR OVERHEAD COST F.xi'!E70+'SLT OVERHEAD COST F.xi'!E70+'COUNCIL OVERHEAD COST F.xi'!E70+'PMD OVERHEAD COST F.xi'!E70+'AGRIC OVERHEAD COST F.xi'!E70+'FINANCE OVERHEAD COST F.xi'!E70+'WORKS OVERHEAD COST F.xi'!E70+'ESD OVERHEAD COST F.xi'!E70+'PHC OVERHEAD COST F.xi'!E70+'WATSAN OVERHEAD COST F.xi'!E70+'TRADITIONAL OVERHEAD COST F.xi'!E70 -> 440345255
A22: 22040000 | B22: GRANTS AND CONTRIBUTIONS GENERAL | C22: ='CHAIR OVERHEAD COST F.xi'!C84+'SLT OVERHEAD COST F.xi'!C84+'COUNCIL OVERHEAD COST F.xi'!C84+'PMD OVERHEAD COST F.xi'!C84+'AGRIC OVERHEAD COST F.xi'!C84+'FINANCE OVERHEAD COST F.xi'!C85+'WORKS OVERHEAD COST F.xi'!C84+'ESD OVERHEAD COST F.xi'!C84+'PHC OVERHEAD COST F.xi'!C84+'WATSAN OVERHEAD COST F.xi'!C84+'TRADITIONAL OVERHEAD COST F.xi'!C84 -> 4.3311924e+08 | D22: ='CHAIR OVERHEAD COST F.xi'!D84+'SLT OVERHEAD COST F.xi'!D84+'COUNCIL OVERHEAD COST F.xi'!D84+'PMD OVERHEAD COST F.xi'!D84+'AGRIC OVERHEAD COST F.xi'!D84+'FINANCE OVERHEAD COST F.xi'!D85+'WORKS OVERHEAD COST F.xi'!D84+'ESD OVERHEAD COST F.xi'!D84+'PHC OVERHEAD COST F.xi'!D84+'WATSAN OVERHEAD COST F.xi'!D84+'TRADITIONAL OVERHEAD COST F.xi'!D84 -> 4.0859532e+08 | E22: ='CHAIR OVERHEAD COST F.xi'!E84+'SLT OVERHEAD COST F.xi'!E84+'COUNCIL OVERHEAD COST F.xi'!E84+'PMD OVERHEAD COST F.xi'!E84+'AGRIC OVERHEAD COST F.xi'!E84+'FINANCE OVERHEAD COST F.xi'!E85+'WORKS OVERHEAD COST F.xi'!E84+'ESD OVERHEAD COST F.xi'!E84+'PHC OVERHEAD COST F.xi'!E84+'WATSAN OVERHEAD COST F.xi'!E84+'TRADITIONAL OVERHEAD COST F.xi'!E84 -> 4.9493692e+08
A23: 22050000 | B23: SUBSIDIES - GENERAL | C23: ='CHAIR OVERHEAD COST F.xi'!C88+'SLT OVERHEAD COST F.xi'!C88+'COUNCIL OVERHEAD COST F.xi'!C88+'PMD OVERHEAD COST F.xi'!C88+'AGRIC OVERHEAD COST F.xi'!C88+'FINANCE OVERHEAD COST F.xi'!C89+'WORKS OVERHEAD COST F.xi'!C88+'ESD OVERHEAD COST F.xi'!C88+'PHC OVERHEAD COST F.xi'!C88+'WATSAN OVERHEAD COST F.xi'!C88+'TRADITIONAL OVERHEAD COST F.xi'!C88 -> 0 | D23: ='CHAIR OVERHEAD COST F.xi'!D88+'SLT OVERHEAD COST F.xi'!D88+'COUNCIL OVERHEAD COST F.xi'!D88+'PMD OVERHEAD COST F.xi'!D88+'AGRIC OVERHEAD COST F.xi'!D88+'FINANCE OVERHEAD COST F.xi'!D89+'WORKS OVERHEAD COST F.xi'!D88+'ESD OVERHEAD COST F.xi'!D88+'PHC OVERHEAD COST F.xi'!D88+'WATSAN OVERHEAD COST F.xi'!D88+'TRADITIONAL OVERHEAD COST F.xi'!D88 -> 0 | E23: ='CHAIR OVERHEAD COST F.xi'!E88+'SLT OVERHEAD COST F.xi'!E88+'COUNCIL OVERHEAD COST F.xi'!E88+'PMD OVERHEAD COST F.xi'!E88+'AGRIC OVERHEAD COST F.xi'!E88+'FINANCE OVERHEAD COST F.xi'!E89+'WORKS OVERHEAD COST F.xi'!E88+'ESD OVERHEAD COST F.xi'!E88+'PHC OVERHEAD COST F.xi'!E88+'WATSAN OVERHEAD COST F.xi'!E88+'TRADITIONAL OVERHEAD COST F.xi'!E88 -> 45000000
A24: 22060000 | B24: PUBLIC DEBT CHARGES | C24: ='CHAIR OVERHEAD COST F.xi'!C93+'SLT OVERHEAD COST F.xi'!C93+'COUNCIL OVERHEAD COST F.xi'!C93+'PMD OVERHEAD COST F.xi'!C93+'AGRIC OVERHEAD COST F.xi'!C93+'FINANCE OVERHEAD COST F.xi'!C94+'WORKS OVERHEAD COST F.xi'!C93+'ESD OVERHEAD COST F.xi'!C93+'PHC OVERHEAD COST F.xi'!C93+'WATSAN OVERHEAD COST F.xi'!C93+'TRADITIONAL OVERHEAD COST F.xi'!C93 -> 542655951 | D24: ='CHAIR OVERHEAD COST F.xi'!D93+'SLT OVERHEAD COST F.xi'!D93+'COUNCIL OVERHEAD COST F.xi'!D93+'PMD OVERHEAD COST F.xi'!D93+'AGRIC OVERHEAD COST F.xi'!D93+'FINANCE OVERHEAD COST F.xi'!D94+'WORKS OVERHEAD COST F.xi'!D93+'ESD OVERHEAD COST F.xi'!D93+'PHC OVERHEAD COST F.xi'!D93+'WATSAN OVERHEAD COST F.xi'!D93+'TRADITIONAL OVERHEAD COST F.xi'!D93 -> 333406000 | E24: ='CHAIR OVERHEAD COST F.xi'!E93+'SLT OVERHEAD COST F.xi'!E93+'COUNCIL OVERHEAD COST F.xi'!E93+'PMD OVERHEAD COST F.xi'!E93+'AGRIC OVERHEAD COST F.xi'!E93+'FINANCE OVERHEAD COST F.xi'!E94+'WORKS OVERHEAD COST F.xi'!E93+'ESD OVERHEAD COST F.xi'!E93+'PHC OVERHEAD COST F.xi'!E93+'WATSAN OVERHEAD COST F.xi'!E93+'TRADITIONAL OVERHEAD COST F.xi'!E93 -> 369500000
B27: TOTAL | C27: =C5 -> 5.2822171e+09 | D27: =D5 -> 4.3231504e+09 | E27: =E5 -> 5.3145334e+09

Sheet SUMMARY OF CAPITAL EXP F.viii
A1: KATSINA STATE MINISTRY FOR LOCAL GOVERNMENT AND EMIRATE AFFAIRS F.vii
A2: SAFANA LOCAL GOVERNMENT COUNCIL – 2026 PROPOSED BUDGET - SUMMARY OF CAPITAL EXPENDITURE
A4: Code | B4: Economic Items | C4: 2025 Revised Budget N | D4: 2025 Budget Performance N | E4: 2026 Proposed Budget N
A5: 32010100 | B5: LAND AND BUILDINGS GENERAL | C5: ='PMD CAPITAL EXP F.xii'!D7+'AGRIC CAPITAL EXP F.xii'!D7+'FINANCE CAPITAL EXP F.xii'!D7+'WORKS CAPITAL EXP F.xii'!D7+'ESD CAPITAL EXP F.xii'!D7+'PHC CAPITAL EXP F.xii'!D7+'WATSAN CAPITAL EXP F.xii'!D7 -> 8.5964279e+08 | D5: ='PMD CAPITAL EXP F.xii'!E7+'AGRIC CAPITAL EXP F.xii'!E7+'FINANCE CAPITAL EXP F.xii'!E7+'WORKS CAPITAL EXP F.xii'!E7+'ESD CAPITAL EXP F.xii'!E7+'PHC CAPITAL EXP F.xii'!E7+'WATSAN CAPITAL EXP F.xii'!E7 -> 5.5761904e+08 | E5: ='PMD CAPITAL EXP F.xii'!F7+'AGRIC CAPITAL EXP F.xii'!F7+'FINANCE CAPITAL EXP F.xii'!F7+'WORKS CAPITAL EXP F.xii'!F7+'ESD CAPITAL EXP F.xii'!F7+'PHC CAPITAL EXP F.xii'!F7+'WATSAN CAPITAL EXP F.xii'!F7 -> 734000000
A6: 32010200 | B6: INFRASTRUCTURE GENERAL | C6: ='PMD CAPITAL EXP F.xii'!D21+'AGRIC CAPITAL EXP F.xii'!D16+'FINANCE CAPITAL EXP F.xii'!D11+'WORKS CAPITAL EXP F.xii'!D17+'ESD CAPITAL EXP F.xii'!D42+'PHC CAPITAL EXP F.xii'!D32+'WATSAN CAPITAL EXP F.xii'!D17 -> 837900000 | D6: ='PMD CAPITAL EXP F.xii'!E21+'AGRIC CAPITAL EXP F.xii'!E16+'FINANCE CAPITAL EXP F.xii'!E11+'WORKS CAPITAL EXP F.xii'!E17+'ESD CAPITAL EXP F.xii'!E42+'PHC CAPITAL EXP F.xii'!E32+'WATSAN CAPITAL EXP F.xii'!E17 -> 2.7812075e+08 | E6: ='PMD CAPITAL EXP F.xii'!F21+'AGRIC CAPITAL EXP F.xii'!F16+'FINANCE CAPITAL EXP F.xii'!F11+'WORKS CAPITAL EXP F.xii'!F17+'ESD CAPITAL EXP F.xii'!F42+'PHC CAPITAL EXP F.xii'!F32+'WATSAN CAPITAL EXP F.xii'!F17 -> 1.9724885e+09
A7: 32010300 | B7: PLANT AND MACHINERY | C7: ='PMD CAPITAL EXP F.xii'!D32+'AGRIC CAPITAL EXP F.xii'!D27+'FINANCE CAPITAL EXP F.xii'!D16+'WORKS CAPITAL EXP F.xii'!D39+'ESD CAPITAL EXP F.xii'!D53+'PHC CAPITAL EXP F.xii'!D43+'WATSAN CAPITAL EXP F.xii'!D50 -> 320000000 | D7: ='PMD CAPITAL EXP F.xii'!E32+'AGRIC CAPITAL EXP F.xii'!E27+'FINANCE CAPITAL EXP F.xii'!E16+'WORKS CAPITAL EXP F.xii'!E39+'ESD CAPITAL EXP F.xii'!E53+'PHC CAPITAL EXP F.xii'!E43+'WATSAN CAPITAL EXP F.xii'!E50 -> 157192352 | E7: ='PMD CAPITAL EXP F.xii'!F32+'AGRIC CAPITAL EXP F.xii'!F27+'FINANCE CAPITAL EXP F.xii'!F16+'WORKS CAPITAL EXP F.xii'!F39+'ESD CAPITAL EXP F.xii'!F53+'PHC CAPITAL EXP F.xii'!F43+'WATSAN CAPITAL EXP F.xii'!F50 -> 50000000
A8: 32010400 | B8: FIXED ASSETS GENERAL | C8: ='PMD CAPITAL EXP F.xii'!D38+'AGRIC CAPITAL EXP F.xii'!D33+'FINANCE CAPITAL EXP F.xii'!D22+'WORKS CAPITAL EXP F.xii'!D45+'ESD CAPITAL EXP F.xii'!D59+'PHC CAPITAL EXP F.xii'!D49+'WATSAN CAPITAL EXP F.xii'!D56 -> 7.060996e+08 | D8: ='PMD CAPITAL EXP F.xii'!E38+'AGRIC CAPITAL EXP F.xii'!E33+'FINANCE CAPITAL EXP F.xii'!E22+'WORKS CAPITAL EXP F.xii'!E45+'ESD CAPITAL EXP F.xii'!E59+'PHC CAPITAL EXP F.xii'!E49+'WATSAN CAPITAL EXP F.xii'!E56 -> 553304000 | E8: ='PMD CAPITAL EXP F.xii'!F38+'AGRIC CAPITAL EXP F.xii'!F33+'FINANCE CAPITAL EXP F.xii'!F22+'WORKS CAPITAL EXP F.xii'!F45+'ESD CAPITAL EXP F.xii'!F59+'PHC CAPITAL EXP F.xii'!F49+'WATSAN CAPITAL EXP F.xii'!F56 -> 3.1819055e+08
A9: 32010500 | B9: OFFICE EQUIPMENT | C9: ='PMD CAPITAL EXP F.xii'!D44+'AGRIC CAPITAL EXP F.xii'!D39+'FINANCE CAPITAL EXP F.xii'!D28+'WORKS CAPITAL EXP F.xii'!D51+'ESD CAPITAL EXP F.xii'!D65+'PHC CAPITAL EXP F.xii'!D55+'WATSAN CAPITAL EXP F.xii'!D62 -> 1650000 | D9: ='PMD CAPITAL EXP F.xii'!E44+'AGRIC CAPITAL EXP F.xii'!E39+'FINANCE CAPITAL EXP F.xii'!E28+'WORKS CAPITAL EXP F.xii'!E51+'ESD CAPITAL EXP F.xii'!E65+'PHC CAPITAL EXP F.xii'!E55+'WATSAN CAPITAL EXP F.xii'!E62 -> 801800 | E9: ='PMD CAPITAL EXP F.xii'!F44+'AGRIC CAPITAL EXP F.xii'!F39+'FINANCE CAPITAL EXP F.xii'!F28+'WORKS CAPITAL EXP F.xii'!F51+'ESD CAPITAL EXP F.xii'!F65+'PHC CAPITAL EXP F.xii'!F55+'WATSAN CAPITAL EXP F.xii'!F62 -> 2500000
A10: 32010600 | B10: FURNITURE AND FITTINGS | C10: ='PMD CAPITAL EXP F.xii'!D53+'AGRIC CAPITAL EXP F.xii'!D48+'FINANCE CAPITAL EXP F.xii'!D37+'WORKS CAPITAL EXP F.xii'!D60+'ESD CAPITAL EXP F.xii'!D74+'PHC CAPITAL EXP F.xii'!D64+'WATSAN CAPITAL EXP F.xii'!D71 -> 12000000 | D10: ='PMD CAPITAL EXP F.xii'!E53+'AGRIC CAPITAL EXP F.xii'!E48+'FINANCE CAPITAL EXP F.xii'!E37+'WORKS CAPITAL EXP F.xii'!E60+'ESD CAPITAL EXP F.xii'!E74+'PHC CAPITAL EXP F.xii'!E64+'WATSAN CAPITAL EXP F.xii'!E71 -> 11860000 | E10: ='PMD CAPITAL EXP F.xii'!F53+'AGRIC CAPITAL EXP F.xii'!F48+'FINANCE CAPITAL EXP F.xii'!F37+'WORKS CAPITAL EXP F.xii'!F60+'ESD CAPITAL EXP F.xii'!F74+'PHC CAPITAL EXP F.xii'!F64+'WATSAN CAPITAL EXP F.xii'!F71 -> 35000000
A11: 32010900 | B11: SPECIALISED ASSETS | C11: ='PMD CAPITAL EXP F.xii'!D60+'AGRIC CAPITAL EXP F.xii'!D55+'FINANCE CAPITAL EXP F.xii'!D44+'WORKS CAPITAL EXP F.xii'!D67+'ESD CAPITAL EXP F.xii'!D81+'PHC CAPITAL EXP F.xii'!D71+'WATSAN CAPITAL EXP F.xii'!D78 -> 696000000 | D11: ='PMD CAPITAL EXP F.xii'!E60+'AGRIC CAPITAL EXP F.xii'!E55+'FINANCE CAPITAL EXP F.xii'!E44+'WORKS CAPITAL EXP F.xii'!E67+'ESD CAPITAL EXP F.xii'!E81+'PHC CAPITAL EXP F.xii'!E71+'WATSAN CAPITAL EXP F.xii'!E78 -> 3.2419235e+08 | E11: ='PMD CAPITAL EXP F.xii'!F60+'AGRIC CAPITAL EXP F.xii'!F55+'FINANCE CAPITAL EXP F.xii'!F44+'WORKS CAPITAL EXP F.xii'!F67+'ESD CAPITAL EXP F.xii'!F81+'PHC CAPITAL EXP F.xii'!F71+'WATSAN CAPITAL EXP F.xii'!F78 -> 367000000
A12: 32020100 | B12: LAND AND BUILDINGS - INVESTMENT | C12: ='PMD CAPITAL EXP F.xii'!D72+'AGRIC CAPITAL EXP F.xii'!D67+'FINANCE CAPITAL EXP F.xii'!D56+'WORKS CAPITAL EXP F.xii'!D79+'ESD CAPITAL EXP F.xii'!D93+'PHC CAPITAL EXP F.xii'!D83+'WATSAN CAPITAL EXP F.xii'!D90 -> 0 | D12: ='PMD CAPITAL EXP F.xii'!E72+'AGRIC CAPITAL EXP F.xii'!E67+'FINANCE CAPITAL EXP F.xii'!E56+'WORKS CAPITAL EXP F.xii'!E79+'ESD CAPITAL EXP F.xii'!E93+'PHC CAPITAL EXP F.xii'!E83+'WATSAN CAPITAL EXP F.xii'!E90 -> 0 | E12: ='PMD CAPITAL EXP F.xii'!F72+'AGRIC CAPITAL EXP F.xii'!F67+'FINANCE CAPITAL EXP F.xii'!F56+'WORKS CAPITAL EXP F.xii'!F79+'ESD CAPITAL EXP F.xii'!F93+'PHC CAPITAL EXP F.xii'!F83+'WATSAN CAPITAL EXP F.xii'!F90 -> 200000000
A13: 32030100 | B13: INTANGIBLE ASSETS | C13: ='PMD CAPITAL EXP F.xii'!D79+'AGRIC CAPITAL EXP F.xii'!D74+'FINANCE CAPITAL EXP F.xii'!D63+'WORKS CAPITAL EXP F.xii'!D86+'ESD CAPITAL EXP F.xii'!D100+'PHC CAPITAL EXP F.xii'!D90+'WATSAN CAPITAL EXP F.xii'!D97 -> 1000000 | D13: ='PMD CAPITAL EXP F.xii'!E79+'AGRIC CAPITAL EXP F.xii'!E74+'FINANCE CAPITAL EXP F.xii'!E63+'WORKS CAPITAL EXP F.xii'!E86+'ESD CAPITAL EXP F.xii'!E100+'PHC CAPITAL EXP F.xii'!E90+'WATSAN CAPITAL EXP F.xii'!E97 -> 700000 | E13: ='PMD CAPITAL EXP F.xii'!F79+'AGRIC CAPITAL EXP F.xii'!F74+'FINANCE CAPITAL EXP F.xii'!F63+'WORKS CAPITAL EXP F.xii'!F86+'ESD CAPITAL EXP F.xii'!F100+'PHC CAPITAL EXP F.xii'!F90+'WATSAN CAPITAL EXP F.xii'!F97 -> 1200000
A14: 32011000 | B14: ASSET UNDER CONSTRUCTION | C14: ='PMD CAPITAL EXP F.xii'!D85+'AGRIC CAPITAL EXP F.xii'!D80+'FINANCE CAPITAL EXP F.xii'!D69+'WORKS CAPITAL EXP F.xii'!D92+'ESD CAPITAL EXP F.xii'!D106+'PHC CAPITAL EXP F.xii'!D96+'WATSAN CAPITAL EXP F.xii'!D103 -> 0 | D14: ='PMD CAPITAL EXP F.xii'!E85+'AGRIC CAPITAL EXP F.xii'!E80+'FINANCE CAPITAL EXP F.xii'!E69+'WORKS CAPITAL EXP F.xii'!E92+'ESD CAPITAL EXP F.xii'!E106+'PHC CAPITAL EXP F.xii'!E96+'WATSAN CAPITAL EXP F.xii'!E103 -> 0 | E14: ='PMD CAPITAL EXP F.xii'!F85+'AGRIC CAPITAL EXP F.xii'!F80+'FINANCE CAPITAL EXP F.xii'!F69+'WORKS CAPITAL EXP F.xii'!F92+'ESD CAPITAL EXP F.xii'!F106+'PHC CAPITAL EXP F.xii'!F96+'WATSAN CAPITAL EXP F.xii'!F103 -> 0
B28: TOTAL | C28: =SUM(C5:C27) -> 3.4342924e+09 | D28: =SUM(D5:D27) -> 1.8837903e+09 | E28: =SUM(E5:E27) -> 3.6803791e+09

Sheet SUMMARY OF CAP. EXP DEPT F.ix
A1: KATSINA STATE MINISTRY FOR LOCAL GOVERNMENT AND EMIRATE AFFAIRS F.ix
A2: SAFANA LOCAL GOVERNMENT COUNCIL – 2026 BUDGET - SUMMARY OF CAPITAL EXPENDITURE BY DEPARTMENT
A4: Code | B4: Department | C4: 2025 Revised Budget N | D4: 2025 Budget Performance N | E4: 2026 Proposed Budget N
A5: 011100100100 | B5: OFFICE OF THE LG CHAIRMAN | C5: 0 | D5: 0 | E5: 0
A6: 011101300100 | B6: OFFICE OF THE LG SECRETARY | C6: 0 | D6: 0 | E6: 0
A7: 011200300100 | B7: THE COUNCIL | C7: 0 | D7: 0 | E7: 0
A8: 012500100100 | B8: PERSONNEL MANAGEMENT DEPARTMENT | C8: ='PMD CAPITAL EXP F.xii'!D6 -> 8.487496e+08 | D8: ='PMD CAPITAL EXP F.xii'!E6 -> 595191800 | E8: ='PMD CAPITAL EXP F.xii'!F6 -> 5.3069055e+08
A9: 021500100100 | B9: AGRICULTURE AND NATURAL RESOURCES | C9: ='AGRIC CAPITAL EXP F.xii'!D6 -> 977000000 | D9: ='AGRIC CAPITAL EXP F.xii'!E6 -> 4.410847e+08 | E9: ='AGRIC CAPITAL EXP F.xii'!F6 -> 388200000
A10: 022000100100 | B10: FINANCE DEPARTMENT | C10: ='FINANCE CAPITAL EXP F.xii'!D6 -> 0 | D10: ='FINANCE CAPITAL EXP F.xii'!E6 -> 0 | E10: ='FINANCE CAPITAL EXP F.xii'!F6 -> 1.6894885e+09
A11: 023400100100 | B11: WORKS DEPARTMENT | C11: ='WORKS CAPITAL EXP F.xii'!D6 -> 415900000 | D11: ='WORKS CAPITAL EXP F.xii'!E6 -> 1.7382109e+08 | E11: ='WORKS CAPITAL EXP F.xii'!F6 -> 360000000
A12: 051700100100 | B12: EDUCATION AND SOCIAL SERVICES | C12: ='ESD CAPITAL EXP F.xii'!D6 -> 267000000 | D12: ='ESD CAPITAL EXP F.xii'!E6 -> 1.6796837e+08 | E12: ='ESD CAPITAL EXP F.xii'!F6 -> 259000000
A13: 052100100100 | B13: PRIMARY HEALTH CARE DEPARTMENT | C13: ='PHC CAPITAL EXP F.xii'!D6 -> 4.9364279e+08 | D13: ='PHC CAPITAL EXP F.xii'!E6 -> 3.9992762e+08 | E13: ='PHC CAPITAL EXP F.xii'!F6 -> 295000000
A14: 053500100100 | B14: WATER AND SANITATION DEPARTMENT | C14: ='WATSAN CAPITAL EXP F.xii'!D6 -> 432000000 | D14: ='WATSAN CAPITAL EXP F.xii'!E6 -> 105796725 | E14: ='WATSAN CAPITAL EXP F.xii'!F6 -> 158000000
A15: 055100200100 | B15: TRADITIONAL RULERS OFFICE | C15: 0 | D15: 0 | E15: 0
B25: TOTAL | C25: =SUM(C5:C24) -> 3.4342924e+09 | D25: =SUM(D5:D24) -> 1.8837903e+09 | E25: =SUM(E5:E24) -> 3.6803791e+09

Sheet CHAIR PERSONNEL COST F.x
A2: KATSINA STATE MINISTRY FOR LOCAL GOVERNMENT AND CHIEFTANCY AFFAIRS F.x
A3: SAFANA LOCAL GOVERNMENT COUNCIL – OFFICE OF THE CHAIRMAN PERSONNEL COST BUDGET
A4: ADMIN CODE: 011100100100
A6: Code | B6: DETAILS | C6: 2025 Revised Budget N | D6: 2025 Budget Performance N | E6: 2026 Proposed Budget N
A7: 21 | B7: Personnel Cost | C7: =C8+C13+C20 -> 6869334 | D7: =D8+D13+D20 -> 6869334 | E7: =E8+E13+E20 -> 69869334
A8: 2101 | B8: Salary | C8: =C9 -> 6869334 | D8: =D9 -> 6869334 | E8: =E9 -> 6869334
A9: 210101 | B9: Salaries And Wages | C9: =SUM(C10:C12) -> 6869334 | D9: =SUM(D10:D12) -> 6869334 | E9: =SUM(E10:E12) -> 6869334
A10: 21010101 | B10: Salary
A11: 21010102 | B11: Over Time Payments
A12: 21010103 | B12: Consolidated Revenue Fund Charge- Salaries | C12: 6869334 | D12: 6869334 | E12: 6869334
A13: 2102 | B13: Allowances And Social Contribution | C13: =C14+C18 -> 0 | D13: =D14+D18 -> 0 | E13: =E14+E18 -> 63000000
A14: 210201 | B14: Allowances | C14: =SUM(C15:C17) -> 0 | D14: =SUM(D15:D17) -> 0 | E14: =SUM(E15:E17) -> 63000000
A15: 21020104 | B15: Furniture Allowance
A16: 21020108 | B16: Severance Allowance
A17: 21020109 | B17: Other Allowances/ S.A Allowances | E17: 63000000
A18: 210202 | B18: Social Contributions | C18: =SUM(C19) -> 0 | D18: =SUM(D19) -> 0 | E18: =SUM(E19) -> 0
A19: 21020207 | B19: Contribution By LGAs
A20: 210301 | B20: Social Benefits | C20: =SUM(C21:C23) -> 0 | D20: =SUM(D21:D23) -> 0 | E20: =SUM(E21:E23) -> 0
A21: 21030101 | B21: Gratuity
A22: 21030102 | B22: Pension
A23: 21030104 | B23: Other Benefits

Sheet CHAIR OVERHEAD COST F.xi
A3: KATSINA STATE MINISTRY FOR LOCAL GOVERNMENT AND CHIEFTANCY AFFAIRS F.xi
A4: SAFANA LOCAL GOVERNMENT COUNCIL – OFFICE OF THE CHAIRMAN OVERHEAD COST BUDGET
A5: ADMIN CODE: 011100100100
A6: Code | B6: DETAILS | C6: 2025 Revised Budget N | D6: 2025 Budget Performance N | E6: 2026 Proposed Budget N
A7: 2 | B7: Recurrent Costs | C7: =C8+C84+C88+C93 -> 767639736 | D7: =D8+D84+D88+D93 -> 4.727057e+08 | E7: =E8+E84+E88+E93 -> 382707581
A8: 2202 | B8: Overhead Cost | C8: =C9+C14+C22+C36+C45+C48+C54+C63+C67+C70 -> 767639736 | D8: =D9+D14+D22+D36+D45+D48+D54+D63+D67+D70 -> 4.727057e+08 | E8: =E9+E14+E22+E36+E45+E48+E54+E63+E67+E70 -> 382707581
A9: 220201 | B9: Travel & Transport – General | C9: =SUM(C10:C13) -> 6600000 | D9: =SUM(D10:D13) -> 2647676.5 | E9: =SUM(E10:E13) -> 6600000
A10: 22020101 | B10: Local Travel & Transport: Training
A11: 22020102 | B11: Local Travel & Transport: Others | C11: 6600000 | D11: 2647676.5 | E11: 6600000
A12: 22020103 | B12: International Travel & Transport: Training
A13: 22020104 | B13: International Travel & Transport: Others
A14: 220202 | B14: Utilities – General | C14: =SUM(C15:C21) -> 0 | D14: =SUM(D15:D21) -> 0 | E14: =SUM(E15:E21) -> 0
A15: 22020201 | B15: Electricity Charges
A16: 22020202 | B16: Telephone Charges
A17: 22020203 | B17: Internet Access Charges
A18: 22020204 | B18: Dstv Subscription Charges
A19: 22020205 | B19: Water Rates
A20: 22020206 | B20: Sewage Charges
A21: 22020210 | B21: Software Charges/ Licence Renewal
A22: 220203 | B22: Materials & Supplies – General | C22: =SUM(C23:C35) -> 0 | D22: =SUM(D23:D35) -> 0 | E22: =SUM(E23:E35) -> 0
A23: 22020301 | B23: Office Stationaries And Consumables
A24: 22020302 | B24: Books
A25: 22020303 | B25: Newspapers
A26: 22020304 | B26: Magazines & Periodicals
A27: 22020305 | B27: Printing Of Non-Security Documents
A28: 22020306 | B28: Printing Of Security Documents
A29: 22020307 | B29: Drugs/Laboratory/Medical Supplies
A30: 22020308 | B30: Field & Camping Materials Supplies
A31: 22020309 | B31: Uniforms/Robes & Other Clothing
A32: 22020310 | B32: Teaching Aids / Instruction Materials
A33: 22020311 | B33: Food Stuff / Catering Materials Supplies
A34: 22020312 | B34: Production, Of Financial Statements
A35: 22020313 | B35: Production Of Annual Reports To Public
A36: 220204 | B36: Maintenance Services – General | C36: =SUM(C37:C44) -> 9350000 | D36: =SUM(D37:D44) -> 2830800 | E36: =SUM(E37:E44) -> 7300000
A37: 22020401 | B37: Maintenance Of Motor Vehicle/ Equipment | C37: 5500000 | D37: 1580000 | E37: 4500000
A38: 22020402 | B38: Maintenance Of Office Furniture | C38: 2200000 | E38: 1150000
A39: 22020403 | B39: Maintenance Of Buildings
A40: 22020404 | B40: Maintenance Of Office / It Equipment
A41: 22020405 | B41: Maintenance Of Plants/Generators
A42: 22020406 | B42: Other Maintenance Services | C42: 1650000 | D42: 1250800 | E42: 1650000
A43: 22020410 | B43: Maintenance Of Street Lightings
A44: 22020411 | B44: Maintenance Of Communication Equipment
A45: 220205 | B45: Training – General | C45: =SUM(C46:C47) -> 0 | D45: =SUM(D46:D47) -> 0 | E45: =SUM(E46:E47) -> 50000000
A46: 22020501 | B46: Local Training
A47: 22020502 | B47: International Training | E47: 50000000
A48: 220206 | B48: Other Services – General | C48: =SUM(C49:C53) -> 730884936 | D48: =SUM(D49:D53) -> 4.561256e+08 | E48: =SUM(E49:E53) -> 293992781
A49: 22020601 | B49: Security Services | C49: 724884936 | D49: 4.501256e+08 | E49: 287992781
A50: 22020602 | B50: Office Rent
A51: 22020603 | B51: Residential Rent
A52: 22020604 | B52: Security Vote (Including Operations) | C52: 6000000 | D52: 6000000 | E52: 6000000
A53: 22020605 | B53: Cleaning & Fumigation Services
A54: 220207 | B54: Consulting & Professional Services | C54: =SUM(C55:C62) -> 0 | D54: =SUM(D55:D62) -> 0 | E54: =SUM(E55:E62) -> 5000000
A55: 22020701 | B55: Financial Consulting
A56: 22020702 | B56: Information Technology Consulting
A57: 22020703 | B57: Legal Services
A58: 22020707 | B58: Agricultural Consulting
A59: 22020708 | B59: Medical Consulting
A60: 22020709 | B60: Auditing Of Accounts
A61: 22020711 | B61: Media Relation Services | E61: 5000000
A62: 22020712 | B62: Other Consulting Services
A63: 220208 | B63: Fuel & Lubricants – General | C63: =SUM(C64:C66) -> 4950000 | D63: =SUM(D64:D66) -> 3056000 | E63: =SUM(E64:E66) -> 3960000
A64: 22020801 | B64: Motor Vehicle Fuel Cost | C64: 3850000 | D64: 2550000 | E64: 3850000
A65: 22020802 | B65: Other Transport Equipment Fuel Cost | C65: 1100000 | D65: 506000 | E65: 110000
A66: 22020803 | B66: Plant / Generator Fuel Cost
A67: 220209 | B67: Financial Charges – General | C67: =SUM(C68:C69) -> 0 | D67: =SUM(D68:D69) -> 0 | E67: =SUM(E68:E69) -> 0
A68: 22020901 | B68: Bank Charges
A69: 22020902 | B69: Insurance Premium
A70: 220210 | B70: Miscellaneous Expenses General | C70: =SUM(C71:C83) -> 15854800 | D70: =SUM(D71:D83) -> 8045626.5 | E70: =SUM(E71:E83) -> 15854800
A71: 22021001 | B71: Refreshment & Meals | C71: 11729800 | D71: 5744905.9 | E71: 11729800
A72: 22021002 | B72: Honorarium & Sitting Allowance | C72: 4125000 | D72: 2300720.6 | E72: 4125000
A73: 22021003 | B73: Publicity & Advertisements
A74: 22021004 | B74: Medical Expenses-Local
A75: 22021006 | B75: Postages & Courier Services
A76: 22021007 | B76: Welfare Packages
A77: 22021008 | B77: Subscription To Professional Bodies
A78: 22021009 | B78: Sporting Activities
A79: 22021010 | B79: Direct Teaching & Laboratory Cost
A80: 22021014 | B80: Annual Budget Expenses & Administration
A81: 22021020 | B81: Election-Logistics Support
A82: 22021050 | B82: Medical Expenses-International
A83: 22021052 | B83: Special Days/Celebrations
A84: 2204 | B84: Grants And Contributions General | C84: =C85 -> 0 | D84: =D85 -> 0 | E84: =E85 -> 0
A85: 220401 | B85: Local Grants And Contributions | C85: =SUM(C86:C87) -> 0 | D85: =SUM(D86:D87) -> 0 | E85: =SUM(E86:E87) -> 0
A86: 22040105 | B86: Grants To Government/Agencies
A87: 22040109 | B87: Grants To Communities/Ngos
A88: 2205 | B88: Subsidies General | C88: =C89 -> 0 | D88: =D89 -> 0 | E88: =E89 -> 0
A89: 220501 | B89: Subsidy To Public/Public Institutions | C89: =SUM(C90:C92) -> 0 | D89: =SUM(D90:D92) -> 0 | E89: =SUM(E90:E92) -> 0
A90: 22050105 | B90: Education Subsidy
A91: 22050108 | B91: Religious Pilgrimage Subsidy
A92: 22050110 | B92: Exams Fees Subsidy
A93: 2206 | B93: Public Debt Charges | C93: =C94+C96 -> 0 | D93: =D94+D96 -> 0 | E93: =E94+E96 -> 0
A94: 220603 | B94: Foreign Principal | C94: =C95 -> 0 | D94: =D95 -> 0 | E94: =E95 -> 0
A95: 22060301 | B95: Foreign Principal - Short Term Borrowings
A96: 220604 | B96: Domestic Principal | C96: =SUM(C97:C98) -> 0 | D96: =SUM(D97:D98) -> 0 | E96: =SUM(E97:E98) -> 0
A97: 22060401 | B97: Domestic Principal - Short Term Borrowings

Sheet SLT PERSONNEL COST F.x
A2: KATSINA STATE MINISTRY FOR LOCAL GOVERNMENT AND CHIEFTANCY AFFAIRS F.x
A3: SAFANA LOCAL GOVERNMENT COUNCIL – OFFICE OF THE LG SECRETARY PERSONNEL COST BUDGET
A4: ADMIN CODE: 011101300100
A6: Code | B6: DETAILS | C6: 2025 Revised Budget N | D6: 2025 Budget Performance N | E6: 2026 Proposed Budget N
A7: 21 | B7: Personnel Cost | C7: =C8+C13+C20 -> 32607256 | D7: =D8+D13+D20 -> 32607256 | E7: =E8+E13+E20 -> 32607256
A8: 2101 | B8: Salary | C8: =C9 -> 32607256 | D8: =D9 -> 32607256 | E8: =E9 -> 32607256
A9: 210101 | B9: Salaries And Wages | C9: =SUM(C10:C12) -> 32607256 | D9: =SUM(D10:D12) -> 32607256 | E9: =SUM(E10:E12) -> 32607256
A10: 21010101 | B10: Salary
A11: 21010102 | B11: Over Time Payments
A12: 21010103 | B12: Consolidated Revenue Fund Charge- Salaries | C12: 32607256 | D12: 32607256 | E12: 32607256
A13: 2102 | B13: Allowances And Social Contribution | C13: =C14+C18 -> 0 | D13: =D14+D18 -> 0 | E13: =E14+E18 -> 0
A14: 210201 | B14: Allowances | C14: =SUM(C15:C17) -> 0 | D14: =SUM(D15:D17) -> 0 | E14: =SUM(E15:E17) -> 0
A15: 21020104 | B15: Furniture Allowance
A16: 21020108 | B16: Severance Allowance
A17: 21020109 | B17: Other Allowances
A18: 210202 | B18: Social Contributions | C18: =SUM(C19) -> 0 | D18: =SUM(D19) -> 0 | E18: =SUM(E19) -> 0
A19: 21020207 | B19: Contribution By LGAs
A20: 210301 | B20: Social Benefits | C20: =SUM(C21:C23) -> 0 | D20: =SUM(D21:D23) -> 0 | E20: =SUM(E21:E23) -> 0
A21: 21030101 | B21: Gratuity
A22: 21030102 | B22: Pension
A23: 21030104 | B23: Other Benefits

Sheet SLT OVERHEAD COST F.xi
A3: KATSINA STATE MINISTRY FOR LOCAL GOVERNMENT AND CHIEFTANCY AFFAIRS F.xi
A4: SAFANA LOCAL GOVERNMENT COUNCIL – OFFICE OF THE LG SECRETARY OVERHEAD COST BUDGET
A5: ADMIN CODE: 011101300100
A6: Code | B6: DETAILS | C6: 2025 Revised Budget N | D6: 2025 Budget Performance N | E6: 2026 Proposed Budget N
A7: 2 | B7: Recurrent Costs | C7: =C8+C84+C88+C93 -> 11850000 | D7: =D8+D84+D88+D93 -> 5055500 | E7: =E8+E84+E88+E93 -> 7800000
A8: 2202 | B8: Overhead Cost | C8: =C9+C14+C22+C36+C45+C48+C54+C63+C67+C70 -> 11850000 | D8: =D9+D14+D22+D36+D45+D48+D54+D63+D67+D70 -> 5055500 | E8: =E9+E14+E22+E36+E45+E48+E54+E63+E67+E70 -> 7800000
A9: 220201 | B9: Travel & Transport – General | C9: =SUM(C10:C13) -> 2750000 | D9: =SUM(D10:D13) -> 2560000 | E9: =SUM(E10:E13) -> 2800000
A10: 22020101 | B10: Local Travel & Transport: Training
A11: 22020102 | B11: Local Travel & Transport: Others | C11: 2750000 | D11: 2560000 | E11: 2800000
A12: 22020103 | B12: International Travel & Transport: Training
A13: 22020104 | B13: International Travel & Transport: Others
A14: 220202 | B14: Utilities – General | C14: =SUM(C15:C21) -> 0 | D14: =SUM(D15:D21) -> 0 | E14: =SUM(E15:E21) -> 0
A15: 22020201 | B15: Electricity Charges
A16: 22020202 | B16: Telephone Charges
A17: 22020203 | B17: Internet Access Charges
A18: 22020204 | B18: Dstv Subscription Charges
A19: 22020205 | B19: Water Rates
A20: 22020206 | B20: Sewage Charges
A21: 22020210 | B21: Software Charges/ Licence Renewal
A22: 220203 | B22: Materials & Supplies – General | C22: =SUM(C23:C35) -> 0 | D22: =SUM(D23:D35) -> 0 | E22: =SUM(E23:E35) -> 0
A23: 22020301 | B23: Office Stationaries And Consumables
A24: 22020302 | B24: Books
A25: 22020303 | B25: Newspapers
A26: 22020304 | B26: Magazines & Periodicals
A27: 22020305 | B27: Printing Of Non-Security Documents
A28: 22020306 | B28: Printing Of Security Documents
A29: 22020307 | B29: Drugs/Laboratory/Medical Supplies
A30: 22020308 | B30: Field & Camping Materials Supplies
A31: 22020309 | B31: Uniforms/Robes & Other Clothing
A32: 22020310 | B32: Teaching Aids / Instruction Materials
A33: 22020311 | B33: Food Stuff / Catering Materials Supplies
A34: 22020312 | B34: Production, Of Financial Statements
A35: 22020313 | B35: Production Of Annual Reports To Public
A36: 220204 | B36: Maintenance Services – General | C36: =SUM(C37:C44) -> 3300000 | D36: =SUM(D37:D44) -> 425500 | E36: =SUM(E37:E44) -> 2000000
A37: 22020401 | B37: Maintenance Of Motor Vehicle/ Equipment | C37: 1650000 | D37: 425500 | E37: 1100000
A38: 22020402 | B38: Maintenance Of Office Furniture | C38: 1650000 | E38: 900000
A39: 22020403 | B39: Maintenance Of Buildings
A40: 22020404 | B40: Maintenance Of Office / It Equipment
A41: 22020405 | B41: Maintenance Of Plants/Generators
A42: 22020406 | B42: Other Maintenance Services
A43: 22020410 | B43: Maintenance Of Street Lightings
A44: 22020411 | B44: Maintenance Of Communication Equipment
A45: 220205 | B45: Training – General | C45: =SUM(C46:C47) -> 0 | D45: =SUM(D46:D47) -> 0 | E45: =SUM(E46:E47) -> 0
A46: 22020501 | B46: Local Training
A47: 22020502 | B47: International Training
A48: 220206 | B48: Other Services – General | C48: =SUM(C49:C53) -> 0 | D48: =SUM(D49:D53) -> 0 | E48: =SUM(E49:E53) -> 0
A49: 22020601 | B49: Security Services
A50: 22020602 | B50: Office Rent
A51: 22020603 | B51: Residential Rent
A52: 22020604 | B52: Security Vote (Including Operations)
A53: 22020605 | B53: Cleaning & Fumigation Services
A54: 220207 | B54: Consulting & Professional Services | C54: =SUM(C55:C62) -> 0 | D54: =SUM(D55:D62) -> 0 | E54: =SUM(E55:E62) -> 0
A55: 22020701 | B55: Financial Consulting
A56: 22020702 | B56: Information Technology Consulting
A57: 22020703 | B57: Legal Services
A58: 22020707 | B58: Agricultural Consulting
A59: 22020708 | B59: Medical Consulting
A60: 22020709 | B60: Auditing Of Accounts
A61: 22020711 | B61: Media Relation Services
A62: 22020712 | B62: Other Consulting Services
A63: 220208 | B63: Fuel & Lubricants – General | C63: =SUM(C64:C66) -> 0 | D63: =SUM(D64:D66) -> 0 | E63: =SUM(E64:E66) -> 0
A64: 22020801 | B64: Motor Vehicle Fuel Cost
A65: 22020802 | B65: Other Transport Equipment Fuel Cost
A66: 22020803 | B66: Plant / Generator Fuel Cost
A67: 220209 | B67: Financial Charges – General | C67: =SUM(C68:C69) -> 0 | D67: =SUM(D68:D69) -> 0 | E67: =SUM(E68:E69) -> 0
A68: 22020901 | B68: Bank Charges
A69: 22020902 | B69: Insurance Premium
A70: 220210 | B70: Miscellaneous Expenses General | C70: =SUM(C71:C83) -> 5800000 | D70: =SUM(D71:D83) -> 2070000 | E70: =SUM(E71:E83) -> 3000000
A71: 22021001 | B71: Refreshment & Meals | C71: 5250000 | D71: 2070000 | E71: 2500000
A72: 22021002 | B72: Honorarium & Sitting Allowance | C72: 550000 | E72: 500000
A73: 22021003 | B73: Publicity & Advertisements
A74: 22021004 | B74: Medical Expenses-Local
A75: 22021006 | B75: Postages & Courier Services
A76: 22021007 | B76: Welfare Packages
A77: 22021008 | B77: Subscription To Professional Bodies
A78: 22021009 | B78: Sporting Activities
A79: 22021010 | B79: Direct Teaching & Laboratory Cost
A80: 22021014 | B80: Annual Budget Expenses & Administration
A81: 22021020 | B81: Election-Logistics Support
A82: 22021050 | B82: Medical Expenses-International
A83: 22021052 | B83: Special Days/Celebrations
A84: 2204 | B84: Grants And Contributions General | C84: =C85 -> 0 | D84: =D85 -> 0 | E84: =E85 -> 0
A85: 220401 | B85: Local Grants And Contributions | C85: =SUM(C86:C87) -> 0 | D85: =SUM(D86:D87) -> 0 | E85: =SUM(E86:E87) -> 0
A86: 22040105 | B86: Grants To Government/Agencies
A87: 22040109 | B87: Grants To Communities/Ngos
A88: 2205 | B88: Subsidies General | C88: =C89 -> 0 | D88: =D89 -> 0 | E88: =E89 -> 0
A89: 220501 | B89: Subsidy To Public/Public Institutions | C89: =SUM(C90:C92) -> 0 | D89: =SUM(D90:D92) -> 0 | E89: =SUM(E90:E92) -> 0
A90: 22050105 | B90: Education Subsidy
A91: 22050108 | B91: Religious Pilgrimage Subsidy
A92: 22050110 | B92: Exams Fees Subsidy
A93: 2206 | B93: Public Debt Charges | C93: =C94+C96 -> 0 | D93: =D94+D96 -> 0 | E93: =E94+E96 -> 0
A94: 220603 | B94: Foreign Principal | C94: =C95 -> 0 | D94: =D95 -> 0 | E94: =E95 -> 0
A95: 22060301 | B95: Foreign Principal - Short Term Borrowings
A96: 220604 | B96: Domestic Principal | C96: =SUM(C97:C98) -> 0 | D96: =SUM(D97:D98) -> 0 | E96: =SUM(E97:E98) -> 0
A97: 22060401 | B97: Domestic Principal - Short Term Borrowings

Sheet COUNCIL PERSONNEL COST F.x
A2: KATSINA STATE MINISTRY FOR LOCAL GOVERNMENT AND CHIEFTANCY AFFAIRS F.x
A3: SAFANA LOCAL GOVERNMENT COUNCIL – THE COUNCIL PERSONNEL COST BUDGET
A4: ADMIN CODE: 011200300100
A6: Code | B6: DETAILS | C6: 2025 Revised Budget N | D6: 2025 Budget Performance N | E6: 2026 Proposed Budget N
A7: 21 | B7: Personnel Cost | C7: =C8+C13+C20 -> 63647257 | D7: =D8+D13+D20 -> 62927657 | E7: =E8+E13+E20 -> 55725305
A8: 2101 | B8: Salary | C8: =C9 -> 38261305 | D8: =D9 -> 38261305 | E8: =E9 -> 38261305
A9: 210101 | B9: Salaries And Wages | C9: =SUM(C10:C12) -> 38261305 | D9: =SUM(D10:D12) -> 38261305 | E9: =SUM(E10:E12) -> 38261305
A10: 21010101 | B10: Salary
A11: 21010102 | B11: Over Time Payments
A12: 21010103 | B12: Consolidated Revenue Fund Charge- Salaries | C12: 38261305 | D12: 38261305 | E12: 38261305
A13: 2102 | B13: Allowances And Social Contribution | C13: =C14+C18 -> 25385952 | D13: =D14+D18 -> 24666352 | E13: =E14+E18 -> 17464000
A14: 210201 | B14: Allowances | C14: =SUM(C15:C17) -> 25385952 | D14: =SUM(D15:D17) -> 24666352 | E14: =SUM(E15:E17) -> 17464000
A15: 21020104 | B15: Furniture Allowance | C15: 25385952 | D15: 24666352
A16: 21020108 | B16: Severance Allowance
A17: 21020109 | B17: Other Allowances/ Salary Arrears | E17: 17464000
A18: 210202 | B18: Social Contributions | C18: =SUM(C19) -> 0 | D18: =SUM(D19) -> 0 | E18: =SUM(E19) -> 0
A19: 21020207 | B19: Contribution By LGAs
A20: 210301 | B20: Social Benefits | C20: =SUM(C21:C23) -> 0 | D20: =SUM(D21:D23) -> 0 | E20: =SUM(E21:E23) -> 0
A21: 21030101 | B21: Gratuity
A22: 21030102 | B22: Pension
A23: 21030104 | B23: Other Benefits

Sheet COUNCIL OVERHEAD COST F.xi
A3: KATSINA STATE MINISTRY FOR LOCAL GOVERNMENT AND CHIEFTANCY AFFAIRS F.xi
A4: SAFANA LOCAL GOVERNMENT COUNCIL – THE COUNCIL OVERHEAD COST BUDGET
A5: ADMIN CODE: 011200300100
A6: Code | B6: DETAILS | C6: 2025 Revised Budget N | D6: 2025 Budget Performance N | E6: 2026 Proposed Budget N
A7: 2 | B7: Recurrent Costs | C7: =C8+C84+C88+C93 -> 21888000 | D7: =D8+D84+D88+D93 -> 17682000 | E7: =E8+E84+E88+E93 -> 33600000
A8: 2202 | B8: Overhead Cost | C8: =C9+C14+C22+C36+C45+C48+C54+C63+C67+C70 -> 19038000 | D8: =D9+D14+D22+D36+D45+D48+D54+D63+D67+D70 -> 15932000 | E8: =E9+E14+E22+E36+E45+E48+E54+E63+E67+E70 -> 31100000
A9: 220201 | B9: Travel & Transport – General | C9: =SUM(C10:C13) -> 6600000 | D9: =SUM(D10:D13) -> 6700000 | E9: =SUM(E10:E13) -> 7550000
A10: 22020101 | B10: Local Travel & Transport: Training
A11: 22020102 | B11: Local Travel & Transport: Others | C11: 6600000 | D11: 6700000 | E11: 7550000
A12: 22020103 | B12: International Travel & Transport: Training
A13: 22020104 | B13: International Travel & Transport: Others
A14: 220202 | B14: Utilities – General | C14: =SUM(C15:C21) -> 0 | D14: =SUM(D15:D21) -> 0 | E14: =SUM(E15:E21) -> 0
A15: 22020201 | B15: Electricity Charges
A16: 22020202 | B16: Telephone Charges
A17: 22020203 | B17: Internet Access Charges
A18: 22020204 | B18: Dstv Subscription Charges
A19: 22020205 | B19: Water Rates
A20: 22020206 | B20: Sewage Charges
A21: 22020210 | B21: Software Charges/ Licence Renewal
A22: 220203 | B22: Materials & Supplies – General | C22: =SUM(C23:C35) -> 4950000 | D22: =SUM(D23:D35) -> 3900000 | E22: =SUM(E23:E35) -> 4950000
A23: 22020301 | B23: Office Stationaries And Consumables | C23: 4950000 | D23: 3900000 | E23: 4950000
A24: 22020302 | B24: Books
A25: 22020303 | B25: Newspapers
A26: 22020304 | B26: Magazines & Periodicals
A27: 22020305 | B27: Printing Of Non-Security Documents
A28: 22020306 | B28: Printing Of Security Documents
A29: 22020307 | B29: Drugs/Laboratory/Medical Supplies
A30: 22020308 | B30: Field & Camping Materials Supplies
A31: 22020309 | B31: Uniforms/Robes & Other Clothing
A32: 22020310 | B32: Teaching Aids / Instruction Materials
A33: 22020311 | B33: Food Stuff / Catering Materials Supplies
A34: 22020312 | B34: Production, Of Financial Statements
A35: 22020313 | B35: Production Of Annual Reports To Public
A36: 220204 | B36: Maintenance Services – General | C36: =SUM(C37:C44) -> 2238000 | D36: =SUM(D37:D44) -> 1532000 | E36: =SUM(E37:E44) -> 2150000
A37: 22020401 | B37: Maintenance Of Motor Vehicle/ Equipment | C37: 1632000 | D37: 1132000 | E37: 1500000
A38: 22020402 | B38: Maintenance Of Office Furniture | C38: 606000 | D38: 400000 | E38: 650000
A39: 22020403 | B39: Maintenance Of Buildings
A40: 22020404 | B40: Maintenance Of Office / It Equipment
A41: 22020405 | B41: Maintenance Of Plants/Generators
A42: 22020406 | B42: Other Maintenance Services
A43: 22020410 | B43: Maintenance Of Street Lightings
A44: 22020411 | B44: Maintenance Of Communication Equipment
A45: 220205 | B45: Training – General | C45: =SUM(C46:C47) -> 0 | D45: =SUM(D46:D47) -> 0 | E45: =SUM(E46:E47) -> 0
A46: 22020501 | B46: Local Training
A47: 22020502 | B47: International Training
A48: 220206 | B48: Other Services – General | C48: =SUM(C49:C53) -> 0 | D48: =SUM(D49:D53) -> 0 | E48: =SUM(E49:E53) -> 0
A49: 22020601 | B49: Security Services
A50: 22020602 | B50: Office Rent
A51: 22020603 | B51: Residential Rent
A52: 22020604 | B52: Security Vote (Including Operations)
A53: 22020605 | B53: Cleaning & Fumigation Services
A54: 220207 | B54: Consulting & Professional Services | C54: =SUM(C55:C62) -> 0 | D54: =SUM(D55:D62) -> 0 | E54: =SUM(E55:E62) -> 0
A55: 22020701 | B55: Financial Consulting
A56: 22020702 | B56: Information Technology Consulting
A57: 22020703 | B57: Legal Services
A58: 22020707 | B58: Agricultural Consulting
A59: 22020708 | B59: Medical Consulting
A60: 22020709 | B60: Auditing Of Accounts
A61: 22020711 | B61: Media Relation Services
A62: 22020712 | B62: Other Consulting Services
A63: 220208 | B63: Fuel & Lubricants – General | C63: =SUM(C64:C66) -> 0 | D63: =SUM(D64:D66) -> 0 | E63: =SUM(E64:E66) -> 0
A64: 22020801 | B64: Motor Vehicle Fuel Cost
A65: 22020802 | B65: Other Transport Equipment Fuel Cost
A66: 22020803 | B66: Plant / Generator Fuel Cost
A67: 220209 | B67: Financial Charges – General | C67: =SUM(C68:C69) -> 0 | D67: =SUM(D68:D69) -> 0 | E67: =SUM(E68:E69) -> 0
A68: 22020901 | B68: Bank Charges
A69: 22020902 | B69: Insurance Premium
A70: 220210 | B70: Miscellaneous Expenses General | C70: =SUM(C71:C83) -> 5250000 | D70: =SUM(D71:D83) -> 3800000 | E70: =SUM(E71:E83) -> 16450000
A71: 22021001 | B71: Refreshment & Meals | C71: 5250000 | D71: 3800000 | E71: 4450000
A72: 22021002 | B72: Honorarium & Sitting Allowance | E72: 12000000
A73: 22021003 | B73: Publicity & Advertisements
A74: 22021004 | B74: Medical Expenses-Local
A75: 22021006 | B75: Postages & Courier Services
A76: 22021007 | B76: Welfare Packages
A77: 22021008 | B77: Subscription To Professional Bodies
A78: 22021009 | B78: Sporting Activities
A79: 22021010 | B79: Direct Teaching & Laboratory Cost
A80: 22021014 | B80: Annual Budget Expenses & Administration
A81: 22021020 | B81: Election-Logistics Support
A82: 22021050 | B82: Medical Expenses-International
A83: 22021052 | B83: Special Days/Celebrations
A84: 2204 | B84: Grants And Contributions General | C84: =C85 -> 0 | D84: =D85 -> 0 | E84: =E85 -> 0
A85: 220401 | B85: Local Grants And Contributions | C85: =SUM(C86:C87) -> 0 | D85: =SUM(D86:D87) -> 0 | E85: =SUM(E86:E87) -> 0
A86: 22040105 | B86: Grants To Government/Agencies
A87: 22040109 | B87: Grants To Communities/Ngos
A88: 2205 | B88: Subsidies General | C88: =C89 -> 0 | D88: =D89 -> 0 | E88: =E89 -> 0
A89: 220501 | B89: Subsidy To Public/Public Institutions | C89: =SUM(C90:C92) -> 0 | D89: =SUM(D90:D92) -> 0 | E89: =SUM(E90:E92) -> 0
A90: 22050105 | B90: Education Subsidy
A91: 22050108 | B91: Religious Pilgrimage Subsidy
A92: 22050110 | B92: Exams Fees Subsidy
A93: 2206 | B93: Public Debt Charges | C93: =C94+C96 -> 2850000 | D93: =D94+D96 -> 1750000 | E93: =E94+E96 -> 2500000
A94: 220603 | B94: Foreign Principal | C94: =C95 -> 0 | D94: =D95 -> 0 | E94: =E95 -> 0
A95: 22060301 | B95: Foreign Principal - Short Term Borrowings
A96: 220604 | B96: Domestic Principal | C96: =SUM(C97:C98) -> 2850000 | D96: =SUM(D97:D98) -> 1750000 | E96: =SUM(E97:E98) -> 2500000
A97: 22060401 | B97: Domestic Principal - Short Term Borrowings
B98: Donation general | C98: 2850000 | D98: 1750000 | E98: 2500000

Sheet PMD PERSONNEL COST F.x
A2: KATSINA STATE MINISTRY FOR LOCAL GOVERNMENT AND CHIEFTANCY AFFAIRS F.x
A3: SAFANA LOCAL GOVERNMENT COUNCIL – PMD PERSONNEL COST BUDGET
A4: PERSONNEL MANAGEMENT DEPARTMENT - ADMIN CODE: 012500100100
A6: Code | B6: DETAILS | C6: 2025 Revised Budget N | D6: 2025 Budget Performance N | E6: 2026 Proposed Budget N
A7: 21 | B7: Personnel Cost | C7: =C8+C13+C20 -> 159692608 | D7: =D8+D13+D20 -> 151492608 | E7: =E8+E13+E20 -> 1.5459932e+08
A8: 2101 | B8: Salary | C8: =C9 -> 159692608 | D8: =D9 -> 151492608 | E8: =E9 -> 1.5459932e+08
A9: 210101 | B9: Salaries And Wages | C9: =SUM(C10:C12) -> 159692608 | D9: =SUM(D10:D12) -> 151492608 | E9: =SUM(E10:E12) -> 1.5459932e+08
A10: 21010101 | B10: Salary | C10: 159692608 | D10: 151492608 | E10: 1.5459932e+08
A11: 21010102 | B11: Over Time Payments
A12: 21010103 | B12: Consolidated Revenue Fund Charge- Salaries
A13: 2102 | B13: Allowances And Social Contribution | C13: =C14+C18 -> 0 | D13: =D14+D18 -> 0 | E13: =E14+E18 -> 0
A14: 210201 | B14: Allowances | C14: =SUM(C15:C17) -> 0 | D14: =SUM(D15:D17) -> 0 | E14: =SUM(E15:E17) -> 0
A15: 21020104 | B15: Furniture Allowance
A16: 21020108 | B16: Severance Allowance
A17: 21020109 | B17: Other Allowances
A18: 210202 | B18: Social Contributions | C18: =SUM(C19) -> 0 | D18: =SUM(D19) -> 0 | E18: =SUM(E19) -> 0
A19: 21020207 | B19: Contribution By LGAs
A20: 210301 | B20: Social Benefits | C20: =SUM(C21:C23) -> 0 | D20: =SUM(D21:D23) -> 0 | E20: =SUM(E21:E23) -> 0
A21: 21030101 | B21: Gratuity
A22: 21030102 | B22: Pension
A23: 21030104 | B23: Other Benefits

Sheet PMD OVERHEAD COST F.xi
A3: KATSINA STATE MINISTRY FOR LOCAL GOVERNMENT AND CHIEFTANCY AFFAIRS F.xi
A4: SAFANA LOCAL GOVERNMENT COUNCIL – PMD OVERHEAD COST BUDGET
A5: PERSONNEL MANAGEMENT DEPARTMENT - ADMIN CODE: 012500100100
A6: Code | B6: DETAILS | C6: 2025 Revised Budget N | D6: 2025 Budget Performance N | E6: 2026 Proposed Budget N
A7: 2 | B7: Recurrent Costs | C7: =C8+C84+C88+C93 -> 170797100 | D7: =D8+D84+D88+D93 -> 87371169 | E7: =E8+E84+E88+E93 -> 130385155
A8: 2202 | B8: Overhead Cost | C8: =C9+C14+C22+C36+C45+C48+C54+C63+C67+C70 -> 170797100 | D8: =D9+D14+D22+D36+D45+D48+D54+D63+D67+D70 -> 87371169 | E8: =E9+E14+E22+E36+E45+E48+E54+E63+E67+E70 -> 130385155
A9: 220201 | B9: Travel & Transport – General | C9: =SUM(C10:C13) -> 2035000 | D9: =SUM(D10:D13) -> 1743000 | E9: =SUM(E10:E13) -> 3200000
A10: 22020101 | B10: Local Travel & Transport: Training | C10: 2035000 | D10: 1743000 | E10: 3200000
A11: 22020102 | B11: Local Travel & Transport: Others
A12: 22020103 | B12: International Travel & Transport: Training
A13: 22020104 | B13: International Travel & Transport: Others
A14: 220202 | B14: Utilities – General | C14: =SUM(C15:C21) -> 0 | D14: =SUM(D15:D21) -> 0 | E14: =SUM(E15:E21) -> 3700000
A15: 22020201 | B15: Electricity Charges
A16: 22020202 | B16: Telephone Charges
A17: 22020203 | B17: Internet Access Charges | E17: 2500000
A18: 22020204 | B18: Dstv Subscription Charges | E18: 1200000
A19: 22020205 | B19: Water Rates
A20: 22020206 | B20: Sewage Charges
A21: 22020210 | B21: Software Charges/ Licence Renewal
A22: 220203 | B22: Materials & Supplies – General | C22: =SUM(C23:C35) -> 1650000 | D22: =SUM(D23:D35) -> 801800 | E22: =SUM(E23:E35) -> 1650000
A23: 22020301 | B23: Office Stationaries And Consumables | C23: 1650000 | D23: 801800 | E23: 1650000
A24: 22020302 | B24: Books
A25: 22020303 | B25: Newspapers
A26: 22020304 | B26: Magazines & Periodicals
A27: 22020305 | B27: Printing Of Non-Security Documents
A28: 22020306 | B28: Printing Of Security Documents
A29: 22020307 | B29: Drugs/Laboratory/Medical Supplies
A30: 22020308 | B30: Field & Camping Materials Supplies
A31: 22020309 | B31: Uniforms/Robes & Other Clothing
A32: 22020310 | B32: Teaching Aids / Instruction Materials
A33: 22020311 | B33: Food Stuff / Catering Materials Supplies
A34: 22020312 | B34: Production, Of Financial Statements
A35: 22020313 | B35: Production Of Annual Reports To Public
A36: 220204 | B36: Maintenance Services – General | C36: =SUM(C37:C44) -> 9654700 | D36: =SUM(D37:D44) -> 5985500 | E36: =SUM(E37:E44) -> 9524700
A37: 22020401 | B37: Maintenance Of Motor Vehicle/ Equipment | C37: 6904700 | D37: 4200000 | E37: 6904700
A38: 22020402 | B38: Maintenance Of Office Furniture | C38: 1650000 | D38: 1570000 | E38: 2120000
A39: 22020403 | B39: Maintenance Of Buildings
A40: 22020404 | B40: Maintenance Of Office / It Equipment
A41: 22020405 | B41: Maintenance Of Plants/Generators
A42: 22020406 | B42: Other Maintenance Services | C42: 1100000 | D42: 215500 | E42: 500000
A43: 22020410 | B43: Maintenance Of Street Lightings
A44: 22020411 | B44: Maintenance Of Communication Equipment
A45: 220205 | B45: Training – General | C45: =SUM(C46:C47) -> 100000000 | D45: =SUM(D46:D47) -> 51868538 | E45: =SUM(E46:E47) -> 64500000
A46: 22020501 | B46: Local Training | C46: 100000000 | D46: 51868538 | E46: 64500000
A47: 22020502 | B47: International Training
A48: 220206 | B48: Other Services – General | C48: =SUM(C49:C53) -> 1320000 | D48: =SUM(D49:D53) -> 0 | E48: =SUM(E49:E53) -> 1320000
A49: 22020601 | B49: Security Services
A50: 22020602 | B50: Office Rent
A51: 22020603 | B51: Residential Rent | C51: 1320000 | E51: 1320000
A52: 22020604 | B52: Security Vote (Including Operations)
A53: 22020605 | B53: Cleaning & Fumigation Services
A54: 220207 | B54: Consulting & Professional Services | C54: =SUM(C55:C62) -> 1210000 | D54: =SUM(D55:D62) -> 45808.82 | E54: =SUM(E55:E62) -> 1210000
A55: 22020701 | B55: Financial Consulting
A56: 22020702 | B56: Information Technology Consulting
A57: 22020703 | B57: Legal Services | C57: 1210000 | D57: 45808.82 | E57: 1210000
A58: 22020707 | B58: Agricultural Consulting
A59: 22020708 | B59: Medical Consulting
A60: 22020709 | B60: Auditing Of Accounts
A61: 22020711 | B61: Media Relation Services
A62: 22020712 | B62: Other Consulting Services
A63: 220208 | B63: Fuel & Lubricants – General | C63: =SUM(C64:C66) -> 8057500 | D63: =SUM(D64:D66) -> 2165000 | E63: =SUM(E64:E66) -> 4840000
A64: 22020801 | B64: Motor Vehicle Fuel Cost | C64: 5307500 | D64: 2165000 | E64: 2800000
A65: 22020802 | B65: Other Transport Equipment Fuel Cost | C65: 1650000 | E65: 1100000
A66: 22020803 | B66: Plant / Generator Fuel Cost | C66: 1100000 | E66: 940000
A67: 220209 | B67: Financial Charges – General | C67: =SUM(C68:C69) -> 0 | D67: =SUM(D68:D69) -> 0 | E67: =SUM(E68:E69) -> 0
A68: 22020901 | B68: Bank Charges
A69: 22020902 | B69: Insurance Premium
A70: 220210 | B70: Miscellaneous Expenses General | C70: =SUM(C71:C83) -> 46869900 | D70: =SUM(D71:D83) -> 24761522 | E70: =SUM(E71:E83) -> 40440455
A71: 22021001 | B71: Refreshment & Meals | C71: 4519900 | D71: 991000 | E71: 4519900
A72: 22021002 | B72: Honorarium & Sitting Allowance | C72: 4400000 | D72: 4200000 | E72: 4500000
A73: 22021003 | B73: Publicity & Advertisements
A74: 22021004 | B74: Medical Expenses-Local
A75: 22021006 | B75: Postages & Courier Services
A76: 22021007 | B76: Welfare Packages | C76: 4950000 | D76: 4481000 | E76: 5000000
A77: 22021008 | B77: Subscription To Professional Bodies
A78: 22021009 | B78: Sporting Activities
A79: 22021010 | B79: Direct Teaching & Laboratory Cost
A80: 22021014 | B80: Annual Budget Expenses & Administration | E80: 5000000
A81: 22021020 | B81: Election-Logistics Support | C81: 33000000 | D81: 15089522 | E81: 21420555
A82: 22021050 | B82: Medical Expenses-International
A83: 22021052 | B83: Special Days/Celebrations
A84: 2204 | B84: Grants And Contributions General | C84: =C85 -> 0 | D84: =D85 -> 0 | E84: =E85 -> 0
A85: 220401 | B85: Local Grants And Contributions | C85: =SUM(C86:C87) -> 0 | D85: =SUM(D86:D87) -> 0 | E85: =SUM(E86:E87) -> 0
A86: 22040105 | B86: Grants To Government/Agencies
A87: 22040109 | B87: Grants To Communities/Ngos
A88: 2205 | B88: Subsidies General | C88: =C89 -> 0 | D88: =D89 -> 0 | E88: =E89 -> 0
A89: 220501 | B89: Subsidy To Public/Public Institutions | C89: =SUM(C90:C92) -> 0 | D89: =SUM(D90:D92) -> 0 | E89: =SUM(E90:E92) -> 0
A90: 22050105 | B90: Education Subsidy
A91: 22050108 | B91: Religious Pilgrimage Subsidy
A92: 22050110 | B92: Exams Fees Subsidy
A93: 2206 | B93: Public Debt Charges | C93: =C94+C96 -> 0 | D93: =D94+D96 -> 0 | E93: =E94+E96 -> 0
A94: 220603 | B94: Foreign Principal | C94: =C95 -> 0 | D94: =D95 -> 0 | E94: =E95 -> 0
A95: 22060301 | B95: Foreign Principal - Short Term Borrowings
A96: 220604 | B96: Domestic Principal | C96: =SUM(C97:C98) -> 0 | D96: =SUM(D97:D98) -> 0 | E96: =SUM(E97:E98) -> 0
A97: 22060401 | B97: Domestic Principal - Short Term Borrowings

Sheet PMD CAPITAL EXP F.xii
A1: KATSINA STATE MINISTRY FOR LOCAL GOVERNMENT AND CHIEFTANCY AFFAIRS F.xii
A2: SAFANA LOCAL GOVERNMENT COUNCIL – PMD CAPITAL EXPENDITURE
A3: PERSONNEL MANAGEMENT DEPARTMENT - ADMIN CODE: 012500100100
A5: Program Code | B5: Economic Code | C5: Details | D5: 2025 Revised Budget N | E5: 2025 Budget Performance N | F5: 2026 Proposed Budget N
A6: 13250000000000 | B6: 3 | C6: Assets (Capital Expenditure) | D6: =D7+D21+D32+D38+D44+D53+D60+D72+D79+D85 -> 8.487496e+08 | E6: =E7+E21+E32+E38+E44+E53+E60+E72+E79+E85 -> 595191800 | F6: =F7+F21+F32+F38+F44+F53+F60+F72+F79+F85 -> 5.3069055e+08
B7: 32010100 | C7: Land & Building – General | D7: =SUM(D8:D20) -> 136000000 | E7: =SUM(E8:E20) -> 36086000 | F7: =SUM(F8:F20) -> 180000000
A8: 13250000000001 | B8: 32010101 | C8: Land And Buildings - Office
A9: 13250000000002 | B9: 32010101 | C9: Renovation of LG Sectariat Safana | D9: 96000000 | E9: 11356000 | F9: 95000000
C10: Construction of Council office Safana | F10: 40000000
A11: 13250000000003 | B11: 32010102 | C11: Construction of Market Stall | D11: 10000000 | F11: 15000000
C12: Illela
C13: Baure
C14: Zakka
A15: 13250000000004 | B15: 32010103 | C15: Rehabilitation of Building | D15: 30000000 | E15: 24730000 | F15: 30000000
C16: Safana
B21: 32010200 | C21: Infrastructure – General | D21: =SUM(D22:D31) -> 0 | E21: =SUM(E22:E31) -> 0 | F21: =SUM(F22:F31) -> 0
A22: 13250000000005 | B22: 32010202 | C22: Roads And Drainages
B32: 320103 | C32: Plant & Machinery – General | D32: =SUM(D33:D37) -> 0 | E32: =SUM(E33:E37) -> 0 | F32: =SUM(F33:F37) -> 0
A33: 13250000000006 | B33: 32010301 | C33: Earthmoving Equipment – Tractors
B38: 32010400 | C38: Fixed Assets – General | D38: =SUM(D39:D43) -> 7.060996e+08 | E38: =SUM(E39:E43) -> 553304000 | F38: =SUM(F39:F43) -> 3.1819055e+08
A39: 13250000000007 | B39: 32010405 | C39: Motor Vehicles | D39: 6.053996e+08 | E39: 457604000 | F39: 3.0319055e+08
A40: 13250000000008 | B40: 32010406 | C40: Tricycles
A41: 13250000000009 | B41: 32010407 | C41: Motor Cycles | D41: 100700000 | E41: 95700000 | F41: 15000000
A42: 13250000000010 | B42: 32010408 | C42: Bicycles
B44: 320105 | C44: Office Equipment – General | D44: =SUM(D45:D52) -> 1650000 | E44: =SUM(E45:E52) -> 801800 | F44: =SUM(F45:F52) -> 2500000
A45: 13250000000011 | B45: 32010501 | C45: Computers | D45: 1650000 | E45: 801800 | F45: 2500000
B53: 320106 | C53: Furniture & Fittings – General | D53: =SUM(D54:D59) -> 5000000 | E53: =SUM(E54:E59) -> 5000000 | F53: =SUM(F54:F59) -> 30000000
A54: 13250000000012 | B54: 32010601 | C54: Chairs
A55: 13250000000013 | B55: 32010602 | C55: Tables
A56: 13250000000014 | B56: 32010603 | C56: Purchase of Office Furniture | D56: 5000000 | E56: 5000000 | F56: 30000000
B60: 320109 | C60: Other Specialised Assets-Gen | D60: =SUM(D61:D71) -> 0 | E60: =SUM(E61:E71) -> 0 | F60: =SUM(F61:F71) -> 0
A61: 13250000000015 | B61: 32010903 | C61: Biological Assets/Livestock
A63: 13250000000016 | B63: 32010904 | C63: Laboratory/Medical Equipment
A65: 13250000000017 | B65: 32010935 | C65: Agricultural Equipment
A69: 13250000000018 | B69: 32010936 | C69: Educational Materials/Equipment
B72: 320201 | C72: Investment - Land & Building - Gen | D72: =SUM(D73:D78) -> 0 | E72: =SUM(E73:E78) -> 0 | F72: =SUM(F73:F78) -> 0
A73: 13250000000019 | B73: 32020101 | C73: Land & Buildings – Administrative
A75: 13250000000020 | B75: 32020102 | C75: Land & Buildings – Residential
A77: 13250000000021 | B77: 32020104 | C77: Other Investment Property
B79: 320301 | C79: Intangible Assets | D79: =SUM(D80:D84) -> 0 | E79: =SUM(E80:E84) -> 0 | F79: =SUM(F80:F84) -> 0
A80: 13250000000022 | B80: 32030101 | C80: Goodwill (Acquired)
A81: 13250000000023 | B81: 32030109 | C81: Research & Development
A82: 13250000000024 | B82: 32030110 | C82: Trade fair and Exhibitions
B85: 32011000 | C85: Asset Under Construction | D85: =SUM(D86:D87) -> 0 | E85: =SUM(E86:E87) -> 0 | F85: =SUM(F86:F87) -> 0
A86: 13250000000025

Sheet AGRIC PERSONNEL COST F.x
A2: KATSINA STATE MINISTRY FOR LOCAL GOVERNMENT AND CHIEFTANCY AFFAIRS F.x
A3: SAFANA LOCAL GOVERNMENT COUNCIL – AGRIC PERSONNEL COST BUDGET
A4: AGRICULTURE AND NATURAL RESOURCES DEPARTMENT - ADMIN CODE: 021500100100
A6: Code | B6: DETAILS | C6: 2025 Revised Budget N | D6: 2025 Budget Performance N | E6: 2026 Proposed Budget N
A7: 21 | B7: Personnel Cost | C7: =C8+C13+C20 -> 142527380 | D7: =D8+D13+D20 -> 138512380 | E7: =E8+E13+E20 -> 145984019
A8: 2101 | B8: Salary | C8: =C9 -> 142527380 | D8: =D9 -> 138512380 | E8: =E9 -> 145984019
A9: 210101 | B9: Salaries And Wages | C9: =SUM(C10:C12) -> 142527380 | D9: =SUM(D10:D12) -> 138512380 | E9: =SUM(E10:E12) -> 145984019
A10: 21010101 | B10: Salary | C10: 142527380 | D10: 138512380 | E10: 145984019
A11: 21010102 | B11: Over Time Payments
A12: 21010103 | B12: Consolidated Revenue Fund Charge- Salaries
A13: 2102 | B13: Allowances And Social Contribution | C13: =C14+C18 -> 0 | D13: =D14+D18 -> 0 | E13: =E14+E18 -> 0
A14: 210201 | B14: Allowances | C14: =SUM(C15:C17) -> 0 | D14: =SUM(D15:D17) -> 0 | E14: =SUM(E15:E17) -> 0
A15: 21020104 | B15: Furniture Allowance
A16: 21020108 | B16: Severance Allowance
A17: 21020109 | B17: Other Allowances
A18: 210202 | B18: Social Contributions | C18: =SUM(C19) -> 0 | D18: =SUM(D19) -> 0 | E18: =SUM(E19) -> 0
A19: 21020207 | B19: Contribution By LGAs
A20: 210301 | B20: Social Benefits | C20: =SUM(C21:C23) -> 0 | D20: =SUM(D21:D23) -> 0 | E20: =SUM(E21:E23) -> 0
A21: 21030101 | B21: Gratuity
A22: 21030102 | B22: Pension
A23: 21030104 | B23: Other Benefits

Sheet AGRIC OVERHEAD COST F.xi
A3: KATSINA STATE MINISTRY FOR LOCAL GOVERNMENT AND CHIEFTANCY AFFAIRS F.xi
A4: SAFANA LOCAL GOVERNMENT COUNCIL – AGRIC OVERHEAD COST BUDGET
A5: AGRICULTURE AND NATURAL RESOURCES DEPARTMENT - ADMIN CODE: 021500100100
A6: Code | B6: DETAILS | C6: 2025 Revised Budget N | D6: 2025 Budget Performance N | E6: 2026 Proposed Budget N
A7: 2 | B7: Recurrent Costs | C7: =C8+C84+C88+C93 -> 184045040 | D7: =D8+D84+D88+D93 -> 87521676 | E7: =E8+E84+E88+E93 -> 255736040
A8: 2202 | B8: Overhead Cost | C8: =C9+C14+C22+C36+C45+C48+C54+C63+C67+C70 -> 184045040 | D8: =D9+D14+D22+D36+D45+D48+D54+D63+D67+D70 -> 87521676 | E8: =E9+E14+E22+E36+E45+E48+E54+E63+E67+E70 -> 255736040
A9: 220201 | B9: Travel & Transport – General | C9: =SUM(C10:C13) -> 1650000 | D9: =SUM(D10:D13) -> 400000 | E9: =SUM(E10:E13) -> 1450000
A10: 22020101 | B10: Local Travel & Transport: Training
A11: 22020102 | B11: Local Travel & Transport: Others | C11: 1650000 | D11: 400000 | E11: 1450000
A12: 22020103 | B12: International Travel & Transport: Training
A13: 22020104 | B13: International Travel & Transport: Others
A14: 220202 | B14: Utilities – General | C14: =SUM(C15:C21) -> 0 | D14: =SUM(D15:D21) -> 0 | E14: =SUM(E15:E21) -> 0
A15: 22020201 | B15: Electricity Charges
A16: 22020202 | B16: Telephone Charges
A17: 22020203 | B17: Internet Access Charges
A18: 22020204 | B18: Dstv Subscription Charges
A19: 22020205 | B19: Water Rates
A20: 22020206 | B20: Sewage Charges
A21: 22020210 | B21: Software Charges/ Licence Renewal
A22: 220203 | B22: Materials & Supplies – General | C22: =SUM(C23:C35) -> 172975040 | D22: =SUM(D23:D35) -> 80711176 | E22: =SUM(E23:E35) -> 245886040
A23: 22020301 | B23: Office Stationaries And Consumables | C23: 220000 | D23: 200000 | E23: 220000
A24: 22020302 | B24: Books
A25: 22020303 | B25: Newspapers
A26: 22020304 | B26: Magazines & Periodicals
A27: 22020305 | B27: Printing Of Non-Security Documents
A28: 22020306 | B28: Printing Of Security Documents
A29: 22020307 | B29: Drugs/Laboratory/Medical Supplies | C29: 27100000 | D29: 10950000 | E29: 42100000
A30: 22020308 | B30: Field & Camping Materials Supplies
A31: 22020309 | B31: Uniforms/Robes & Other Clothing
A32: 22020310 | B32: Teaching Aids / Instruction Materials
A33: 22020311 | B33: Food Stuff / Catering Materials Supplies | C33: 145655040 | D33: 69561176 | E33: 203566040
A34: 22020312 | B34: Production, Of Financial Statements
A35: 22020313 | B35: Production Of Annual Reports To Public
A36: 220204 | B36: Maintenance Services – General | C36: =SUM(C37:C44) -> 0 | D36: =SUM(D37:D44) -> 0 | E36: =SUM(E37:E44) -> 0
A37: 22020401 | B37: Maintenance Of Motor Vehicle/ Equipment
A38: 22020402 | B38: Maintenance Of Office Furniture
A39: 22020403 | B39: Maintenance Of Buildings
A40: 22020404 | B40: Maintenance Of Office / It Equipment
A41: 22020405 | B41: Maintenance Of Plants/Generators
A42: 22020406 | B42: Other Maintenance Services
A43: 22020410 | B43: Maintenance Of Street Lightings
A44: 22020411 | B44: Maintenance Of Communication Equipment
A45: 220205 | B45: Training – General | C45: =SUM(C46:C47) -> 220000 | D45: =SUM(D46:D47) -> 210000 | E45: =SUM(E46:E47) -> 500000
A46: 22020501 | B46: Local Training | C46: 220000 | D46: 210000 | E46: 500000
A47: 22020502 | B47: International Training
A48: 220206 | B48: Other Services – General | C48: =SUM(C49:C53) -> 0 | D48: =SUM(D49:D53) -> 0 | E48: =SUM(E49:E53) -> 0
A49: 22020601 | B49: Security Services
A50: 22020602 | B50: Office Rent
A51: 22020603 | B51: Residential Rent
A52: 22020604 | B52: Security Vote (Including Operations)
A53: 22020605 | B53: Cleaning & Fumigation Services
A54: 220207 | B54: Consulting & Professional Services | C54: =SUM(C55:C62) -> 0 | D54: =SUM(D55:D62) -> 0 | E54: =SUM(E55:E62) -> 0
A55: 22020701 | B55: Financial Consulting
A56: 22020702 | B56: Information Technology Consulting
A57: 22020703 | B57: Legal Services
A58: 22020707 | B58: Agricultural Consulting
A59: 22020708 | B59: Medical Consulting
A60: 22020709 | B60: Auditing Of Accounts
A61: 22020711 | B61: Media Relation Services
A62: 22020712 | B62: Other Consulting Services
A63: 220208 | B63: Fuel & Lubricants – General | C63: =SUM(C64:C66) -> 0 | D63: =SUM(D64:D66) -> 0 | E63: =SUM(E64:E66) -> 0
A64: 22020801 | B64: Motor Vehicle Fuel Cost
A65: 22020802 | B65: Other Transport Equipment Fuel Cost
A66: 22020803 | B66: Plant / Generator Fuel Cost
A67: 220209 | B67: Financial Charges – General | C67: =SUM(C68:C69) -> 0 | D67: =SUM(D68:D69) -> 0 | E67: =SUM(E68:E69) -> 0
A68: 22020901 | B68: Bank Charges
A69: 22020902 | B69: Insurance Premium
A70: 220210 | B70: Miscellaneous Expenses General | C70: =SUM(C71:C83) -> 9200000 | D70: =SUM(D71:D83) -> 6200500 | E70: =SUM(E71:E83) -> 7900000
A71: 22021001 | B71: Refreshment & Meals | C71: 2100000 | D71: 1050000 | E71: 1150000
A72: 22021002 | B72: Honorarium & Sitting Allowance | C72: 1100000 | D72: 500000 | E72: 750000
A73: 22021003 | B73: Publicity & Advertisements
A74: 22021004 | B74: Medical Expenses-Local
A75: 22021006 | B75: Postages & Courier Services
A76: 22021007 | B76: Welfare Packages | C76: 6000000 | D76: 4650500 | E76: 6000000
A77: 22021008 | B77: Subscription To Professional Bodies
A78: 22021009 | B78: Sporting Activities
A79: 22021010 | B79: Direct Teaching & Laboratory Cost
A80: 22021014 | B80: Annual Budget Expenses & Administration
A81: 22021020 | B81: Election-Logistics Support
A82: 22021050 | B82: Medical Expenses-International
A83: 22021052 | B83: Special Days/Celebrations
A84: 2204 | B84: Grants And Contributions General | C84: =C85 -> 0 | D84: =D85 -> 0 | E84: =E85 -> 0
A85: 220401 | B85: Local Grants And Contributions | C85: =SUM(C86:C87) -> 0 | D85: =SUM(D86:D87) -> 0 | E85: =SUM(E86:E87) -> 0
A86: 22040105 | B86: Grants To Government/Agencies
A87: 22040109 | B87: Grants To Communities/Ngos
A88: 2205 | B88: Subsidies General | C88: =C89 -> 0 | D88: =D89 -> 0 | E88: =E89 -> 0
A89: 220501 | B89: Subsidy To Public/Public Institutions | C89: =SUM(C90:C92) -> 0 | D89: =SUM(D90:D92) -> 0 | E89: =SUM(E90:E92) -> 0
A90: 22050105 | B90: Education Subsidy
A91: 22050108 | B91: Religious Pilgrimage Subsidy
A92: 22050110 | B92: Exams Fees Subsidy
A93: 2206 | B93: Public Debt Charges | C93: =C94+C96 -> 0 | D93: =D94+D96 -> 0 | E93: =E94+E96 -> 0
A94: 220603 | B94: Foreign Principal | C94: =C95 -> 0 | D94: =D95 -> 0 | E94: =E95 -> 0
A95: 22060301 | B95: Foreign Principal - Short Term Borrowings
A96: 220604 | B96: Domestic Principal | C96: =SUM(C97:C98) -> 0 | D96: =SUM(D97:D98) -> 0 | E96: =SUM(E97:E98) -> 0
A97: 22060401 | B97: Domestic Principal - Short Term Borrowings

Sheet AGRIC CAPITAL EXP F.xii
A1: KATSINA STATE MINISTRY FOR LOCAL GOVERNMENT AND CHIEFTANCY AFFAIRS F.xii
A2: SAFANA LOCAL GOVERNMENT COUNCIL – AGRIC CAPITAL EXPENDITURE
A3: AGRICULTURE AND NATURAL RESOURCES DEPARTMENT - ADMIN CODE: 021500100100
A5: Program Code | B5: Economic Code | C5: Details | D5: 2025 Revised Budget N | E5: 2025 Budget Performance N | F5: 2026 Proposed Budget N
A6: 01150000000000 | B6: 3 | C6: Assets (Capital Expenditure) | D6: =D7+D16+D27+D33+D39+D48+D55+D67+D74+D80 -> 977000000 | E6: =E7+E16+E27+E33+E39+E48+E55+E67+E74+E80 -> 4.410847e+08 | F6: =F7+F16+F27+F33+F39+F48+F55+F67+F74+F80 -> 388200000
B7: 32010100 | C7: Land & Building – General | D7: =SUM(D8:D15) -> 5000000 | E7: =SUM(E8:E15) -> 0 | F7: =SUM(F8:F15) -> 5000000
A8: 1150000000001 | B8: 32010101 | C8: Land And Buildings - Office
A9: 1150000000002 | B9: 32010102 | C9: Construction/ Renovation of Slaughter Slap | D9: 5000000 | F9: 5000000
C10: Runka
C11: Zakka
C12: Tsaskiya
B16: 32010200 | C16: Infrastructure – General | D16: =SUM(D17:D26) -> 0 | E16: =SUM(E17:E26) -> 0 | F16: =SUM(F17:F26) -> 0
A17: 1150000000002 | B17: 32010202 | C17: Roads And Drainages
B27: 320103 | C27: Plant & Machinery – General | D27: =SUM(D28:D32) -> 320000000 | E27: =SUM(E28:E32) -> 157192352 | F27: =SUM(F28:F32) -> 50000000
A28: 1150000000003 | B28: 32010301 | C28: Earthmoving Equipment | D28: 320000000 | E28: 157192352 | F28: 50000000
B33: 32010400 | C33: Fixed Assets – General | D33: =SUM(D34:D38) -> 0 | E33: =SUM(E34:E38) -> 0 | F33: =SUM(F34:F38) -> 0
A34: 1150000000004 | B34: 32010405 | C34: Motor Vehicles
A35: 1150000000005 | B35: 32010406 | C35: Tricycles
A36: 1150000000006 | B36: 32010407 | C36: Motor Cycles
A37: 1150000000007 | B37: 32010408 | C37: Bicycles
B39: 320105 | C39: Office Equipment – General | D39: =SUM(D40:D47) -> 0 | E39: =SUM(E40:E47) -> 0 | F39: =SUM(F40:F47) -> 0
A40: 1150000000008 | B40: 32010501 | C40: Computers
B48: 320106 | C48: Furniture & Fittings – General | D48: =SUM(D49:D54) -> 0 | E48: =SUM(E49:E54) -> 0 | F48: =SUM(F49:F54) -> 0
A49: 1150000000009 | B49: 32010601 | C49: Chairs
A50: 1150000000010 | B50: 32010602 | C50: Tables
B55: 320109 | C55: Other Specialised Assets-Gen | D55: =SUM(D56:D66) -> 651000000 | E55: =SUM(E56:E66) -> 2.8319235e+08 | F55: =SUM(F56:F66) -> 332000000
A56: 1150000000011 | B56: 32010903 | C56: Biological Assets/Livestock
A57: 1150000000012 | B57: 31010903 | C57: Purchase of Fertilizer | D57: 550000000 | E57: 2.8319235e+08 | F57: 300000000
A58: 1150000000013 | B58: 32010904 | C58: Laboratory/Medical Equipment
A60: 1150000000014 | B60: 32010935 | C60: Agricultural Equipment
B61: 32010935 | C61: Irrigation Service | D61: 100000000 | F61: 30000000
B62: 32010936 | C62: Economic Trees | D62: 1000000 | F62: 2000000
A64: 1150000000015 | B64: 32010937 | C64: Educational Materials/Equipment
B67: 320201 | C67: Investment - Land & Building - Gen | D67: =SUM(D68:D73) -> 0 | E67: =SUM(E68:E73) -> 0 | F67: =SUM(F68:F73) -> 0
A68: 1150000000016 | B68: 32020101 | C68: Land & Buildings – Administrative
A70: 1150000000017 | B70: 32020102 | C70: Land & Buildings – Residential
A72: 1150000000018 | B72: 32020104 | C72: Other Investment Property
B74: 320301 | C74: Intangible Assets | D74: =SUM(D75:D79) -> 1000000 | E74: =SUM(E75:E79) -> 700000 | F74: =SUM(F75:F79) -> 1200000
A75: 1150000000019 | B75: 32030101 | C75: Goodwill (Acquired)
A76: 1150000000020 | B76: 32030109 | C76: Research & Development
A77: 1150000000021 | B77: 32030110 | C77: Trade fair and Exhibitions | D77: 1000000 | E77: 700000 | F77: 1200000
B80: 32011000 | C80: Asset Under Construction | D80: =SUM(D81:D82) -> 0 | E80: =SUM(E81:E82) -> 0 | F80: =SUM(F81:F82) -> 0

Sheet FINANCE PERSONNEL COST F.x
A2: KATSINA STATE MINISTRY FOR LOCAL GOVERNMENT AND CHIEFTANCY AFFAIRS F.x
A3: SAFANA LOCAL GOVERNMENT COUNCIL – FINANCE PERSONNEL COST BUDGET
A4: FINANCE DEPARTMENT - ADMIN CODE: 022000100100
A6: Code | B6: DETAILS | C6: 2025 Revised Budget N | D6: 2025 Budget Performance N | E6: 2026 Proposed Budget N
A7: 21 | B7: Personnel Cost | C7: =C8+C13+C20 -> 516531617 | D7: =D8+D13+D20 -> 507279382 | E7: =E8+E13+E20 -> 9.9400024e+08
A8: 2101 | B8: Salary | C8: =C9 -> 88324853 | D8: =D9 -> 85539853 | E8: =E9 -> 92592978
A9: 210101 | B9: Salaries And Wages | C9: =SUM(C10:C12) -> 88324853 | D9: =SUM(D10:D12) -> 85539853 | E9: =SUM(E10:E12) -> 92592978
A10: 21010101 | B10: Salary | C10: 88324853 | D10: 85539853 | E10: 92592978
A11: 21010102 | B11: Over Time Payments
A12: 21010103 | B12: Consolidated Revenue Fund Charge- Salaries
A13: 2102 | B13: Allowances And Social Contribution | C13: =C14+C18 -> 0 | D13: =D14+D18 -> 0 | E13: =E14+E18 -> 0
A14: 210201 | B14: Allowances | C14: =SUM(C15:C17) -> 0 | D14: =SUM(D15:D17) -> 0 | E14: =SUM(E15:E17) -> 0
A15: 21020104 | B15: Furniture Allowance
A16: 21020108 | B16: Severance Allowance
A17: 21020109 | B17: Other Allowances
A18: 210202 | B18: Social Contributions | C18: =SUM(C19) -> 0 | D18: =SUM(D19) -> 0 | E18: =SUM(E19) -> 0
A19: 21020207 | B19: Contribution By LGAs
A20: 210301 | B20: Social Benefits | C20: =C21+C22+C27 -> 428206764 | D20: =D21+D22+D27 -> 421739529 | E20: =E21+E22+E27 -> 9.0140726e+08
A21: 21030101 | B21: Gratuity | C21: 20000000 | D21: 19898765 | E21: 350000000
A22: 21030102 | B22: Pension | C22: =SUM(C23:C26) -> 408206764 | D22: =SUM(D23:D26) -> 401840764 | E22: =SUM(E23:E26) -> 5.2826809e+08
A23: 21030102 | B23: Pension: Employer Contribution LGC | E23: 85000000
A24: 21030102 | B24: Pension: Employer Contribution LEA | E24: 74000000
A25: 21030102 | B25: Pension: Accrued Rights LGC/LEA | C25: 408206764 | D25: 401840764 | E25: 3.6926809e+08
A26: 21030102 | B26: Pension: Accrued Rights LEA
A27: 21030104 | B27: Other Benefits | C27: =SUM(C28:C33) -> 0 | D27: =SUM(D28:D33) -> 0 | E27: =SUM(E28:E33) -> 23139165
A28: 21030104 | B28: KATCHIMA LGC Contribution | E28: 9833083.6
A29: 21030104 | B29: KATCHIMA LGEA | E29: 9466081.2
A30: 21030104 | B30: Hisba Board Salary | E30: 3480000
A31: 21030104 | B31: Community Development Programe Staff Salary | E31: 360000

Sheet FINANCE OVERHEAD COST F.xi
A4: SAFANA LOCAL GOVERNMENT COUNCIL – FINANCE OVERHEAD COST BUDGET
A5: FINANCE DEPARTMENT - ADMIN CODE: 022000100100
A6: Code | B6: DETAILS | C6: 2025 Revised Budget N | D6: 2025 Budget Performance N | E6: 2026 Proposed Budget N
A7: 2 | B7: Recurrent Costs | C7: =C8+C85+C89+C94 -> 9.1645092e+08 | D7: =D8+D85+D89+D94 -> 7.752678e+08 | E7: =E8+E85+E89+E94 -> 7.8136192e+08
A8: 2202 | B8: Overhead Cost | C8: =C9+C14+C22+C36+C45+C48+C54+C63+C67+C70 -> 483331683 | D8: =D9+D14+D22+D36+D45+D48+D54+D63+D67+D70 -> 366672477 | E8: =E9+E14+E22+E36+E45+E48+E54+E63+E67+E70 -> 286425000
A9: 220201 | B9: Travel & Transport – General | C9: =SUM(C10:C13) -> 2200000 | D9: =SUM(D10:D13) -> 1200000 | E9: =SUM(E10:E13) -> 2200000
A10: 22020101 | B10: Local Travel & Transport: Training | F10: `
A11: 22020102 | B11: Local Travel & Transport: Others | C11: 2200000 | D11: 1200000 | E11: 2200000
A12: 22020103 | B12: International Travel & Transport: Training
A13: 22020104 | B13: International Travel & Transport: Others
A14: 220202 | B14: Utilities – General | C14: =SUM(C15:C21) -> 0 | D14: =SUM(D15:D21) -> 0 | E14: =SUM(E15:E21) -> 0
A15: 22020201
A16: 22020202
A17: 22020203 | B17: Internet Access Charges
A18: 22020204 | B18: Dstv Subscription Charges
A19: 22020205 | B19: Water Rates
A20: 22020206 | B20: Sewage Charges
A21: 22020210 | B21: Software Charges/ Licence Renewal
A22: 220203 | B22: Materials & Supplies – General | C22: =SUM(C23:C35) -> 4400000 | D22: =SUM(D23:D35) -> 4326678.8 | E22: =SUM(E23:E35) -> 4500000
A23: 22020301 | B23: Office Stationaries And Consumables | C23: 4400000 | D23: 4326678.8 | E23: 4500000
A24: 22020302 | B24: Books
A25: 22020303 | B25: Newspapers
A26: 22020304 | B26: Magazines & Periodicals
A27: 22020305 | B27: Printing Of Non-Security Documents
A28: 22020306 | B28: Printing Of Security Documents
A29: 22020307 | B29: Drugs/Laboratory/Medical Supplies
A30: 22020308 | B30: Field & Camping Materials Supplies
A31: 22020309 | B31: Uniforms/Robes & Other Clothing
A32: 22020310 | B32: Teaching Aids / Instruction Materials
A33: 22020311 | B33: Food Stuff / Catering Materials Supplies
A34: 22020312 | B34: Production, Of Financial Statements
A35: 22020313 | B35: Production Of Annual Reports To Public
A36: 220204 | B36: Maintenance Services – General | C36: =SUM(C37:C44) -> 10181683 | D36: =SUM(D37:D44) -> 7985527.9 | E36: =SUM(E37:E44) -> 9525000
A37: 22020401 | B37: Maintenance Of Motor Vehicle/ Equipment | C37: 8525000 | D37: 7985527.9 | E37: 8525000
A38: 22020402 | B38: Maintenance Of Office Furniture | C38: 1656683 | E38: 1000000
A39: 22020403 | B39: Maintenance Of Buildings
A40: 22020404 | B40: Maintenance Of Office / It Equipment
A41: 22020405 | B41: Maintenance Of Plants/Generators
A42: 22020406 | B42: Other Maintenance Services
A43: 22020410 | B43: Maintenance Of Street Lightings
A44: 22020411 | B44: Maintenance Of Communication Equipment
A45: 220205 | B45: Training – General | C45: =SUM(C46:C47) -> 0 | D45: =SUM(D46:D47) -> 0 | E45: =SUM(E46:E47) -> 500000
A46: 22020501 | B46: Local Training | E46: 500000
A47: 22020502 | B47: International Training
A48: 220206 | B48: Other Services – General | C48: =SUM(C49:C53) -> 0 | D48: =SUM(D49:D53) -> 0 | E48: =SUM(E49:E53) -> 0
A49: 22020601 | B49: Security Services
A50: 22020602 | B50: Office Rent
A51: 22020603 | B51: Residential Rent
A52: 22020604 | B52: Security Vote (Including Operations)
A53: 22020605 | B53: Cleaning & Fumigation Services
A54: 220207 | B54: Consulting & Professional Services | C54: =SUM(C55:C62) -> 0 | D54: =SUM(D55:D62) -> 0 | E54: =SUM(E55:E62) -> 0
A55: 22020701 | B55: Financial Consulting
A56: 22020702 | B56: Information Technology Consulting
A57: 22020703 | B57: Legal Services
A58: 22020707 | B58: Agricultural Consulting
A59: 22020708 | B59: Medical Consulting
A60: 22020709 | B60: Auditing Of Accounts
A61: 22020711 | B61: Media Relation Services
A62: 22020712 | B62: Other Consulting Services
A63: 220208 | B63: Fuel & Lubricants – General | C63: =SUM(C64:C66) -> 0 | D63: =SUM(D64:D66) -> 0 | E63: =SUM(E64:E66) -> 0
A64: 22020801 | B64: Motor Vehicle Fuel Cost
A65: 22020802 | B65: Other Transport Equipment Fuel Cost
A66: 22020803 | B66: Plant / Generator Fuel Cost
A67: 220209 | B67: Financial Charges – General | C67: =SUM(C68:C69) -> 1000000 | D67: =SUM(D68:D69) -> 54890.64 | E67: =SUM(E68:E69) -> 200000
A68: 22020901 | B68: Bank Charges | C68: 1000000 | D68: 54890.64 | E68: 200000
A69: 22020902 | B69: Insurance Premium
A70: 220210 | B70: Miscellaneous Expenses General | C70: =SUM(C71:C84) -> 465550000 | D70: =SUM(D71:D84) -> 3.5310538e+08 | E70: =SUM(E71:E84) -> 269500000
A71: 22021001 | B71: Refreshment & Meals | C71: 6500000 | D71: 6467274.5 | E71: 65000000
A72: 22021002 | B72: Honorarium & Sitting Allowance
A73: 22021003 | B73: Publicity & Advertisements
A74: 22021004 | B74: Medical Expenses-Local
A75: 22021006 | B75: Postages & Courier Services
A76: 22021007 | B76: Welfare Packages | C76: 6500000 | D76: 810000 | E76: 4500000
A77: 22021008 | B77: Subscription To Professional Bodies
A78: 22021009 | B78: Sporting Activities
A79: 22021010 | B79: Direct Teaching & Laboratory Cost
A80: 22021014 | B80: Annual Budget Expenses & Administration
A81: 22021020 | B81: Election-Logistics Support
A82: 22021050 | B82: Medical Expenses-International
A83: 22021042 | B83: Recurrent Adjustment | C83: 452550000 | D83: 3.4582811e+08 | E83: 200000000
A84: 22021052 | B84: Special Days/Celebrations
A85: 2204 | B85: Grants And Contributions General | C85: =C86 -> 4.3311924e+08 | D85: =D86 -> 4.0859532e+08 | E85: =E86 -> 4.9493692e+08
A86: 220401 | B86: Local Grants And Contributions | C86: =C87+C88 -> 4.3311924e+08 | D86: =D87+D88 -> 4.0859532e+08 | E86: =E87+E88 -> 4.9493692e+08
A87: 22040105 | B87: Grants To Government/Agencies | C87: =SUM(C108:C125) -> 2.8684254e+08 | D87: =SUM(D108:D125) -> 2.6467404e+08 | E87: =SUM(E108:E125) -> 3.1965722e+08
A88: 22040109 | B88: Donation General | C88: 146276699 | D88: 1.4392128e+08 | E88: 175279699
A89: 2205 | B89: Subsidies General | C89: =C90 -> 0 | D89: =D90 -> 0 | E89: =E90 -> 0
A90: 220501 | B90: Subsidy To Public/Public Institutions | C90: =SUM(C91:C93) -> 0 | D90: =SUM(D91:D93) -> 0 | E90: =SUM(E91:E93) -> 0
A91: 22050105 | B91: Education Subsidy
A92: 22050108 | B92: Religious Pilgrimage Subsidy
A93: 22050110 | B93: Exams Fees Subsidy
A94: 2206 | B94: Public Debt Charges | C94: =C95+C97 -> 0 | D94: =D95+D97 -> 0 | E94: =E95+E97 -> 0
A95: 220603 | B95: Foreign Principal | C95: =C96 -> 0 | D95: =D96 -> 0 | E95: =E96 -> 0
A96: 22060301 | B96: Foreign Principal - Short Term Borrowings
A97: 220604 | B97: Domestic Principal | C97: =SUM(C98:C99) -> 0 | D97: =SUM(D98:D99) -> 0 | E97: =SUM(E98:E99) -> 0
A98: 22060401 | B98: Domestic Principal - Short Term Borrowings
A104: KATSINA STATE MINISTRY FOR LOCAL GOVERNMENT AND CHIEFTANCY AFFAIRS
A105: SAFANA LOCAL GOVERNMENT COUNCIL – GRANTS AND CONTRIBUTIONS TO GOVERNMENT AGENCIES - 22040105
A106: FINANCE DEPARTMENT - ADMIN CODE: 022000100100
A107: Serial No | B107: DETAILS | C107: 2025 Revised Budget N | D107: 2025 Budget Performance N | E107: 2026 Proposed Budget N
A108: 01 | B108: Emirate Council | C108: 30671744 | D108: 22799744 | E108: 56292942
...

Sheet FINANCE CAPITAL EXP F.xii
A1: KATSINA STATE MINISTRY FOR LOCAL GOVERNMENT AND CHIEFTANCY AFFAIRS F.xii
A2: SAFANA LOCAL GOVERNMENT COUNCIL – FINANCE CAPITAL EXPENDITURE
A3: FINANCE DEPARTMENT - ADMIN CODE: 022000100100
A5: Program Code | B5: Economic Code | C5: Details | D5: 2025 Revised Budget N | E5: 2025 Budget Performance N | F5: 2026 Proposed Budget N
A6: 13200000000000 | B6: 3 | C6: Assets (Capital Expenditure) | D6: =D7+D11+D16+D22+D28+D37+D44+D56+D63+D69 -> 0 | E6: =E7+E11+E16+E22+E28+E37+E44+E56+E63+E69 -> 0 | F6: =F7+F11+F16+F22+F28+F37+F44+F56+F63+F69 -> 1.6894885e+09
B7: 32010100 | C7: Land & Building – General | D7: =SUM(D8:D10) -> 0 | E7: =SUM(E8:E10) -> 0 | F7: =SUM(F8:F10) -> 0
A8: 13200000000001 | B8: 32010101 | C8: Land And Buildings - Office
C9: Building of Chairman office
B11: 32010200 | C11: Infrastructure – General | D11: =SUM(D12:D14) -> 0 | E11: =SUM(E12:E14) -> 0 | F11: =SUM(F12:F14) -> 1.4894885e+09
A12: 13200000000002 | B12: 32010202 | C12: Roads And Drainages
A13: 13200000000003 | B13: 32010220 | C13: Capital Augmentation | F13: 400000000
A14: 13200000000004 | B14: 32010221 | C14: Joint/ Common Capital Project | D14: =SUM(D78:D98) -> 0 | E14: =SUM(E78:E98) -> 0 | F14: =SUM(F78:F98) -> 1.0894885e+09
B16: 320103 | C16: Plant & Machinery – General | D16: =SUM(D17:D21) -> 0 | E16: =SUM(E17:E21) -> 0 | F16: =SUM(F17:F21) -> 0
A17: 13200000000005 | B17: 32010301 | C17: Earthmoving Equipment – Tractors
B22: 32010400 | C22: Fixed Assets – General | D22: =SUM(D23:D27) -> 0 | E22: =SUM(E23:E27) -> 0 | F22: =SUM(F23:F27) -> 0
A23: 13200000000006 | B23: 32010405 | C23: Motor Vehicles
A24: 13200000000007 | B24: 32010406 | C24: Tricycles
A25: 13200000000008 | B25: 32010407 | C25: Motor Cycles
A26: 13200000000009 | B26: 32010408 | C26: Bicycles
B28: 320105 | C28: Office Equipment – General | D28: =SUM(D29:D36) -> 0 | E28: =SUM(E29:E36) -> 0 | F28: =SUM(F29:F36) -> 0
A29: 13200000000010 | B29: 32010501 | C29: Computers
B37: 320106 | C37: Furniture & Fittings – General | D37: =SUM(D38:D43) -> 0 | E37: =SUM(E38:E43) -> 0 | F37: =SUM(F38:F43) -> 0
A38: 13200000000011 | B38: 32010601 | C38: Chairs
A39: 13200000000012 | B39: 32010602 | C39: Tables
B44: 320109 | C44: Other Specialised Assets-Gen | D44: =SUM(D45:D55) -> 0 | E44: =SUM(E45:E55) -> 0 | F44: =SUM(F45:F55) -> 0
A45: 13200000000013 | B45: 32010903 | C45: Biological Assets/Livestock
A47: 13200000000014 | B47: 32010904 | C47: Laboratory/Medical Equipment
A49: 13200000000015 | B49: 32010935 | C49: Agricultural Equipment
A53: 13200000000016 | B53: 32010936 | C53: Educational Materials/Equipment
B56: 320201 | C56: Investment - Land & Building - Gen | D56: =SUM(D57:D62) -> 0 | E56: =SUM(E57:E62) -> 0 | F56: =SUM(F57:F62) -> 200000000
A57: 13200000000017 | B57: 32020101 | C57: Land & Buildings – | F57: 200000000
A59: 13200000000018 | B59: 32020102 | C59: Land & Buildings – Residential
A61: 13200000000019 | B61: 32020104 | C61: Other Investment Property
